Workbook
Name aa: '[2]1993'!$A$1:$IV$3,'[2]1993'!$A$1:$A$65536
Name AF: #REF!
Name AF: #REF!
Name AG: #REF!
Name AG: #REF!
Name dCPIb: [3]попер_роз!#REF!
Name dPPIb: [3]попер_роз!#REF!
Name EXPORT_EXCEL4: #REF!
Name EXPORT_EXCEL4: #REF!
Name fff: '[4]Opinion Indust.'!$A$8:$B$389
Name ikk: #REF!
Name insee: '[4]Opinion Indust.'!$A$8:$B$389
Name mkm: '[4]Opinion Indust.'!$A$8:$B$389
Name ytg: '[5]1993'!$A$1:$IV$3,'[5]1993'!$A$1:$A$65536
Name Заголовки_для_печати_МИ: '[6]1993'!$A$1:$IV$3,'[6]1993'!$A$1:$A$65536

Sheet NYITÓLAP
I2: KEDVEZŐ ÜZLETI HELYZET, TOVÁBBRA IS OPTIMISTA VÁRAKOZÁSOK
I3: A 2018. októberi vállalati konjunktúrafelvétel eredményei
A9: Az MKIK Gazdaság- és Vállalkozáskutató Intézet olyan nonprofit kutatóműhely, amely elsősorban alkalmazott közgazdasági kutatásokat folytat.
A10: Célja, hogy elméletileg és empirikusan megalapozott ismereteket és elemzéseket nyújtson a magyar gazdaság és a magyar vállalkozások helyzetét és kilátásait befolyásoló gazdasági és társadalmi folyamatokról.
B12: Az elemzés elkészítésében részt vettek:
D13: Horváth Ágoston, elemző – elemzés, makroadatok, külföldi konjunktúra mutatók, grafikonok
D14: Nábelek Fruzsina, elemző – online rögzítő felület és adatbázis
D15: Orbán Júlia, munkatárs – adatrögzítés
D16: Révész Erika, irodavezető – kutatásszervezés, adatrögzítés
B17: Kutatásvezető:
D18: Makó Ágnes - ügyvezető igazgató, MKIK GVI
B21: Dátum: 2018. november 13.
B24: Cím: MKIK GVI
B25: 1054 Budapest, Szabadság tér 7.
B26: Tel: 235-05-84
B27: Fax: 235-07-13
B28: e-mail: gvi@gvi.hu
B29: Internet: http://www.gvi.hu

Sheet változók
B1: Elnevezés | C1: Mutató típusa | D1: Forrás
A2: N | B2: Vállalatok száma | C2: Elemszám | D2: GVI
A3: GDP | B3: Féléves GDP átlag | C3: Volumenindex | D3: KSH/GVI
A4: km | B4: Konjunktúra mutató (-1 -- +1) | C4: Pontszám | D4: GVI
A5: km_n | B5: Konjunktúrális előrejelzést adó vállalatok száma | C5: Elemszám | D5: GVI
A6: km_stddev | B6: Bizonytalansági mutató (-1 -- +1) | C6: Pontszám | D6: GVI
A7: bm*100 | B7: Bizonytalansági mutató (-100 -- +100) | C7: Pontszám | D7: GVI
A8: km_median | B8: Konjunktúra mutató mediánja (-100 -- +100) | C8: Pontszám | D8: GVI
A9: km | B9: Konjunktúra mutató (-100 -- +100) | C9: Pontszám | D9: GVI
A10: kkj | B10: Kapacitáskihasználás jelenleg | C10: Arány | D10: GVI
A11: kkvx | B11: Kapacitáskihasználás a következő 6 hónapban | C11: Vállalati egyenlegmutató | D11: GVI
A12: uhjx | B12: Üzleti helyzet jelenleg | C12: Vállalati egyenlegmutató | D12: GVI
A13: uhvx | B13: Az üzleti helyzet a következő 6 hónapban | C13: Vállalati egyenlegmutató | D13: GVI
... A27: mevy | B27: Export megrendelés várható alakulása | C27: Vállalati egyenlegmutató | D27: GVI

Sheet alapadatok
X1: Az üzleti helyzet a következő 6 hónapban | AA1: Az üzleti helyzet a következő 6 hónapban | AE1: Az üzleti helyzet a következő 6 hónapban | AH1: Az üzleti helyzet a következő 6 hónapban | AL1: Jövőbeli beruházások | AO1: Jövőbeli beruházások | AS1: Jövőbeli beruházások | AV1: Jövőbeli beruházások | AZ1: Várható létszám | BC1: Várható létszám | BG1: Várható létszám | BJ1: Várható létszám | BN1: Üzleti helyzet jelenleg
A2: N | B2: Oszlop1 | C2: Oszlop2 | D2: GDP | E2: km_n | F2: bm | G2: km_median | H2: km | I2: kkj | J2: kkvx | K2: uhjx | L2: uhvx | M2: vjjx | N2: vjvx | O2: msvx1 | P2: bevx1 | Q2: bgvx1 | R2: bsvy | S2: evox | T2: evv | U2: lsvx | V2: evey | W2: mevy | X2: Nem exportáló | Y2: Részben exportra dolgozó | Z2: Döntően exportra dolgozó | AA2: ipar | AB2: építőipar | AC2: kereskedelem | AD2: szolgáltatás | AE2: Tisztán hazai tulajdon | AF2: Részben külföldi tulajdon | AG2: Döntően külföldi tulajdon | AH2: x-9 fő | AI2: 10-49 fő | AJ2: 50-249 fő | AK2: 250-x fő | AL2: Nem exportáló3 | AM2: Részben exportra dolgozó4 | AN2: Döntően exportra dolgozó5 | AO2: ipar6 | AP2: építőipar7 | AQ2: kereskedelem8 | AR2: szolgáltatás9 | AS2: Tisztán hazai tulajdon10 | AT2: Részben külföldi tulajdon11 | AU2: Döntően külföldi tulajdon12 | AV2: x-9 fő13 | AW2: 10-49 fő14 | AX2: 50-249 fő15 | AY2: 250-x fő16 | AZ2: Nem exportáló17 | BA2: Részben exportra dolgozó18 | BB2: Döntően exportra dolgozó19 | BC2: ipar20 | BD2: építőipar21 | BE2: kereskedelem22 | BF2: szolgáltatás23 | BG2: Tisztán hazai tulajdon24 | BH2: Részben külföldi tulajdon25 | BI2: Döntően külföldi tulajdon26 | BJ2: x-9 fő27 | BK2: 10-49 fő28 | BL2: 50-249 fő29 | BM2: 250-x fő30 | BN2: Nem exportáló31 | BO2: Részben exportáló | BP2: Döntően exportáló | BQ2: Ipar32 | BR2: Építőipar33 | BS2: Kereskedelem34 | BT2: Egyéb gazd. szolg. | BU2: Tisztán hazai tul. | BV2: Részben külföldi tul. | BW2: Döntően külföldi tul. | BX2: x-9 fő35 | BY2: 10-49 fő36 | BZ2: 50-249 fő37 | CA2: 250-x fő38
A3: 2050 | B3: 1998 június | C3: 98_jun | D3: 4.4 | E3: 1504 | F3: 43.64568 | G3: 54.6077 | H3: 38.2293 | I3: 77.879485 | J3: 0.311073 | K3: 0.236494 | L3: 0.256158 | M3: 0.028844 | N3: 0.196443 | O3: 0.56928867 | P3: -0.088976702 | Q3: 0.35658511 | S3: 0.33 | U3: 0.0748 | V3: 0.314 | W3: 0.5103 | AA3: 0.320665 | AB3: 0.355367 | AC3: 0.173259 | AD3: 0.17031 | AE3: 0.209233 | AF3: 0.374038 | AG3: 0.406741 | AH3: 0.088212 | AI3: 0.262117 | AJ3: 0.258133 | AK3: 0.310913 | BC3: 0.0517 | BD3: 0.1951 | BE3: 0.01 | BF3: 0.1468 | BG3: 0.0264 | BH3: 0.0776 | BI3: 0.1489 | BJ3: 0.1135 | BK3: 0.1855 | BL3: 0.0957 | BM3: 0.0174 | BQ3: 0.24891 | BR3: 0.248853 | BS3: 0.099626 | BT3: 0.316651 | BU3: 0.185119 | BV3: 0.388047 | BW3: 0.510623 | BX3: -0.033803 | BY3: 0.227337 | BZ3: 0.204498 | CA3: 0.34396
A4: 1705 | B4: 1998 december | C4: 98_dec | D4: 4 | E4: 1308 | F4: 45.68071 | G4: 23.1045 | H4: 31.2894 | I4: 79.533134 | J4: 0.160998 | K4: 0.238095 | L4: 0.110411 | M4: 0.041432 | N4: 0.131781 | O4: 0.50681356 | P4: -0.12708596 | Q4: 0.35683734 | S4: 0.31 | U4: 0.0183 | V4: 0.2053 | W4: 0.3238 | AA4: 0.131344 | AB4: 0.148154 | AC4: 0.094726 | AD4: 0.066053 | AE4: 0.10719 | AF4: 0.316168 | AG4: 0.117356 | AH4: 0.037486 | AI4: 0.125692 | AJ4: 0.164612 | AK4: 0.109548 | BC4: -0.0236 | BD4: 0.1356 | BE4: -0.0134 | BF4: 0.123 | BG4: 0.0793 | BH4: -0.0954 | BI4: -0.0643 | BJ4: 0.1398 | BK4: 0.173 | BL4: 0.0266 | BM4: -0.0774 | BQ4: 0.264699 | BR4: 0.125537 | BS4: 0.166625 | BT4: 0.264917 | BU4: 0.276224 | BV4: 0.256416 | BW4: 0.342785 | BX4: 0.026681 | BY4: 0.239498 | BZ4: 0.229161 | CA4: 0.313089
A5: 2053 | B5: 1999 június | C5: 99_jun | D5: 2.5 | E5: 1791 | F5: 48.99457 | G5: 23.1045 | H5: 27.5053 | I5: 76.929141 | J5: 0.112866 | K5: 0.142716 | L5: 0.17555 | M5: -0.042405 | N5: 0.14141 | O5: 0.38290675 | P5: -0.057082209 | Q5: 0.24852572 | S5: 0.11 | U5: -0.0319 | V5: 0.0663 | W5: 0.0964 | X5: 0.129983 | Y5: 0.278856 | Z5: 0.202221 | AA5: 0.237154 | AB5: 0.173693 | AC5: 0.081313 | AD5: 0.096959 | AE5: 0.113074 | AF5: 0.230753 | AG5: 0.364259 | AH5: 0.071186 | AI5: 0.137085 | AJ5: 0.171452 | AK5: 0.225416 | AZ5: -0.0239 | BA5: -0.2116 | BB5: 0.1557 | BC5: -0.0671 | BD5: 0.0675 | BE5: -0.0213 | BF5: 0.0164 | BG5: -0.0357 | BH5: -0.1418 | BI5: 0.1152 | BJ5: 0.0613 | BK5: 0.1403 | BL5: 0.0399 | BM5: -0.1473 | BN5: 0.13931 | BO5: -0.035996 | BP5: 0.366094 | BQ5: 0.139211 | BR5: 0.22759 | BS5: 0.046385 | BT5: 0.204446 | BU5: 0.109908 | BV5: 0.151644 | BW5: 0.383458 | BX5: -0.090895 | BY5: 0.129661 | BZ5: 0.147577 | CA5: 0.225416
A6: 2274 | B6: 1999 december | C6: 99_dec | D6: 3.65 | E6: 1962 | F6: 48.94209 | G6: 54.6077 | H6: 33.9359 | I6: 78.54509 | J6: 0.227837 | K6: 0.180318 | L6: 0.121205 | M6: -0.006203 | N6: 0.138936 | O6: 0.4879921 | P6: 0.037355097 | Q6: 0.30126788 | S6: 0.25 | U6: -0.044 | V6: 0.1885 | W6: 0.3664 | X6: 0.046699 | Y6: 0.208086 | Z6: 0.28975 | AA6: 0.227384 | AB6: -0.028477 | AC6: 0.04785 | AD6: -0.038825 | AE6: 0.062488 | AF6: 0.19396 | AG6: 0.343754 | AH6: 0.019057 | AI6: 0.096365 | AJ6: 0.085146 | AK6: 0.178138 | AZ6: -0.0632 | BA6: -0.1231 | BB6: 0.1729 | BC6: -0.0645 | BD6: -0.0927 | BE6: 0.024 | BF6: -0.0362 | BG6: -0.0636 | BH6: -0.1752 | BI6: 0.0754 | BJ6: 0.0915 | BK6: 0.1196 | BL6: -0.0046 | BM6: -0.1581 | BN6: 0.131556 | BO6: 0.149061 | BP6: 0.446877 | BQ6: 0.234123 | BR6: 0.2293 | BS6: 0.064541 | BT6: 0.131415 | BU6: 0.109996 | BV6: 0.136734 | BW6: 0.481157 | BX6: -0.02287 | BY6: 0.154243 | BZ6: 0.258797 | CA6: 0.2286
A7: 1606 | B7: 2000 június | C7: 00_jun | D7: 4.75 | E7: 1370 | F7: 46.70142 | G7: 52.4276 | H7: 34.3594 | I7: 78.170452 | J7: 0.234646 | K7: 0.2002 | L7: 0.191457 | M7: 0.027743 | N7: 0.129652 | O7: 0.5093123 | P7: 0.00034212718 | Q7: 0.297854 | S7: 0.27 | U7: 0.04 | V7: 0.3367 | W7: 0.3971 | X7: 0.069658 | Y7: 0.377201 | Z7: 0.377691 | AA7: 0.259652 | AB7: 0.174926 | AC7: 0.109722 | AD7: 0.083175 | AE7: 0.148497 | AF7: 0.152436 | AG7: 0.363196 | AH7: 0.109439 | AI7: 0.196958 | AJ7: 0.205005 | AK7: 0.212344 | AZ7: -0.0233 | BA7: 0.0448 | BB7: 0.2638 | BC7: 0.0557 | BD7: 0.1046 | BE7: -0.0177 | BF7: 0.0229 | BG7: -0.0209 | BH7: 0.1297 | BI7: 0.2779 | BJ7: 0.082 | BK7: 0.1691 | BL7: 0.0143 | BM7: -0.0071 | BN7: 0.137979 | BO7: 0.12793 | BP7: 0.528508 | BQ7: 0.26276 | BR7: 0.156674 | BS7: 0.059245 | BT7: 0.169245 | BU7: 0.104541 | BV7: 0.400284 | BW7: 0.484189 | BX7: -0.031958 | BY7: 0.159376 | BZ7: 0.204527 | CA7: 0.291306
A8: 1550 | B8: 2000 október | C8: 00_okt | D8: 4 | E8: 1360 | F8: 46.63071 | G8: 36.4369 | H8: 31.9999 | I8: 79.437219 | J8: 0.165767 | K8: 0.207727 | L8: 0.096985 | M8: 0.0251 | N8: 0.110487 | O8: 0.52926126 | P8: -0.0092630856 | Q8: 0.32975609 | S8: 0.37 | U8: -0.0009 | V8: 0.327 | W8: 0.3452 | X8: 0.039121 | Y8: 0.106711 | Z8: 0.277558 | AA8: 0.144733 | AB8: -0.009569 | AC8: 0.081857 | AD8: 0.02971 | AE8: 0.024202 | AF8: 0.104132 | AG8: 0.4325 | AH8: -0.00978 | AI8: 0.1354 | AJ8: 0.140416 | AK8: 0.104117 | AZ8: -0.0463 | BA8: -0.0696 | BB8: 0.225 | BC8: -0.0065 | BD8: 0.0193 | BE8: -0.0194 | BF8: 0.0186 | BG8: -0.0452 | BH8: -0.0595 | BI8: 0.2229 | BJ8: 0.0652 | BK8: 0.0887 | BL8: -0.0141 | BM8: -0.0481 | BN8: 0.162049 | BO8: 0.137719 | BP8: 0.424714 | BQ8: 0.245721 | BR8: 0.136168 | BS8: 0.150026 | BT8: 0.182598 | BU8: 0.112982 | BV8: 0.314509 | BW8: 0.442306 | BX8: -0.010201 | BY8: 0.159131 | BZ8: 0.252265 | CA8: 0.282488
A9: 1276 | B9: 2001 május | C9: 01_maj | D9: 4.2 | E9: 1063 | F9: 42.52085 | G9: 60.8179 | H9: 46.4947 | I9: 77.937324 | J9: 0.3387 | K9: 0.206424 | L9: 0.275488 | M9: 0.055655 | N9: 0.27818 | O9: 0.55516074 | P9: 0.098179459 | Q9: 0.33794071 | S9: 0.33 | U9: 0.062 | V9: 0.3716 | W9: 0.4 | X9: 0.196413 | Y9: 0.408712 | Z9: 0.322937 | AA9: 0.351244 | AB9: 0.249236 | AC9: 0.230444 | AD9: 0.161317 | AE9: 0.244781 | AF9: 0.181915 | AG9: 0.421888 | AH9: 0.15351 | AI9: 0.313294 | AJ9: 0.291451 | AK9: 0.298535 | AZ9: 0.0443 | BA9: 0.0633 | BB9: 0.122 | BC9: 0.0418 | BD9: 0.1025 | BE9: 0.0566 | BF9: 0.0843 | BG9: 0.0512 | BH9: 0.0137 | BI9: 0.1338 | BJ9: 0.0901 | BK9: 0.1763 | BL9: 0.0689 | BM9: 0.0126 | BN9: 0.130764 | BO9: 0.209016 | BP9: 0.479974 | BQ9: 0.253931 | BR9: 0.022271 | BS9: 0.187753 | BT9: 0.187041 | BU9: 0.120758 | BV9: 0.153841 | BW9: 0.484366 | BX9: -0.078678 | BY9: 0.195301 | BZ9: 0.255062 | CA9: 0.290132
A10: 1492 | B10: 2001 október | C10: 01_okt | D10: 3.7 | E10: 1050 | F10: 46.87999 | G10: 23.1045 | H10: 25.0886 | I10: 77.482744 | J10: 0.178652 | K10: 0.138563 | L10: 0.066208 | M10: -0.072433 | N10: 0.119155 | O10: 0.38184443 | P10: -0.012303256 | Q10: 0.29540926 | R10: 0.129 | S10: 0.19 | U10: -0.1222 | V10: 0.1168 | W10: 0.092 | X10: -0.014349 | Y10: 0.189678 | Z10: 0.142821 | AA10: 0.102969 | AB10: 0.136158 | AC10: -0.06788 | AD10: 0.063021 | AE10: 0.045712 | AF10: 0.083864 | AG10: 0.202409 | AH10: -0.004942 | AI10: 0.075223 | AJ10: 0.143085 | AK10: 0.058287 | AL10: 0.2185 | AM10: 0.1577 | AN10: -0.1507 | AO10: 0.0523 | AP10: 0.3462 | AQ10: 0.0436 | AR10: 0.3062 | AS10: 0.0976 | AT10: 0.2269 | AU10: 0.0224 | AV10: 0.2257 | AW10: 0.2463 | AX10: 0.1907 | AY10: 0.0507 | AZ10: -0.1123 | BA10: -0.1239 | BB10: -0.1495 | BC10: -0.2037 | BD10: -0.1467 | BE10: -0.0842 | BF10: 0.0094 | BG10: -0.0553 | BH10: -0.1234 | BI10: -0.1767 | BJ10: 0.0708 | BK10: 0.0591 | BL10: -0.0096 | BM10: -0.291 | BN10: 0.166659 | BO10: 0.170689 | BP10: 0.015266 | BQ10: 0.121962 | BR10: 0.261551 | BS10: 0.051551 | BT10: 0.24951 | BU10: 0.125681 | BV10: 0.027496 | BW10: 0.190556 | BX10: -0.04341 | BY10: 0.170902 | BZ10: 0.157744 | CA10: 0.182703
A11: 1565 | B11: 2002 április | C11: 02_apr | D11: 4.5 | E11: 1312 | F11: 45.73848 | G11: 59.0065 | H11: 39.7112 | I11: 75.995865 | J11: 0.236157 | K11: 0.107287 | L11: 0.232138 | M11: -0.101258 | N11: 0.199154 | O11: 0.50581173 | P11: 0.023450176 | Q11: 0.30790066 | R11: 0.1268 | S11: 0.1 | U11: 0.0681 | V11: -0.0645 | W11: 0.2838 | X11: 0.192818 | Y11: 0.317529 | Z11: 0.247025 | AA11: 0.258345 | AB11: 0.469772 | AC11: 0.045387 | AD11: 0.219844 | AE11: 0.258188 | AF11: 0.274225 | AG11: 0.419922 | AH11: 0.172652 | AI11: 0.255806 | AJ11: 0.220371 | AK11: 0.248857 | AL11: 0.1828 | AM11: 0.2024 | AN11: -0.1485 | AO11: 0.0845 | AP11: 0.2871 | AQ11: 0.0911 | AR11: 0.1905 | AS11: 0.1957 | AT11: 0.2588 | AU11: 0.0115 | AV11: 0.2181 | AW11: 0.2355 | AX11: 0.0698 | AY11: 0.0954 | AZ11: 0.0863 | BA11: 0.0153 | BB11: 0.0809 | BC11: 0.0117 | BD11: 0.2016 | BE11: 0.0572 | BF11: 0.1467 | BG11: 0.0783 | BH11: 0.1641 | BI11: 0.1669 | BJ11: 0.1676 | BK11: 0.1565 | BL11: 0.0622 | BM11: 0.0082 | BN11: 0.103899 | BO11: 0.061024 | BP11: 0.183154 | BQ11: 0.117362 | BR11: 0.08016 | BS11: 0.035605 | BT11: 0.134265 | BU11: 0.110955 | BV11: 0.04454 | BW11: 0.346689 | BX11: -0.092872 | BY11: 0.111928 | BZ11: 0.096217 | CA11: 0.177446
A12: 1694 | B12: 2002 október | C12: 02_okt | D12: 4.55 | E12: 1465 | F12: 48.16081 | G12: 54.6077 | H12: 34.7113 | I12: 77.097412 | J12: 0.160201 | K12: 0.090376 | L12: 0.167106 | M12: -0.091464 | N12: 0.06494 | O12: 0.44531776 | P12: -0.07061089 | Q12: 0.27430652 | R12: 0.1224 | S12: 0.1 | U12: -0.0503 | V12: -0.0731 | W12: 0.2309 | X12: 0.151118 | Y12: 0.201994 | Z12: 0.165004 | AA12: 0.210077 | AB12: -0.028393 | AC12: 0.173308 | AD12: 0.11696 | AE12: 0.123383 | AF12: 0.327975 | AG12: 0.405244 | AH12: 0.104803 | AI12: 0.098636 | AJ12: 0.112988 | AK12: 0.231337 | AL12: 0.206 | AM12: 0.2858 | AN12: -0.2019 | AO12: 0.0381 | AP12: 0.2312 | AQ12: 0.2376 | AR12: 0.2338 | AS12: 0.2126 | AT12: -0.1616 | AU12: -0.0427 | AV12: 0.1517 | AW12: 0.2119 | AX12: 0.1146 | AY12: 0.0923 | AZ12: -0.0253 | BA12: 0.0372 | BB12: -0.1948 | BC12: -0.1398 | BD12: -0.1321 | BE12: 0.0451 | BF12: 0.1254 | BG12: -0.018 | BH12: -0.2336 | BI12: 0.0151 | BJ12: 0.0722 | BK12: 0.0294 | BL12: -0.1079 | BM12: -0.0946 | BN12: 0.124823 | BO12: 0.024692 | BP12: 0.083184 | BQ12: 0.044898 | BR12: 0.153584 | BS12: 0.186956 | BT12: 0.128002 | BU12: 0.096329 | BV12: -0.157956 | BW12: 0.300406 | BX12: -0.019382 | BY12: 0.14029 | BZ12: 0.113488 | CA12: 0.102956
A13: 1743 | B13: 2003 április | C13: 03_apr | D13: 3.45 | E13: 1468 | F13: 51.18917 | G13: 52.4276 | H13: 32.4142 | I13: 75.312936 | J13: 0.207979 | K13: 0.005311 | L13: 0.110576 | M13: -0.157623 | N13: 0.047576 | O13: 0.44801502 | P13: -0.097166725 | Q13: 0.17811518 | R13: 0.0773 | S13: -0.04 | T13: 1.8239 | U13: -0.0916 | V13: -0.1803 | W13: 0.2783 | X13: 0.058661 | Y13: 0.080955 | Z13: 0.254779 | AA13: 0.171918 | AB13: 0.11703 | AC13: 0.027745 | AD13: 0.048598 | AE13: 0.036001 | AF13: 0.219727 | AG13: 0.39526 | AH13: 0.011071 | AI13: 0.106133 | AJ13: 0.021655 | AK13: 0.180092 | AL13: 0.0033 | AM13: 0.1598 | AN13: 0.0478 | AO13: 0.1054 | AP13: 0.1845 | AQ13: 0.1324 | AR13: -0.0236 | AS13: -0.009 | AT13: -0.0383 | AU13: 0.3712 | AV13: 0.1596 | AW13: 0.174 | AX13: 0.1079 | AY13: 0.0264 | AZ13: -0.0781 | BA13: -0.2293 | BB13: -0.0965 | BC13: -0.1564 | BD13: 0.1008 | BE13: 0.069 | BF13: -0.0894 | BG13: -0.1289 | BH13: -0.1542 | BI13: 0.0349 | BJ13: 0.057 | BK13: 0.0585 | BL13: -0.1077 | BM13: -0.1853 | BN13: 0.056607 | BO13: -0.146593 | BP13: 0.058685 | BQ13: 0.007615 | BR13: 0.012737 | BS13: 0.000155 | BT13: 0.030446 | BU13: -0.048924 | BV13: -0.323137 | BW13: 0.345051 | BX13: -0.148661 | BY13: -0.041267 | BZ13: 0.047307 | CA13: 0.057956
A14: 1919 | B14: 2003 október | C14: 03_okt | D14: 4 | E14: 1612 | F14: 54.3752 | G14: 52.4276 | H14: 28.0884 | I14: 78.458007 | J14: 0.056303 | K14: 0.10731 | L14: 0.114983 | M14: -0.052545 | N14: 0.039668 | O14: 0.41763219 | P14: -0.16077891 | Q14: 0.160173 | R14: 0.0674 | S14: 0.13 | T14: 2.1717 | U14: -0.1149 | V14: -0.0407 | W14: 0.1835 | X14: 0.082583 | Y14: 0.073172 | Z14: 0.262035 | AA14: 0.174982 | AB14: 0.023486 | AC14: 0.064379 | AD14: 0.028549 | AE14: 0.05005 | AF14: -0.018055 | AG14: 0.417398 | AH14: 0.032205 | AI14: 0.087771 | AJ14: 0.133635 | AK14: 0.145004 | AL14: -0.0363 | AM14: 0.0596 | AN14: 0.107 | AO14: 0.0889 | AP14: -0.0826 | AQ14: 0.2159 | AR14: -0.065 | AS14: 0.0432 | AT14: 0.277 | AU14: -0.1031 | AV14: 0.2089 | AW14: 0.2318 | AX14: 0.0859 | AY14: -0.0152 | AZ14: -0.1681 | BA14: -0.1889 | BB14: 0.0085 | BC14: -0.1161 | BD14: -0.1835 | BE14: 0.0209 | BF14: -0.1335 | BG14: -0.1841 | BH14: -0.0085 | BI14: 0.155 | BJ14: 0.0459 | BK14: 0.0451 | BL14: -0.0641 | BM14: -0.2402 | BN14: 0.203749 | BO14: 0.077174 | BP14: 0.003512 | BQ14: 0.080581 | BR14: 0.126133 | BS14: 0.127677 | BT14: 0.136401 | BU14: 0.061438 | BV14: -0.341815 | BW14: 0.349039 | BX14: -0.038727 | BY14: 0.081858 | BZ14: 0.200479 | CA14: 0.129374
A15: 1461 | B15: 2004 április | C15: 04_apr | D15: 4.95 | E15: 1197 | F15: 52.53638 | G15: 54.6077 | H15: 31.8144 | I15: 75.841632 | J15: 0.218342 | K15: 0.121399 | L15: 0.126113 | M15: 0.006793 | N15: 0.02437 | O15: 0.43934159 | P15: -0.094698519 | Q15: 0.25975207 | R15: 0.1888 | S15: 0.12 | T15: 1.7722 | U15: -0.0757 | V15: 0.1296 | W15: 0.2723 | X15: -0.023907 | Y15: 0.276689 | Z15: 0.256005 | AA15: 0.181987 | AB15: 0.265065 | AC15: 0.002065 | AD15: 0.02776 | AE15: -0.036358 | AF15: 0.482615 | AG15: 0.474757 | AH15: 0.062734 | AI15: 0.102188 | AJ15: 0.085381 | AK15: 0.169385 | AL15: 0.0684 | AM15: 0.1326 | AN15: 0.1869 | AO15: 0.1289 | AP15: 0.2449 | AQ15: 0.2625 | AR15: 0.2562 | AS15: 0.1502 | AT15: 0.355 | AU15: 0.2334 | AV15: 0.2222 | AW15: 0.2511 | AX15: 0.1266 | AY15: 0.1869 | AZ15: -0.1401 | BA15: -0.1033 | BB15: -0.1125 | BC15: -0.189 | BD15: -0.0073 | BE15: 0.0178 | BF15: 0.031 | BG15: -0.1596 | BH15: -0.0488 | BI15: 0.2391 | BJ15: 0.0799 | BK15: 0.0719 | BL15: -0.0364 | BM15: -0.1891 | BN15: 0.216413 | BO15: 0.071613 | BP15: 0.076486 | BQ15: 0.149019 | BR15: 0.134763 | BS15: 0.054259 | BT15: 0.068825 | BU15: 0.113605 | BV15: -0.005337 | BW15: 0.231214 | BX15: -0.084994 | BY15: 0.060175 | BZ15: 0.17738 | CA15: 0.184907
A16: 1527 | B16: 2004 október | C16: 04_okt | D16: 4.65 | E16: 1271 | F16: 53.68289 | G16: 52.4276 | H16: 27.9983 | I16: 78.067037 | J16: 0.098941 | K16: 0.087606 | L16: 0.069549 | M16: -0.093533 | N16: -0.030438 | O16: 0.39856454 | P16: -0.13338416 | Q16: 0.19388221 | R16: 0.1623 | S16: 0.11 | T16: 2.1612 | U16: -0.1487 | V16: 0.0628 | W16: 0.1756 | X16: -0.09242 | Y16: 0.101813 | Z16: 0.228661 | AA16: 0.162478 | AB16: 0.220477 | AC16: -0.073229 | AD16: -0.070403 | AE16: -0.000125 | AF16: 0.010571 | AG16: 0.270064 | AH16: -0.003219 | AI16: 0.006047 | AJ16: 0.043234 | AK16: 0.124362 | AL16: 0.1709 | AM16: 0.0447 | AN16: 0.1448 | AO16: 0.0727 | AP16: 0.0106 | AQ16: 0.0713 | AR16: 0.4016 | AS16: 0.0942 | AT16: 0.0432 | AU16: 0.3584 | AV16: 0.112 | AW16: 0.0481 | AX16: 0.1545 | AY16: 0.205 | AZ16: -0.1099 | BA16: -0.079 | BB16: -0.1811 | BC16: -0.1462 | BD16: 0.0251 | BE16: -0.0896 | BF16: -0.2339 | BG16: -0.161 | BH16: -0.1183 | BI16: -0.0027 | BJ16: 0.0384 | BK16: -0.0299 | BL16: -0.0868 | BM16: -0.2714 | BN16: 0.051551 | BO16: 0.048904 | BP16: 0.173977 | BQ16: 0.154978 | BR16: 0.10526 | BS16: -0.019258 | BT16: 0.003467 | BU16: 0.011258 | BV16: -0.486837 | BW16: 0.418661 | BX16: -0.064667 | BY16: 0.007323 | BZ16: 0.159954 | CA16: 0.135691
A17: 1814 | B17: 2005 április | C17: 05_apr | D17: 4.35 | E17: 1582 | F17: 55.70547 | G17: 23.1045 | H17: 24.2096 | I17: 73.545438 | J17: 0.167494 | K17: 0.108455 | L17: 0.06926 | M17: -0.099329 | N17: -0.001608 | O17: 0.3817204 | P17: -0.11539255 | Q17: 0.11595344 | R17: 0.0666 | S17: -0.06 | T17: 2.0962 | U17: -0.1912 | V17: 0.0445 | W17: 0.2896 | X17: -0.046594 | Y17: 0.116606 | Z17: 0.33684 | AA17: 0.120108 | AB17: 0.082497 | AC17: -0.026503 | AD17: 0.025165 | AE17: 0.021589 | AF17: -0.144669 | AG17: 0.326619 | AH17: -0.048743 | AI17: 0.04422 | AJ17: 0.085254 | AK17: 0.110131 | AL17: 0.0952 | AM17: -0.065 | AN17: 0.118 | AO17: -0.0064 | AP17: 0.1341 | AQ17: 0.1106 | AR17: 0.1231 | AS17: 0.0137 | AT17: -0.1382 | AU17: 0.1497 | AV17: 0.1734 | AW17: 0.0653 | AX17: 0.0985 | AY17: 0.0383 | AZ17: -0.19 | BA17: -0.304 | BB17: -0.2023 | BC17: -0.227 | BD17: -0.0678 | BE17: -0.0541 | BF17: -0.2901 | BG17: -0.2503 | BH17: -0.4347 | BI17: -0.1278 | BJ17: 0.0018 | BK17: -0.0411 | BL17: -0.1644 | BM17: -0.3132 | BN17: 0.048335 | BO17: 0.101822 | BP17: 0.26826 | BQ17: 0.13426 | BR17: -0.084273 | BS17: 0.075483 | BT17: 0.1213 | BU17: 0.046774 | BV17: -0.179362 | BW17: 0.382324 | BX17: -0.185636 | BY17: -0.043956 | BZ17: 0.136911 | CA17: 0.242957
A18: 1291 | B18: 2005 október | C18: 05_okt | D18: 4.55 | E18: 1098 | F18: 55.34604 | G18: 23.1045 | H18: 23.1514 | I18: 76.799939 | J18: 0.094758 | K18: 0.099937 | L18: 0.107036 | M18: -0.04497 | N18: 0.029551 | O18: 0.32627862 | P18: -0.14847156 | Q18: 0.15116971 | R18: 0.1394 | S18: 0.05 | T18: 2.117 | U18: -0.1162 | V18: 0.2464 | W18: 0.2172 | X18: -0.007711 | Y18: 0.153873 | Z18: 0.26478 | AA18: 0.162989 | AB18: 0.109422 | AC18: -0.038915 | AD18: 0.05778 | AE18: 0.037985 | AF18: 0.307757 | AG18: 0.342342 | AH18: -0.014032 | AI18: 0.01832 | AJ18: 0.089053 | AK18: 0.182723 | AL18: 0.0444 | AM18: 0.232 | AN18: 0.2191 | AO18: 0.1415 | AP18: -0.0129 | AQ18: 0.0585 | AR18: 0.1479 | AS18: 0.0917 | AT18: 0.1575 | AU18: 0.3607 | AV18: 0.1043 | AW18: 0.0946 | AX18: 0.1119 | AY18: 0.1677 | AZ18: -0.1899 | BA18: -0.0784 | BB18: 0.0041 | BC18: -0.0686 | BD18: -0.0433 | BE18: -0.2136 | BF18: -0.1861 | BG18: -0.1556 | BH18: -0.3262 | BI18: 0.1062 | BJ18: -0.0139 | BK18: -0.0298 | BL18: -0.045 | BM18: -0.2035 | BN18: -0.026094 | BO18: 0.043258 | BP18: 0.303456 | BQ18: 0.142574 | BR18: 0.004648 | BS18: 0.012242 | BT18: 0.091237 | BU18: 0.007348 | BV18: -0.164828 | BW18: 0.381381 | BX18: -0.072308 | BY18: -0.001093 | BZ18: 0.164006 | CA18: 0.166277
A19: 1349 | B19: 2006 április | C19: 06_apr | D19: 4.25 | E19: 1192 | F19: 52.43954 | G19: 23.7565 | H19: 30.7506 | I19: 75.693618 | J19: 0.174467 | K19: 0.186583 | L19: 0.156848 | M19: -0.037217 | N19: 0.091871 | O19: 0.40503028 | P19: -0.17112587 | Q19: 0.13480315 | R19: 0.1499 | S19: 0.14 | T19: 2.2089 | U19: 0.0163 | V19: 0.3351 | W19: 0.2633 | X19: 0.143774 | Y19: 0.052503 | Z19: 0.234104 | AA19: 0.156944 | AB19: 0.110261 | AC19: 0.124756 | AD19: 0.179801 | AE19: 0.140108 | AF19: -0.204949 | AG19: 0.296737 | AH19: 0.078603 | AI19: 0.137439 | AJ19: 0.257223 | AK19: 0.159454 | AL19: 0.1494 | AM19: 0.1771 | AN19: 0.0736 | AO19: 0.1033 | AP19: 0.0441 | AQ19: 0.016 | AR19: 0.3233 | AS19: 0.1916 | AT19: -0.484 | AU19: 0.0966 | AV19: 0.1863 | AW19: 0.1573 | AX19: 0.0821 | AY19: 0.1617 | AZ19: -0.0522 | BA19: -0.0267 | BB19: 0.1165 | BC19: 0.0029 | BD19: 0.0548 | BE19: 0.011 | BF19: -0.0008 | BG19: -0.0401 | BH19: 0.0995 | BI19: 0.1671 | BJ19: 0.0283 | BK19: 0.0611 | BL19: 0.0886 | BM19: -0.0314 | BN19: 0.024588 | BO19: 0.126705 | BP19: 0.419715 | BQ19: 0.296139 | BR19: -0.14379 | BS19: 0.047841 | BT19: 0.111394 | BU19: 0.082595 | BV19: 0.147709 | BW19: 0.504194 | BX19: -0.088488 | BY19: 0.082566 | BZ19: 0.19914 | CA19: 0.337051
A20: 1309 | B20: 2006_október | C20: 06_okt | D20: 3.8 | E20: 1118 | F20: 55.38771 | G20: 15.4256 | H20: 19.9713 | I20: 77.6983 | J20: 0.065923 | K20: 0.222706 | L20: 0.022843 | M20: 0.015776 | N20: -0.082935 | O20: 0.36185333 | P20: -0.2717748 | Q20: 0.026083061 | R20: 0.0432 | S20: 0.21 | T20: 2.123 | U20: -0.0818 | V20: 0.3976 | W20: 0.312 | X20: -0.075429 | Y20: 0.172754 | Z20: 0.208315 | AA20: 0.103293 | AB20: -0.16142 | AC20: -0.0686 | AD20: -0.021701 | AE20: -0.03433 | AF20: 0.110215 | AG20: 0.227711 | AH20: -0.199563 | AI20: -0.128771 | AJ20: 0.144676 | AK20: 0.12324 | AL20: 0.0172 | AM20: 0.1194 | AN20: 0.1406 | AO20: 0.1006 | AP20: -0.108 | AQ20: 0.0393 | AR20: -0.0353 | AS20: 0.033 | AT20: 0.0504 | AU20: 0.1613 | AV20: 0.1091 | AW20: -0.0906 | AX20: 0.0533 | AY20: 0.0586 | AZ20: -0.2029 | BA20: -0.0394 | BB20: 0.2235 | BC20: -0.0213 | BD20: -0.1468 | BE20: -0.1705 | BF20: -0.1384 | BG20: -0.1294 | BH20: 0.1092 | BI20: 0.0821 | BJ20: -0.1077 | BK20: -0.175 | BL20: 0.0097 | BM20: -0.0736 | BN20: 0.104704 | BO20: 0.285969 | BP20: 0.483279 | BQ20: 0.302408 | BR20: 0.103061 | BS20: 0.146189 | BT20: 0.166149 | BU20: 0.140368 | BV20: 0.414355 | BW20: 0.500947 | BX20: -0.106467 | BY20: 0.050546 | BZ20: 0.281578 | CA20: 0.400297
A21: 1433 | B21: 2007_április | C21: 07_apr | D21: 1 | E21: 1223 | F21: 55.94598 | G21: 52.4276 | H21: 24.3611 | I21: 78.490033 | J21: 0.117619 | K21: 0.200718 | L21: 0.051971 | M21: -0.008982 | N21: -0.050687 | O21: 0.36482836 | P21: -0.18598631 | Q21: 0.080719723 | R21: 0.0172 | S21: 0.08 | T21: 2.128 | U21: -0.0877 | V21: 0.3348 | W21: 0.2242 | X21: 0.020176 | Y21: 0.077013 | Z21: 0.175173 | AA21: 0.10202 | AB21: -0.138102 | AC21: -0.003407 | AD21: 0.075448 | AE21: 0.030633 | AF21: -0.310262 | AG21: 0.277976 | AH21: -0.027177 | AI21: 0.096842 | AJ21: 0.129514 | AK21: 0.040525 | AL21: -0.0317 | AM21: 0.0556 | AN21: 0.0329 | AO21: 0.0329 | AP21: -0.1852 | AQ21: 0.1941 | AR21: -0.0271 | AS21: 0.036 | AT21: -0.4078 | AU21: 0.0843 | AV21: 0.032 | AW21: 0.1699 | AX21: 0.1002 | AY21: -0.055 | AZ21: -0.1707 | BA21: -0.106 | BB21: 0.0716 | BC21: -0.0021 | BD21: -0.1972 | BE21: -0.0746 | BF21: -0.1707 | BG21: -0.1568 | BH21: -0.3014 | BI21: 0.2154 | BJ21: -0.019 | BK21: -0.0218 | BL21: 0.0137 | BM21: -0.1865 | BN21: 0.026289 | BO21: 0.301245 | BP21: 0.509695 | BQ21: 0.332011 | BR21: 0.001102 | BS21: 0.075633 | BT21: 0.101061 | BU21: 0.095538 | BV21: 0.09974 | BW21: 0.661788 | BX21: -0.106621 | BY21: 0.042837 | BZ21: 0.157392 | CA21: 0.419213
A22: 1217 | B22: 2007_október | C22: 07_okt | D22: -0.05 | E22: 1079 | F22: 56.41263 | G22: 15.4256 | H22: 15.8217 | I22: 77.577368 | J22: 0.037563 | K22: 0.139431 | L22: -0.052098 | M22: -0.089319 | N22: -0.125079 | O22: 0.30844043 | P22: -0.19384119 | Q22: 0.058336853 | R22: 0.0904 | S22: 0.05 | T22: 2.0144 | U22: -0.0895 | V22: 0.282 | W22: 0.275 | X22: -0.144467 | Y22: -0.001488 | Z22: 0.116259 | AA22: 0.085917 | AB22: -0.086749 | AC22: -0.193225 | AD22: -0.169637 | AE22: -0.105535 | AF22: 0.144711 | AG22: 0.127671 | AH22: -0.196924 | AI22: -0.062468 | AJ22: 0.094735 | AK22: -0.044375 | AL22: -0.0277 | AM22: 0.2137 | AN22: 0.1623 | AO22: 0.1635 | AP22: 0.0796 | AQ22: 0.2127 | AR22: -0.0994 | AS22: 0.0356 | AT22: 0.0985 | AU22: 0.2582 | AV22: 0.1748 | AW22: 0.1138 | AX22: 0.0836 | AY22: 0.068 | AZ22: -0.2485 | BA22: -0.0573 | BB22: 0.176 | BC22: 0.0663 | BD22: -0.1278 | BE22: -0.1342 | BF22: -0.3002 | BG22: -0.1623 | BH22: 0.0472 | BI22: 0.172 | BJ22: -0.0663 | BK22: -0.1104 | BL22: -0.0253 | BM22: -0.1204 | BN22: -0.041825 | BO22: 0.193972 | BP22: 0.5082 | BQ22: 0.298024 | BR22: -0.021083 | BS22: -0.054964 | BT22: -0.007491 | BU22: 0.013999 | BV22: 0.224142 | BW22: 0.625741 | BX22: -0.11758 | BY22: -0.005101 | BZ22: 0.215499 | CA22: 0.284191
A23: 1145 | B23: 2008_április | C23: 08_apr | D23: 1.75 | E23: 986 | F23: 56.53752 | G23: 52.4276 | H23: 27.1599 | I23: 77.749629 | J23: 0.134663 | K23: 0.16065 | L23: 0.091152 | M23: -0.033981 | N23: 0.000699 | O23: 0.42752624 | P23: -0.21837331 | Q23: 0.05618085 | R23: 0.0925 | S23: 0.04 | T23: 2.152 | U23: -0.035 | V23: 0.2909 | W23: 0.3411 | X23: -0.090623 | Y23: 0.281928 | Z23: 0.296165 | AA23: 0.105628 | AB23: -0.040795 | AC23: 0.060597 | AD23: 0.090089 | AE23: 0.039416 | AF23: 0.329758 | AG23: 0.249342 | AH23: 0.00053 | AI23: -0.081171 | AJ23: 0.082534 | AK23: 0.2 | AL23: -0.0118 | AM23: 0.195 | AN23: 0.2033 | AO23: 0.0756 | AP23: 0.1147 | AQ23: 0.1586 | AR23: 0.024 | AS23: 0.0347 | AT23: 0.0695 | AU23: 0.2569 | AV23: 0.0605 | AW23: 0.1844 | AX23: 0.1835 | AY23: 0.0424 | AZ23: -0.1503 | BA23: 0.0341 | BB23: 0.1223 | BC23: -0.0285 | BD23: -0.0935 | BE23: -0.02 | BF23: -0.0308 | BG23: -0.0849 | BH23: -0.2378 | BI23: 0.1619 | BJ23: -0.0062 | BK23: -0.1284 | BL23: -0.0429 | BM23: -0.0115 | BN23: -0.008167 | BO23: 0.273607 | BP23: 0.42407 | BQ23: 0.210107 | BR23: -0.080413 | BS23: 0.137004 | BT23: 0.081876 | BU23: 0.077881 | BV23: -0.004316 | BW23: 0.459432 | BX23: -0.080593 | BY23: 0.000601 | BZ23: 0.184605 | CA23: 0.320112
A24: 1480 | B24: 2008_október | C24: 08_okt | D24: -0.45 | E24: 1264 | F24: 60.24623 | G24: 13.2455 | H24: -3.1047 | I24: 78.692226 | J24: -0.112436 | K24: 0.121932 | L24: -0.225653 | M24: -0.015404 | N24: -0.205364 | O24: 0.17586866 | P24: -0.36964718 | Q24: -0.070165051 | R24: -0.0209 | S24: -0.02 | T24: 1.8269 | U24: -0.1443 | V24: 0.025 | W24: -0.1615 | X24: -0.221123 | Y24: -0.158727 | Z24: -0.303896 | AA24: -0.297569 | AB24: -0.027939 | AC24: -0.208565 | AD24: -0.13018 | AE24: -0.222117 | AF24: -0.082581 | AG24: -0.253503 | AH24: -0.226701 | AI24: -0.263135 | AJ24: -0.21093 | AK24: -0.217935 | AL24: 0.0708 | AM24: -0.1563 | AN24: -0.0178 | AO24: -0.0316 | AP24: -0.1588 | AQ24: 0.0372 | AR24: -0.0458 | AS24: 0.0016 | AT24: -0.4116 | AU24: -0.0454 | AV24: 0.0565 | AW24: -0.0724 | AX24: -0.0533 | AY24: -0.0162 | AZ24: -0.1211 | BA24: -0.1872 | BB24: -0.1585 | BC24: -0.1902 | BD24: -0.1466 | BE24: -0.1147 | BF24: -0.0798 | BG24: -0.1632 | BH24: -0.2433 | BI24: -0.0699 | BJ24: -0.067 | BK24: -0.1084 | BL24: -0.1621 | BM24: -0.1877 | BN24: 0.088992 | BO24: 0.119174 | BP24: 0.237237 | BQ24: 0.100786 | BR24: 0.055907 | BS24: 0.140401 | BT24: 0.141759 | BU24: 0.063327 | BV24: -0.065498 | BW24: 0.343681 | BX24: -0.090609 | BY24: 0.005218 | BZ24: 0.076004 | CA24: 0.285424
... A43: 3274 | B43: 2018_április | C43: 18_apr | D43: 4.75 | E43: 2485 | F43: 39.376804 | G43: 60.436342 | H43: 52.614651 | I43: 85.441736 | J43: 0.30187986 | K43: 0.49136457 | L43: 0.42095064 | M43: 0.35028257 | N43: 0.33101612 | O43: 0.56426262 | P43: -0.17102355 | Q43: 0.078734209 | R43: 0.24981106 | S43: 0.3802614 | T43: 2.3646275 | U43: 0.19540996 | V43: 0.50906594 | W43: 0.39048502 | X43: 0.34916353 | Y43: 0.40681376 | Z43: 0.63655148 | AA43: 0.51800714 | AB43: 0.409031 | AC43: 0.35109281 | AD43: 0.36120063 | AE43: 0.34526259 | AF43: 0.51215656 | AG43: 0.63642608 | AH43: 0.15717504 | AI43: 0.34397314 | AJ43: 0.48383376 | AK43: 0.541071 | AL43: 0.21523292 | AM43: 0.26249962 | AN43: 0.29779644 | AO43: 0.23358955 | AP43: 0.35831939 | AQ43: 0.20980348 | AR43: 0.27472836 | AS43: 0.2704466 | AT43: 0.10051431 | AU43: 0.2182876 | AV43: 0.24870408 | AW43: 0.34166272 | AX43: 0.26803985 | AY43: 0.21088323 | AZ43: 0.17502274 | BA43: 0.23827299 | BB43: 0.20940375 | BC43: 0.20620435 | BD43: 0.22603063 | BE43: 0.14533691 | BF43: 0.20047313 | BG43: 0.19363155 | BH43: 0.17703101 | BI43: 0.20523589 | BJ43: 0.11170029 | BK43: 0.23555474 | BL43: 0.25308074 | BM43: 0.19013785 | BN43: 0.42032107 | BO43: 0.54054489 | BP43: 0.66448983 | BQ43: 0.59285252 | BR43: 0.43362152 | BS43: 0.4979586 | BT43: 0.39801494 | BU43: 0.41061444 | BV43: 0.44580449 | BW43: 0.75356172 | BX43: 0.13820479 | BY43: 0.39623706 | BZ43: 0.61589876 | CA43: 0.63760436
A44: 2830 | B44: 2018_október | C44: 18_okt | E44: 1934 | F44: 37.122387 | G44: 60.47533 | H44: 55.491891 | I44: 86.21 | J44: 0.2862 | K44: 0.4982 | L44: 0.4295 | M44: 0.3837 | N44: 0.3075 | O44: 0.5545 | P44: 0.0185 | Q44: 0.3594 | R44: 0.2637 | S44: 0.3921 | T44: 2.34 | U44: 0.1748 | V44: 0.4754 | W44: 0.3071 | X44: 0.35795317 | Y44: 0.40284845 | Z44: 0.59684612 | AA44: 0.54620917 | AB44: 0.48484906 | AC44: 0.43113596 | AD44: 0.25369146 | AE44: 0.36564627 | AF44: 0.54163747 | AG44: 0.59625745 | AH44: 0.1507131 | AI44: 0.40657135 | AJ44: 0.53723614 | AK44: 0.51827616 | AL44: 0.24319468 | AM44: 0.27713417 | AN44: 0.27692134 | AO44: 0.3012795 | AP44: 0.39244516 | AQ44: 0.23776424 | AR44: 0.17696973 | AS44: 0.26930546 | AT44: 0.15869461 | AU44: 0.24290698 | AV44: 0.17439099 | AW44: 0.28252517 | AX44: 0.31121795 | AY44: 0.26710063 | AZ44: 0.13006009 | BA44: 0.20087201 | BB44: 0.23569542 | BC44: 0.22964919 | BD44: 0.18311364 | BE44: 0.1710624 | BF44: 0.10167391 | BG44: 0.16048174 | BH44: 0.19661433 | BI44: 0.20981146 | BJ44: 0.073418247 | BK44: 0.21592285 | BL44: 0.17484067 | BM44: 0.20245117 | BN44: 0.41898358 | BO44: 0.52409542 | BP44: 0.64911316 | BQ44: 0.6127783 | BR44: 0.50644427 | BS44: 0.48963523 | BT44: 0.34855597 | BU44: 0.43607306 | BV44: 0.35007661 | BW44: 0.70844389 | BX44: 0.1771772 | BY44: 0.51947005 | BZ44: 0.61529862 | CA44: 0.58933056

Sheet összefoglaló
A1: Oszlop1 | B1: GDP | C1: GVI Konjunktúramutató | E1: A GDP és a GVI konjunktúra mutató alakulása
A2: 98_jun | B2: 4.4 | C2: =alapadatok!H3 -> 38.2293
A3: 98_dec | B3: 4 | C3: =alapadatok!H4 -> 31.2894
A4: 99_jun | B4: 2.5 | C4: =alapadatok!H5 -> 27.5053
A5: 99_dec | B5: 3.65 | C5: =alapadatok!H6 -> 33.9359
A6: 00_jun | B6: 4.75 | C6: =alapadatok!H7 -> 34.3594
A7: 00_okt | B7: 4 | C7: =alapadatok!H8 -> 31.9999
A8: 01_maj | B8: 4.2 | C8: =alapadatok!H9 -> 46.4947
A9: 01_okt | B9: 3.7 | C9: =alapadatok!H10 -> 25.0886
A10: 02_apr | B10: 4.5 | C10: =alapadatok!H11 -> 39.7112
A11: 02_okt | B11: 4.55 | C11: =alapadatok!H12 -> 34.7113
A12: 03_apr | B12: 3.45 | C12: =alapadatok!H13 -> 32.4142
A13: 03_okt | B13: 4 | C13: =alapadatok!H14 -> 28.0884
... A34: 14_apr | B34: 4.35 | C34: =alapadatok!H35 -> 29.68
A35: 14_okt | B35: 3.85 | C35: =alapadatok!H36 -> 33.513148 | G35: 2017. ápr. | H35: 2017. okt. | I35: 2018. ápr. | J35: 2018. okt. | M35: Apr. 2017 | N35: Oct. 2017 | O35: Apr. 2018 | P35: Oct. 2018
A36: 15_apr | B36: 3.75 | C36: =alapadatok!H37 -> 41.97283 | F36: GDP | G36: 4.05 | H36: 4.7 | I36: 4.75 | L36: GDP | M36: 4.05 | N36: 4.7 | O36: 4.75
A37: 15_okt | B37: 3.2 | C37: =alapadatok!H38 -> 44.512493 | F37: GVI Konjunktúramutató | G37: 46.763076 | H37: 49.0319 | I37: 52.614651 | J37: 55.491891 | L37: IEER Business Climate Index | M37: 46.763076 | N37: 49.0319 | O37: 52.614651 | P37: 55.491891
A38: 16_apr | B38: 2.05 | C38: =alapadatok!H39 -> 49.277527
A39: 16_okt | B39: 2.35 | C39: =alapadatok!H40 -> 47.6147
A40: 17_apr | B40: 4.05 | C40: =alapadatok!H41 -> 46.763076
A41: 17_okt | B41: 4.7 | C41: =alapadatok!H42 -> 49.0319
A42: 18_apr | B42: 4.75 | C42: 52.614651
A43: 18_okt | C43: =alapadatok!H44 -> 55.491891
B44: GDP adatok = szezonálisan és naptári hatással kiigazított, kiegyensúlyozott adatokból számolt, féléves növekedési ütemek, előző év = 0,0 | C44: IEER Business Climate Index
A46: Félévekre átszámítva | B46: http://www.ksh.hu/docs/hun/xstadat/xstadat_evkozi/e_qpt001.html

Sheet 1.1. ábra
A1: Oszlop1 | B1: Németország | C1: Euróövezet | G1: Németország és az euróövezet GDP-jének alakulása
A3: 2015 | B3: 1.7 | C3: 2.3
A4: 2016 | B4: 2.2 | C4: 1.9
A5: 2017 | B5: 2.2 | C5: 2.5
A6: 2018 | B6: 1.7 | C6: 2
A7: 2019* | B7: 1.9 | C7: 1.8
A8: 2020* | B8: 1.8 | C8: 1.6
K9: 2018
K10: Németország | L10: Euró övezet
K11: 1.6 | L11: 1.5
A16: Forrás: CESifo 2018
A17: https://www.cesifo-group.de/ifoHome/facts/Forecasts/Gemeinschaftsdiagnose/Archiv/GD-20180927.html
A18: Archívum:
A19: https://www.cesifo-group.de/ifoHome/facts/Forecasts/Gemeinschaftsdiagnose/Archiv.html

Sheet 1.2. és 1.3. ábra
AK1: A GDP változása a válság kezdetéhez képest (2008 I. negyedév=100%)
F2: Forrás Magyarország és Németország kivételével: Eurostat | J2: Forrás: Magyarország és Németország kivételével: Eurostat (GDP and main components (output, expenditure and income) [namq_10_gdp])
J3: Chain linked volumes, percentage change on previous period
B4: dátum: 2016.05.03. | J4: Seasonally and calendar adjusted data
A5: dátum: 2018.04.18. | J5: Gross domestic product at market prices
B10: Magyarország | I10: Németország
B11: Forrás: KSH (http://www.ksh.hu/docs/hun/xstadat/xstadat_evkozi/e_qpt008b.html) | I11: Forrás: Destatis (https://www.destatis.de/EN/FactsFigures/NationalEconomyEnvironment/NationalAccounts/DomesticProduct/Tables/GDPQuarterly1970_xls.html)
B12: Szezonálisan és naptári hatással kiigazított és kiegyensúlyozott adatok (előző negyedév=100,0) | I12: Szezonálisan és naptári hatással kiigazított és kiegyensúlyozott adatok (előző negyedév=100,0)
D13: Eredeti GDP volumenindex | L13: Eredeti GDP volumenindex | U13: Ábrákhoz: | AF13: No-Mo ábrához:
D14: I | E14: I/100 | F14: láncindex | G14: 2008 = 100% | H14: változás 2008 első negyedévéhez képest | L14: I | M14: I/100 | N14: láncindex | O14: 2008=100% | P14: Változás 2008-hoz képest | V14: Hungary | W14: Germany | X14: Czech Republic | Y14: Slovakia | Z14: Poland | AA14: Romania | AB14: Slovenia | AC14: EU-28 | AG14: Hungary | AH14: Germany
B15: 2008 | C15: I | D15: 100.7 | E15: 1.007 | F15: 1 | G15: 100 | H15: 0 | J15: 2008 | K15: I | L15: 100.86555 | M15: 1.0086555 | N15: 1 | O15: 100 | P15: 0 | Q15: 100.9 | R15: 100.9 | V15: Magyarország | W15: Németország | X15: Cseh Köztársaság | Y15: Szlovákia | Z15: Lengyelország | AA15: Románia | AB15: Szlovénia | AC15: EU-28 | AG15: Magyarország | AH15: Németország
C16: II | D16: 100.5 | E16: 1.005 | F16: 1.005 | G16: 100.5 | H16: 0.5 | K16: II | L16: 99.70746 | M16: 0.9970746 | N16: 0.9970746 | O16: 99.70746 | P16: -0.29254022 | Q16: 99.7 | R16: 99.7 | T16: 2008 | U16: I | V16: 0 | W16: 0 | X16: 0 | Y16: 0 | Z16: 0 | AA16: 0 | AB16: 0 | AC16: 0 | AE16: 2008 | AF16: I | AG16: 0 | AH16: 0
C17: III | D17: 99.8 | E17: 0.998 | F17: 1.00299 | G17: 100.299 | H17: 0.299 | K17: III | L17: 99.657702 | M17: 0.99657702 | N17: 0.99366163 | O17: 99.366163 | P17: -0.63383715 | Q17: 99.6 | R17: 99.7 | U17: II | V17: 0.5 | W17: -0.29254022 | X17: 0.8 | Y17: 1.2 | Z17: 0.4 | AA17: 2.4 | AB17: 1.1 | AC17: -0.3 | AF17: II | AG17: 0.5 | AH17: -0.29254022
C18: IV | D18: 96.7 | E18: 0.967 | F18: 0.96989133 | G18: 96.989133 | H18: -3.010867 | K18: IV | L18: 98.066732 | M18: 0.98066732 | N18: 0.97445149 | O18: 97.445149 | P18: -2.5548513 | Q18: 98.1 | R18: 98.1 | U18: III | V18: 0.299 | W18: -0.63383715 | X18: 1.1024 | Y18: 2.5156 | Z18: -0.102 | AA18: 3.3216 | AB18: 0.7967 | AC18: -0.9979 | AF18: III | AG18: 0.299 | AH18: -0.63383715
B19: 2009 | C19: I | D19: 95.9 | E19: 0.959 | F19: 0.93012579 | G19: 93.012579 | H19: -6.9874215 | J19: 2009 | K19: I | L19: 95.506855 | M19: 0.95506855 | N19: 0.93066797 | O19: 93.066797 | P19: -6.9332033 | Q19: 95.5 | R19: 95.5 | U19: IV | V19: -3.010867 | W19: -2.5548513 | X19: -0.6163408 | Y19: 3.540756 | Z19: 0.197694 | AA19: 1.771776 | AB19: -3.0335746 | AC19: -2.7799378 | AF19: IV | AG19: -3.010867 | AH19: -2.5548513
C20: II | D20: 99.8 | E20: 0.998 | F20: 0.92826553 | G20: 92.826553 | H20: -7.1734466 | K20: II | L20: 100.07334 | M20: 1.0007334 | N20: 0.93135056 | O20: 93.135056 | P20: -6.8649439 | Q20: 100.1 | R20: 100.1 | T20: 2009 | U20: I | V20: -6.9874215 | W20: -6.9332033 | X20: -4.0947689 | Y20: -5.8814528 | Z20: 1.9010548 | AA20: -5.4540201 | AB20: -7.3970637 | AC20: -5.4048795 | AE20: 2009 | AF20: I | AG20: -6.9874215 | AH20: -6.9332033
C21: III | D21: 100 | E21: 1 | F21: 0.92826553 | G21: 92.826553 | H21: -7.1734466 | K21: III | L21: 100.61774 | M21: 1.0061774 | N21: 0.93710385 | O21: 93.710385 | P21: -6.2896148 | Q21: 100.6 | R21: 100.6 | U21: II | V21: -7.1734466 | W21: -6.8649439 | X21: -4.8620107 | Y21: -4.4696746 | Z21: 1.9010548 | AA21: -5.1703822 | AB21: -8.508299 | AC21: -5.5940697 | AF21: II | AG21: -7.1734466 | AH21: -6.8649439
C22: IV | D22: 100 | E22: 1 | F22: 0.92826553 | G22: 92.826553 | H22: -7.1734466 | K22: IV | L22: 100.90531 | M22: 1.0090531 | N22: 0.94558752 | O22: 94.558752 | P22: -5.4412482 | Q22: 100.9 | R22: 100.9 | U22: III | V22: -7.1734466 | W22: -6.2896148 | X22: -4.3863208 | Y22: -3.0367197 | Z22: 2.5124611 | AA22: -3.463449 | AB22: -8.3253156 | AC22: -5.3108519 | AF22: III | AG22: -7.1734466 | AH22: -6.2896148
B23: 2010 | C23: I | D23: 99.8 | E23: 0.998 | F23: 0.926409 | G23: 92.6409 | H23: -7.3590997 | J23: 2010 | K23: I | L23: 100.71156 | M23: 1.0071156 | N23: 0.95231594 | O23: 95.231594 | P23: -4.7684057 | Q23: 100.7 | R23: 100.7 | U23: IV | V23: -7.1734466 | W23: -5.4412482 | X23: -4.1950934 | Y23: -1.3883439 | Z23: 4.9727602 | AA23: -2.8842297 | AB23: -8.5086649 | AC23: -4.8374062 | AF23: IV | AG23: -7.1734466 | AH23: -5.4412482
C24: II | D24: 100.6 | E24: 1.006 | F24: 0.93196746 | G24: 93.196746 | H24: -6.8032543 | K24: II | L24: 102.05816 | M24: 1.0205816 | N24: 0.97191614 | O24: 97.191614 | P24: -2.8083862 | Q24: 102 | R24: 102.1 | T24: 2010 | U24: I | V24: -7.3590997 | W24: -4.7684057 | X24: -3.5244591 | Y24: -0.10639241 | Z24: 4.3429236 | AA24: -7.3515552 | AB24: -8.3256823 | AC24: -4.4567558 | AE24: 2010 | AF24: I | AG24: -7.3590997 | AH24: -4.7684057
C25: III | D25: 100.6 | E25: 1.006 | F25: 0.93755926 | G25: 93.755926 | H25: -6.2440738 | K25: III | L25: 100.82271 | M25: 1.0082271 | N25: 0.97991224 | O25: 97.991224 | P25: -2.0087762 | Q25: 100.8 | R25: 100.8 | U25: II | V25: -6.8032543 | W25: -2.8083862 | X25: -2.5597037 | Y25: 0.79265006 | Z25: 5.9080675 | AA25: -6.8883129 | AB25: -7.4089391 | AC25: -3.5968666 | AF25: II | AG25: -6.8032543 | AH25: -2.8083862
C26: IV | D26: 100.1 | E26: 1.001 | F26: 0.93849682 | G26: 93.849682 | H26: -6.1503179 | K26: IV | L26: 100.82595 | M26: 1.0082595 | N26: 0.98800585 | O26: 98.800585 | P26: -1.1994149 | Q26: 100.8 | R26: 100.8 | U26: III | V26: -6.2440738 | W26: -2.0087762 | X26: -2.0725022 | Y26: 1.8005766 | Z26: 7.3907804 | AA26: -7.7263181 | AB26: -6.9459838 | AC26: -3.1148509 | AF26: III | AG26: -6.2440738 | AH26: -2.0087762
B27: 2011 | C27: I | D27: 100.8 | E27: 1.008 | F27: 0.9460048 | G27: 94.60048 | H27: -5.3995205 | J27: 2011 | K27: I | L27: 101.74694 | M27: 1.0174694 | N27: 1.0052657 | O27: 100.52657 | P27: 0.5265724 | Q27: 101.8 | R27: 101.7 | U27: IV | V27: -6.1503179 | W27: -1.1994149 | X27: -1.5828647 | Y27: 2.41138 | Z27: 8.4646882 | AA27: -5.7885708 | AB27: -6.2946057 | AC27: -2.5335401 | AF27: IV | AG27: -6.1503179 | AH27: -1.1994149
C28: II | D28: 100 | E28: 1 | F28: 0.9460048 | G28: 94.60048 | H28: -5.3995205 | K28: II | L28: 100.19401 | M28: 1.0019401 | N28: 1.007216 | O28: 100.7216 | P28: 0.72159922 | Q28: 100.2 | R28: 100.2 | T28: 2011 | U28: I | V28: -5.3995205 | W28: 0.5265724 | X28: -0.89394474 | Y28: 3.0258483 | Z28: 9.8747292 | AA28: -5.8827822 | AB28: -6.2946057 | AC28: -1.7538084 | AE28: 2011 | AF28: I | AG28: -5.3995205 | AH28: 0.5265724
C29: III | D29: 100.3 | E29: 1.003 | F29: 0.94884281 | G29: 94.884281 | H29: -5.115719 | K29: III | L29: 100.49376 | M29: 1.0049376 | N29: 1.0121892 | O29: 101.21892 | P29: 1.2189176 | Q29: 100.5 | R29: 100.5 | U29: II | V29: -5.3995205 | W29: 0.72159922 | X29: -0.69573263 | Y29: 3.8500551 | Z29: 11.303101 | AA29: -5.788665 | AB29: -5.9197841 | AC29: -1.6555622 | AF29: II | AG29: -5.3995205 | AH29: 0.72159922
C30: IV | D30: 100.8 | E30: 1.008 | F30: 0.95643355 | G30: 95.643355 | H30: -4.3566448 | K30: IV | L30: 100.00963 | M30: 1.0000963 | N30: 1.0122867 | O30: 101.22867 | P30: 1.2286689 | Q30: 100 | R30: 100 | U30: III | V30: -5.115719 | W30: 1.2189176 | X30: -0.89434117 | Y30: 4.3693054 | Z30: 12.750041 | AA30: -3.9986496 | AB30: -6.296105 | AC30: -1.5572177 | AF30: III | AG30: -5.115719 | AH30: 1.2189176
B31: 2012 | C31: I | D31: 97.8 | E31: 0.978 | F31: 0.93539201 | G31: 93.539201 | H31: -6.4607986 | J31: 2012 | K31: I | L31: 100.26972 | M31: 1.0026972 | N31: 1.0150171 | O31: 101.50171 | P31: 1.5017065 | Q31: 100.3 | R31: 100.3 | U31: IV | V31: -4.3566448 | W31: 1.2286689 | X31: -0.69612985 | Y31: 5.2042598 | Z31: 13.652041 | AA31: -4.9586632 | AB31: -7.0457361 | AC31: -1.7541033 | AF31: IV | AG31: -4.3566448 | AH31: 1.2286689
C32: II | D32: 99.7 | E32: 0.997 | F32: 0.93258584 | G32: 93.258584 | H32: -6.7414162 | K32: II | L32: 100.12489 | M32: 1.0012489 | N32: 1.0162847 | O32: 101.62847 | P32: 1.6284739 | Q32: 100.1 | R32: 100.1 | T32: 2012 | U32: I | V32: -6.4607986 | W32: 1.5017065 | X32: -0.79543372 | Y32: 5.5198726 | Z32: 13.765693 | AA32: -4.6735391 | AB32: -7.3245989 | AC32: -1.7541033 | AE32: 2012 | AF32: I | AG32: -6.4607986 | AH32: 1.5017065 | AK32: Magyarország és Németország GDP-jének változása a válság kezdetéhez képest (2008 I. negyedév=100%)
C33: III | D33: 100.4 | E33: 1.004 | F33: 0.93631618 | G33: 93.631618 | H33: -6.3683819 | K33: III | L33: 100.28785 | M33: 1.0028785 | N33: 1.0192101 | O33: 101.92101 | P33: 1.9210141 | Q33: 100.2 | R33: 100.3 | U33: II | V33: -6.7414162 | W33: 1.6284739 | X33: -1.2914566 | Y33: 5.8364322 | Z33: 13.538162 | AA33: -2.9576628 | AB33: -8.6220545 | AC33: -1.9505951 | AF33: II | AG33: -6.7414162 | AH33: 1.6284739
C34: IV | D34: 99.8 | E34: 0.998 | F34: 0.93444355 | G34: 93.444355 | H34: -6.5556451 | K34: IV | L34: 99.521623 | M34: 0.99521623 | N34: 1.0143345 | O34: 101.43345 | P34: 1.4334471 | Q34: 99.6 | R34: 99.5 | U34: III | V34: -6.3683819 | W34: 1.9210141 | X34: -1.7849993 | Y34: 6.0481051 | Z34: 14.105853 | AA34: -4.3162556 | AB34: -9.0789443 | AC34: -1.8525457 | AF34: III | AG34: -6.3683819 | AH34: 1.9210141
B35: 2013 | C35: I | D35: 100.7 | E35: 1.007 | F35: 0.94098465 | G35: 94.098465 | H35: -5.9015346 | J35: 2013 | K35: I | L35: 99.721207 | M35: 0.99721207 | N35: 1.0115066 | O35: 101.15066 | P35: 1.1506582 | Q35: 99.8 | R35: 99.7 | U35: IV | V35: -6.5556451 | W35: 1.4334471 | X35: -2.0796443 | Y35: 6.1541532 | Z35: 13.649429 | AA35: -3.6464694 | AB35: -10.169997 | AC35: -2.2451355 | AF35: IV | AG35: -6.5556451 | AH35: 1.4334471
C36: II | D36: 100.9 | E36: 1.009 | F36: 0.94945352 | G36: 94.945352 | H36: -5.0546484 | K36: II | L36: 100.92548 | M36: 1.0092548 | N36: 1.0208679 | O36: 102.08679 | P36: 2.0867869 | Q36: 100.9 | R36: 100.9 | T36: 2013 | U36: I | V36: -5.9015346 | W36: 1.1506582 | X36: -2.569246 | Y36: 6.5787698 | Z36: 13.876728 | AA36: -2.5865805 | AB36: -10.349657 | AC36: -2.3428904 | AE36: 2013 | AF36: I | AG36: -5.9015346 | AH36: 1.1506582 | AK36: =AG36-AH36 -> -7.0521928
C37: III | D37: 101.3 | E37: 1.013 | F37: 0.96179641 | G37: 96.179641 | H37: -3.8203588 | K37: III | L37: 100.56357 | M37: 1.0056357 | N37: 1.0266212 | O37: 102.66212 | P37: 2.662116 | Q37: 100.5 | R37: 100.6 | U37: II | V37: -5.0546484 | W37: 2.0867869 | X37: -2.3743845 | Y37: 7.1116636 | Z37: 15.129372 | AA37: -1.0279658 | AB37: -10.349657 | AC37: -1.8546048 | AF37: II | AG37: -5.0546484 | AH37: 2.0867869 | AK37: =AG37-AH37 -> -7.1414354
C38: IV | D38: 101.1 | E38: 1.011 | F38: 0.97237617 | G38: 97.237617 | H38: -2.7623828 | K38: IV | L38: 100.37994 | M38: 1.0037994 | N38: 1.0305217 | O38: 103.05217 | P38: 3.0521697 | Q38: 100.4 | R38: 100.4 | U38: III | V38: -3.8203588 | W38: 2.662116 | X38: -2.0815077 | Y38: 7.7543336 | Z38: 16.050407 | AA38: -0.23618953 | AB38: -9.8117549 | AC38: -1.3638779 | AF38: III | AG38: -3.8203588 | AH38: 2.662116 | AK38: =AG38-AH38 -> -6.4824749
B39: 2014 | C39: I | D39: 100.9 | E39: 1.009 | F39: 0.98112756 | G39: 98.112756 | H39: -1.8872442 | J39: 2014 | K39: I | L39: 100.99357 | M39: 1.0099357 | N39: 1.0407606 | O39: 104.07606 | P39: 4.0760605 | Q39: 100.9 | R39: 101 | U39: IV | V39: -2.7623828 | W39: 3.0521697 | X39: -0.80856729 | Y39: 8.5086139 | Z39: 16.166458 | AA39: 1.2602676 | AB39: -8.6393077 | AC39: -1.0679695 | AF39: IV | AG39: -2.7623828 | AH39: 3.0521697 | AK39: =AG39-AH39 -> -5.8145525
C40: II | D40: 101.2 | E40: 1.012 | F40: 0.99290109 | G40: 99.290109 | H40: -0.70989117 | K40: II | L40: 99.943783 | M40: 0.99943783 | N40: 1.0401755 | O40: 104.01755 | P40: 4.0175524 | Q40: 99.8 | R40: 99.9 | T40: 2014 | U40: I | V40: -1.8872442 | W40: 4.0760605 | X40: -1.0069502 | Y40: 9.2681742 | Z40: 17.328122 | AA40: 1.5640484 | AB40: -8.3652256 | AC40: -0.57330934 | AE40: 2014 | AF40: I | AG40: -1.8872442 | AH40: 4.0760605 | AK40: =AG40-AH40 -> -5.9633047
C41: III | D41: 100.9 | E41: 1.009 | F41: 1.0018372 | G41: 100.18372 | H41: 0.18371981 | K41: III | L41: 100.34686 | M41: 1.0034686 | N41: 1.0437835 | O41: 104.37835 | P41: 4.378352 | Q41: 100.3 | R41: 100.3 | U41: II | V41: -0.70989117 | W41: 4.0175524 | X41: -0.11601271 | Y41: 10.033051 | Z41: 18.618732 | AA41: 1.7671765 | AB41: -7.4488779 | AC41: -0.17560258 | AF41: II | AG41: -0.70989117 | AH41: 4.0175524 | AK41: =AG41-AH41 -> -4.7274436
C42: IV | D42: 100.6 | E42: 1.006 | F42: 1.0078482 | G42: 100.78482 | H42: 0.78482213 | K42: IV | L42: 100.96226 | M42: 1.0096226 | N42: 1.0538274 | O42: 105.38274 | P42: 5.3827401 | Q42: 100.9 | R42: 101 | U42: III | V42: 0.18371981 | W42: 4.378352 | X42: 1.1824791 | Y42: 10.913316 | Z42: 19.6863 | AA42: 3.4972185 | AB42: -6.8935711 | AC42: 0.32351941 | AF42: III | AG42: 0.18371981 | AH42: 4.378352 | AK42: =AG42-AH42 -> -4.1946322
B43: 2015 | C43: I | D43: 101.5 | E43: 1.015 | F43: 1.0229659 | G43: 102.29659 | H43: 2.2965945 | J43: 2015 | K43: I | L43: 99.861201 | M43: 0.99861201 | N43: 1.0523647 | O43: 105.23647 | P43: 5.23647 | Q43: 100.1 | R43: 99.9 | U43: IV | V43: 0.78482213 | W43: 5.3827401 | X43: 2.4978514 | Y43: 11.800622 | Z43: 20.284732 | AA43: 4.4286935 | AB43: -6.6142519 | AC43: 0.92546053 | AF43: IV | AG43: 0.78482213 | AH43: 5.3827401 | AK43: =AG43-AH43 -> -4.597918
C44: II | D44: 100.2 | E44: 1.002 | F44: 1.0250119 | G44: 102.50119 | H44: 2.5011876 | K44: II | L44: 100.59303 | M44: 1.0059303 | N44: 1.0586056 | O44: 105.86056 | P44: 5.8605558 | Q44: 100.4 | R44: 100.6 | T44: 2015 | U44: I | V44: 2.2965945 | W44: 5.23647 | X44: 4.137817 | Y44: 13.030429 | Z44: 21.728148 | AA44: 5.7862665 | AB44: -6.1473231 | AC44: 1.6319388 | AE44: 2015 | AF44: I | AG44: 2.2965945 | AH44: 5.23647 | AK44: =AG44-AH44 -> -2.9398756
C45: III | D45: 100.7 | E45: 1.007 | F45: 1.032187 | G45: 103.2187 | H45: 3.218696 | K45: III | L45: 100.30398 | M45: 1.0030398 | N45: 1.0618235 | O45: 106.18235 | P45: 6.1823501 | Q45: 100.3 | R45: 100.3 | U45: II | V45: 2.5011876 | W45: 5.8605558 | X45: 5.6998842 | Y45: 14.160734 | Z45: 22.580245 | AA45: 5.4689077 | AB45: -5.4903544 | AC45: 2.1400984 | AF45: II | AG45: 2.5011876 | AH45: 5.8605558 | AK45: =AG45-AH45 -> -3.3593682
C46: IV | D46: 101 | E46: 1.01 | F46: 1.0425088 | G46: 104.25088 | H46: 4.2508829 | K46: IV | L46: 100.55101 | M46: 1.0055101 | N46: 1.0676743 | O46: 106.76743 | P46: 6.7674305 | Q46: 100.4 | R46: 100.6 | U46: III | V46: 3.218696 | W46: 6.1823501 | X46: 6.862583 | Y46: 15.416502 | Z46: 24.051208 | AA46: 7.367348 | AB46: -5.3013351 | AC46: 2.6507989 | AF46: III | AG46: 3.218696 | AH46: 6.1823501 | AK46: =AG46-AH46 -> -2.9636541
B47: 2016 | C47: I | D47: 99.6 | E47: 0.996 | F47: 1.0383388 | G47: 103.83388 | H47: 3.8338794 | J47: 2016 | K47: I | L47: 100.91333 | M47: 1.0091333 | N47: 1.0774256 | O47: 107.74256 | P47: 7.7425646 | Q47: 100.6 | R47: 100.9 | U47: IV | V47: 4.2508829 | W47: 6.7674305 | X47: 7.610621 | Y47: 16.45525 | Z47: 25.415772 | AA47: 8.6557562 | AB47: -4.8278418 | AC47: 3.2667037 | AF47: IV | AG47: 4.2508829 | AH47: 6.7674305 | AK47: =AG47-AH47 -> -2.5165476
C48: II | D48: 101.3 | E48: 1.013 | F48: 1.0518372 | G48: 105.18372 | H48: 5.1837198 | K48: II | L48: 100.44348 | M48: 1.0044348 | N48: 1.0822038 | O48: 108.22038 | P48: 8.2203803 | Q48: 100.5 | R48: 100.4 | T48: 2016 | U48: I | V48: 3.8338794 | W48: 7.7425646 | X48: 7.9334529 | Y48: 17.270437 | Z48: 25.16494 | AA48: 10.176937 | AB48: -3.9712923 | AC48: 3.886304 | AE48: 2016 | AF48: I | AG48: 3.8338794 | AH48: 7.7425646 | AK48: =AG48-AH48 -> -3.9086852
C49: III | D49: 100.6 | E49: 1.006 | F49: 1.0581482 | G49: 105.81482 | H49: 5.8148221 | K49: III | L49: 100.1712 | M49: 1.001712 | N49: 1.0840566 | O49: 108.40566 | P49: 8.4056558 | Q49: 100.3 | R49: 100.2 | U49: II | V49: 5.1837198 | W49: 8.2203803 | X49: 8.2572533 | Y49: 18.09133 | Z49: 26.792084 | AA49: 11.609237 | AB49: -3.107034 | AC49: 4.1979629 | AF49: II | AG49: 5.1837198 | AH49: 8.2203803 | AK49: =AG49-AH49 -> -3.0366605
C50: IV | D50: 100.8 | E50: 1.008 | F50: 1.0666134 | G50: 106.66134 | H50: 6.6613407 | K50: IV | L50: 100.38679 | M50: 1.0038679 | N50: 1.0882496 | O50: 108.82496 | P50: 8.8249634 | Q50: 100.4 | R50: 100.4 | U50: III | V50: 5.8148221 | W50: 8.4056558 | X50: 8.6902823 | Y50: 18.917969 | Z50: 27.045669 | AA50: 11.720846 | AB50: -1.7505324 | AC50: 4.6147547 | AF50: III | AG50: 5.8148221 | AH50: 8.4056558 | AK50: =AG50-AH50 -> -2.5908336
B51: 2017 | C51: I | D51: 101.4 | E51: 1.014 | F51: 1.081546 | G51: 108.1546 | H51: 8.1545995 | J51: 2017 | K51: I | L51: 101.11111 | M51: 1.0111111 | N51: 1.1003413 | O51: 110.03413 | P51: 10.03413 | Q51: 100.9 | R51: 101.1 | U51: IV | V51: 6.6613407 | W51: 8.8249634 | X51: 9.5598045 | Y51: 19.988231 | Z51: 29.586582 | AA51: 13.955263 | AB51: -1.1610356 | AC51: 5.4516728 | AF51: IV | AG51: 6.6613407 | AH51: 8.8249634 | AK51: =AG51-AH51 -> -2.1636227
C52: II | D52: 101.1 | E52: 1.011 | F52: 1.093443 | G52: 109.3443 | H52: 9.3443001 | K52: II | L52: 100.54945 | M52: 1.0054945 | N52: 1.1063871 | O52: 110.63871 | P52: 10.638713 | Q52: 100.6 | R52: 100.5 | T52: 2017 | U52: I | V52: 8.1545995 | W52: 10.03413 | X52: 10.984082 | Y52: 20.948137 | Z52: 30.882448 | AA52: 16.690189 | AB52: 0.51922676 | AC52: 6.1898345 | AE52: 2017 | AF52: I | AG52: 8.1545995 | AH52: 10.03413 | AK52: =AG52-AH52 -> -1.8795302
C53: III | D53: 101.1 | E53: 1.011 | F53: 1.1054709 | G53: 110.54709 | H53: 10.547087 | K53: III | L53: 100.5817 | M53: 1.005817 | N53: 1.112823 | O53: 111.2823 | P53: 11.282301 | Q53: 100.7 | R53: 100.6 | U53: II | V53: 9.3443001 | W53: 10.638713 | X53: 13.536716 | Y53: 22.03667 | Z53: 32.06039 | AA53: 18.440542 | AB53: 1.9264959 | AC53: 6.8269735 | AF53: II | AG53: 9.3443001 | AH53: 10.638713 | AK53: =AG53-AH53 -> -1.2944127
C54: IV | D54: 101.3 | E54: 1.013 | F54: 1.119842 | G54: 111.9842 | H54: 11.9842 | K54: IV | L54: 100.53453 | M54: 1.0053453 | N54: 1.1187713 | O54: 111.87713 | P54: 11.877133 | Q54: 100.6 | R54: 100.5 | U54: III | V54: 10.547087 | W54: 11.282301 | X54: 14.104399 | Y54: 23.135 | Z54: 33.909235 | AA54: 21.046234 | AB54: 2.9457609 | AC54: 7.4679353 | AF54: III | AG54: 10.547087 | AH54: 11.282301 | AK54: =AG54-AH54 -> -0.73521393
B55: 2018 | C55: I | D55: 101.2 | E55: 1.012 | F55: 1.1332801 | G55: 113.32801 | H55: 13.32801 | J55: 2018 | K55: I | L55: 100.36608 | M55: 1.0036608 | N55: 1.1228669 | O55: 112.28669 | P55: 12.286689 | Q55: 101.6 | R55: 100.4 | U55: IV | V55: 11.9842 | W55: 11.877133 | X55: 14.90313 | Y55: 24.243215 | Z55: 35.248328 | AA55: 21.409373 | AB55: 5.0046761 | AC55: 8.1127429 | AF55: IV | AG55: 11.9842 | AH55: 11.877133 | AK55: =AG55-AH55 -> 0.10706641
C56: II | D56: 101 | E56: 1.01 | F56: 1.1446129 | G56: 114.46129 | H56: 14.46129 | K56: II | L56: 100.45158 | M56: 1.0045158 | N56: 1.1279376 | O56: 112.79376 | P56: 12.793759 | Q56: 102.6 | R56: 100.5 | T56: 2018 | U56: I | V56: 13.32801 | W56: 12.286689 | X56: 15.477646 | Y56: 25.485647 | Z56: 37.412301 | AA56: 21.530782 | AB56: 5.5296995 | AC56: 8.5451939 | AE56: 2018 | AF56: I | AG56: 13.32801 | AH56: 12.286689 | AK56: =AG56-AH56 -> 1.0413205
U57: II | V57: 14.46129 | W57: 12.793759 | X57: 16.285989 | Y57: 26.865989 | Z57: 38.786424 | AA57: 23.232213 | AB57: 6.3739371 | AC57: 9.0879199 | AF57: II | AG57: 14.46129 | AH57: 12.793759 | AK57: =AG57-AH57 -> 1.6675309
B59: Szlovákia | D59: Eredeti GDP volumenindex (Seasonally adjusted data, not calendar adjusted data) | J59: Szlovénia | L59: Eredeti GDP volumenindex
D60: I | E60: I/100 | F60: láncindex | G60: 2008 = 100% | H60: változás 2008 első negyedévéhez képest | L60: I | M60: I/100 | N60: láncindex | O60: 2008=100% | P60: Változás 2008-hoz képest
B61: 2008 | C61: I | D61: 97.5 | E61: 0.975 | F61: 1 | G61: 100 | H61: 0 | J61: 2008 | K61: I | L61: 101.4 | M61: 1.014 | N61: 1 | O61: 100 | P61: 0
C62: II | D62: 101.2 | E62: 1.012 | F62: 1.012 | G62: 101.2 | H62: 1.2 | K62: II | L62: 101.1 | M62: 1.011 | N62: 1.011 | O62: 101.1 | P62: 1.1
C63: III | D63: 101.3 | E63: 1.013 | F63: 1.025156 | G63: 102.5156 | H63: 2.5156 | K63: III | L63: 99.7 | M63: 0.997 | N63: 1.007967 | O63: 100.7967 | P63: 0.7967
C64: IV | D64: 101 | E64: 1.01 | F64: 1.0354076 | G64: 103.54076 | H64: 3.540756 | K64: IV | L64: 96.2 | M64: 0.962 | N64: 0.96966425 | O64: 96.966425 | P64: -3.0335746
B65: 2009 | C65: I | D65: 90.9 | E65: 0.909 | F65: 0.94118547 | G65: 94.118547 | H65: -5.8814528 | J65: 2009 | K65: I | L65: 95.5 | M65: 0.955 | N65: 0.92602936 | O65: 92.602936 | P65: -7.3970637
C66: II | D66: 101.5 | E66: 1.015 | F66: 0.95530325 | G66: 95.530325 | H66: -4.4696746 | K66: II | L66: 98.8 | M66: 0.988 | N66: 0.91491701 | O66: 91.491701 | P66: -8.508299
C67: III | D67: 101.5 | E67: 1.015 | F67: 0.9696328 | G67: 96.96328 | H67: -3.0367197 | K67: III | L67: 100.2 | M67: 1.002 | N67: 0.91674684 | O67: 91.674684 | P67: -8.3253156
C68: IV | D68: 101.7 | E68: 1.017 | F68: 0.98611656 | G68: 98.611656 | H68: -1.3883439 | K68: IV | L68: 99.8 | M68: 0.998 | N68: 0.91491335 | O68: 91.491335 | P68: -8.5086649
B69: 2010 | C69: I | D69: 101.3 | E69: 1.013 | F69: 0.99893608 | G69: 99.893608 | H69: -0.10639241 | J69: 2010 | K69: I | L69: 100.2 | M69: 1.002 | N69: 0.91674318 | O69: 91.674318 | P69: -8.3256823
C70: II | D70: 100.9 | E70: 1.009 | F70: 1.0079265 | G70: 100.79265 | H70: 0.79265006 | K70: II | L70: 101 | M70: 1.01 | N70: 0.92591061 | O70: 92.591061 | P70: -7.4089391
C71: III | D71: 101 | E71: 1.01 | F71: 1.0180058 | G71: 101.80058 | H71: 1.8005766 | K71: III | L71: 100.5 | M71: 1.005 | N71: 0.93054016 | O71: 93.054016 | P71: -6.9459838
C72: IV | D72: 100.6 | E72: 1.006 | F72: 1.0241138 | G72: 102.41138 | H72: 2.41138 | K72: IV | L72: 100.7 | M72: 1.007 | N72: 0.93705394 | O72: 93.705394 | P72: -6.2946057
B73: 2011 | C73: I | D73: 100.6 | E73: 1.006 | F73: 1.0302585 | G73: 103.02585 | H73: 3.0258483 | J73: 2011 | K73: I | L73: 100 | M73: 1 | N73: 0.93705394 | O73: 93.705394 | P73: -6.2946057
C74: II | D74: 100.8 | E74: 1.008 | F74: 1.0385006 | G74: 103.85006 | H74: 3.8500551 | K74: II | L74: 100.4 | M74: 1.004 | N74: 0.94080216 | O74: 94.080216 | P74: -5.9197841
C75: III | D75: 100.5 | E75: 1.005 | F75: 1.0436931 | G75: 104.36931 | H75: 4.3693054 | K75: III | L75: 99.6 | M75: 0.996 | N75: 0.93703895 | O75: 93.703895 | P75: -6.296105
C76: IV | D76: 100.8 | E76: 1.008 | F76: 1.0520426 | G76: 105.20426 | H76: 5.2042598 | K76: IV | L76: 99.2 | M76: 0.992 | N76: 0.92954264 | O76: 92.954264 | P76: -7.0457361
B77: 2012 | C77: I | D77: 100.3 | E77: 1.003 | F77: 1.0551987 | G77: 105.51987 | H77: 5.5198726 | J77: 2012 | K77: I | L77: 99.7 | M77: 0.997 | N77: 0.92675401 | O77: 92.675401 | P77: -7.3245989
C78: II | D78: 100.3 | E78: 1.003 | F78: 1.0583643 | G78: 105.83643 | H78: 5.8364322 | K78: II | L78: 98.6 | M78: 0.986 | N78: 0.91377945 | O78: 91.377945 | P78: -8.6220545
C79: III | D79: 100.2 | E79: 1.002 | F79: 1.0604811 | G79: 106.04811 | H79: 6.0481051 | K79: III | L79: 99.5 | M79: 0.995 | N79: 0.90921056 | O79: 90.921056 | P79: -9.0789443
C80: IV | D80: 100.1 | E80: 1.001 | F80: 1.0615415 | G80: 106.15415 | H80: 6.1541532 | K80: IV | L80: 98.8 | M80: 0.988 | N80: 0.89830003 | O80: 89.830003 | P80: -10.169997
B81: 2013 | C81: I | D81: 100.4 | E81: 1.004 | F81: 1.0657877 | G81: 106.57877 | H81: 6.5787698 | J81: 2013 | K81: I | L81: 99.8 | M81: 0.998 | N81: 0.89650343 | O81: 89.650343 | P81: -10.349657
C82: II | D82: 100.5 | E82: 1.005 | F82: 1.0711166 | G82: 107.11166 | H82: 7.1116636 | K82: II | L82: 100 | M82: 1 | N82: 0.89650343 | O82: 89.650343 | P82: -10.349657
C83: III | D83: 100.6 | E83: 1.006 | F83: 1.0775433 | G83: 107.75433 | H83: 7.7543336 | K83: III | L83: 100.6 | M83: 1.006 | N83: 0.90188245 | O83: 90.188245 | P83: -9.8117549
C84: IV | D84: 100.7 | E84: 1.007 | F84: 1.0850861 | G84: 108.50861 | H84: 8.5086139 | K84: IV | L84: 101.3 | M84: 1.013 | N84: 0.91360692 | O84: 91.360692 | P84: -8.6393077
B85: 2014 | C85: I | D85: 100.7 | E85: 1.007 | F85: 1.0926817 | G85: 109.26817 | H85: 9.2681742 | J85: 2014 | K85: I | L85: 100.3 | M85: 1.003 | N85: 0.91634774 | O85: 91.634774 | P85: -8.3652256
C86: II | D86: 100.7 | E86: 1.007 | F86: 1.1003305 | G86: 110.03305 | H86: 10.033051 | K86: II | L86: 101 | M86: 1.01 | N86: 0.92551122 | O86: 92.551122 | P86: -7.4488779
C87: III | D87: 100.8 | E87: 1.008 | F87: 1.1091332 | G87: 110.91332 | H87: 10.913316 | K87: III | L87: 100.6 | M87: 1.006 | N87: 0.93106429 | O87: 93.106429 | P87: -6.8935711
C88: IV | D88: 100.8 | E88: 1.008 | F88: 1.1180062 | G88: 111.80062 | H88: 11.800622 | K88: IV | L88: 100.3 | M88: 1.003 | N88: 0.93385748 | O88: 93.385748 | P88: -6.6142519
B89: 2015 | C89: I | D89: 101.1 | E89: 1.011 | F89: 1.1303043 | G89: 113.03043 | H89: 13.030429 | J89: 2015 | K89: I | L89: 100.5 | M89: 1.005 | N89: 0.93852677 | O89: 93.852677 | P89: -6.1473231
C90: II | D90: 101 | E90: 1.01 | F90: 1.1416073 | G90: 114.16073 | H90: 14.160734 | K90: II | L90: 100.7 | M90: 1.007 | N90: 0.94509646 | O90: 94.509646 | P90: -5.4903544
C91: III | D91: 101.1 | E91: 1.011 | F91: 1.154165 | G91: 115.4165 | H91: 15.416502 | K91: III | L91: 100.2 | M91: 1.002 | N91: 0.94698665 | O91: 94.698665 | P91: -5.3013351
C92: IV | D92: 100.9 | E92: 1.009 | F92: 1.1645525 | G92: 116.45525 | H92: 16.45525 | K92: IV | L92: 100.5 | M92: 1.005 | N92: 0.95172158 | O92: 95.172158 | P92: -4.8278418
B93: 2016 | C93: I | D93: 100.7 | E93: 1.007 | F93: 1.1727044 | G93: 117.27044 | H93: 17.270437 | J93: 2016 | K93: I | L93: 100.9 | M93: 1.009 | N93: 0.96028708 | O93: 96.028708 | P93: -3.9712923
C94: II | D94: 100.7 | E94: 1.007 | F94: 1.1809133 | G94: 118.09133 | H94: 18.09133 | K94: II | L94: 100.9 | M94: 1.009 | N94: 0.96892966 | O94: 96.892966 | P94: -3.107034
C95: III | D95: 100.7 | E95: 1.007 | F95: 1.1891797 | G95: 118.91797 | H95: 18.917969 | K95: III | L95: 101.4 | M95: 1.014 | N95: 0.98249468 | O95: 98.249468 | P95: -1.7505324
C96: IV | D96: 100.9 | E96: 1.009 | F96: 1.1998823 | G96: 119.98823 | H96: 19.988231 | K96: IV | L96: 100.6 | M96: 1.006 | N96: 0.98838964 | O96: 98.838964 | P96: -1.1610356
B97: 2017 | C97: I | D97: 100.8 | E97: 1.008 | F97: 1.2094814 | G97: 120.94814 | H97: 20.948137 | J97: 2017 | K97: I | L97: 101.7 | M97: 1.017 | N97: 1.0051923 | O97: 100.51923 | P97: 0.51922676
C98: II | D98: 100.9 | E98: 1.009 | F98: 1.2203667 | G98: 122.03667 | H98: 22.03667 | K98: II | L98: 101.4 | M98: 1.014 | N98: 1.019265 | O98: 101.9265 | P98: 1.9264959
C99: III | D99: 100.9 | E99: 1.009 | F99: 1.23135 | G99: 123.135 | H99: 23.135 | K99: III | L99: 101 | M99: 1.01 | N99: 1.0294576 | O99: 102.94576 | P99: 2.9457609
C100: IV | D100: 100.9 | E100: 1.009 | F100: 1.2424322 | G100: 124.24322 | H100: 24.243215 | K100: IV | L100: 102 | M100: 1.02 | N100: 1.0500468 | O100: 105.00468 | P100: 5.0046761
B101: 2018 | C101: I | D101: 101 | E101: 1.01 | F101: 1.2548565 | G101: 125.48565 | H101: 25.485647 | J101: 2018 | K101: I | L101: 100.5 | M101: 1.005 | N101: 1.055297 | O101: 105.5297 | P101: 5.5296995
C102: II | D102: 101.1 | E102: 1.011 | F102: 1.2686599 | G102: 126.86599 | H102: 26.865989 | K102: II | L102: 100.8 | M102: 1.008 | N102: 1.0637394 | O102: 106.37394 | P102: 6.3739371
B105: Lengyelország | D105: Eredeti GDP volumenindex | K105: Románia | L105: Eredeti GDP volumenindex
D106: I | E106: I/100 | F106: láncindex | G106: 2008 = 100% | H106: változás 2008 első negyedévéhez képest | L106: I | M106: I/100 | N106: láncindex | O106: 2008=100% | P106: Változás 2008-hoz képest
B107: 2008 | C107: I | D107: 102 | E107: 1.02 | F107: 1 | G107: 100 | H107: 0 | J107: 2008 | K107: I | L107: 102.7 | M107: 1.027 | N107: 1 | O107: 100 | P107: 0
...

Sheet 1.4.-1.6. ábra
C1: GDP (Magyarország) | E1: GDP (Németország)
A2: Oszlop1 | B2: Oszlop2 | C2: Szezonálisan és naptári hatással kiigazított és kiegyensúlyozott adatok (előző negyedév=0,0) | D2: Magyarország | E2: Németország
A3: 1996 | B3: I | C3: 0.2 | G3: A GDP szezonálisan és naptári hatással kiigazított, kiegyensúlyozott volumenindexe
B4: II | C4: -0.3
B5: III | C5: 0
B6: IV | C6: 1.1
A7: 1997 | B7: I | C7: 1
B8: II | C8: 1
B9: III | C9: 1
B10: IV | C10: 1
A11: 1998 | B11: I | C11: 1.1
B12: II | C12: 1.4
B13: III | C13: 0.8
B14: IV | C14: 0.2
A15: 1999 | B15: I | C15: 0.2
B16: II | C16: 1
B17: III | C17: 1.7
B18: IV | C18: 1.1
A19: 2000 | B19: I | C19: 0.8
B20: II | C20: 1.1
B21: III | C21: 0.8
B22: IV | C22: 1.6 | G22: Az ipari termelés szezonálisan és munkanappal kiigazított volumenindexe
A23: 2001 | B23: I | C23: 0.8
B24: II | C24: 0.9
B25: III | C25: 0.8
B26: IV | C26: 0.8
A27: 2002 | B27: I | C27: 2.1
B28: II | C28: 0.5
B29: III | C29: 1
B30: IV | C30: 1
A31: 2003 | B31: I | C31: 0.6
B32: II | C32: 1.2
B33: III | C33: 1.1
B34: IV | C34: 1.2
A35: 2004 | B35: I | C35: 1.4
B36: II | C36: 1.1
B37: III | C37: 1.2
B38: IV | C38: 0.5
A39: 2005 | B39: I | C39: 1.3
B40: II | C40: 1.6
B41: III | C41: 0.8 | G41: Az ipari termelés és értékesítés volumenindexe
B42: IV | C42: 1.2
A43: 2006 | B43: I | C43: 0.8
B44: II | C44: 1.3
B45: III | C45: 0.6
B46: IV | C46: 0.9
A47: 2007 | B47: I | C47: -1
B48: II | C48: -0.1
B49: III | C49: 0.5
B50: IV | C50: 0.3
A51: 2008 | B51: I | C51: 0.7 | D51: 0 | E51: 0
B52: II | C52: 0.5 | D52: 0.5 | E52: -0.29254022
B53: III | C53: -0.2 | D53: 0.299 | E53: -0.63383715
B54: IV | C54: -3.3 | D54: -3.010867 | E54: -2.5548513
A55: 2009 | B55: I | C55: -4.1 | D55: -6.9874215 | E55: -6.9332033
B56: II | C56: -0.2 | D56: -7.1734466 | E56: -6.8649439
B57: III | C57: 0 | D57: -7.1734466 | E57: -6.2896148
B58: IV | C58: 0 | D58: -7.1734466 | E58: -5.4412482
A59: 2010 | B59: I | C59: -0.2 | D59: -7.3590997 | E59: -4.7684057
B60: II | C60: 0.6 | D60: -6.8032543 | E60: -2.8083862
B61: III | C61: 0.6 | D61: -6.2440738 | E61: -2.0087762
B62: IV | C62: 0.1 | D62: -6.1503179 | E62: -1.1994149
A63: 2011 | B63: I | C63: 0.8 | D63: -5.3995205 | E63: 0.5265724
B64: II | C64: 0 | D64: -5.3995205 | E64: 0.72159922
B65: III | C65: 0.3 | D65: -5.115719 | E65: 1.2189176
B66: IV | C66: 0.8 | D66: -4.3566448 | E66: 1.2286689
A67: 2012 | B67: I | C67: -2.2 | D67: -6.4607986 | E67: 1.5017065
B68: II | C68: -0.3 | D68: -6.7414162 | E68: 1.6284739
B69: III | C69: 0.4 | D69: -6.3683819 | E69: 1.9210141
B70: IV | C70: -0.2 | D70: -6.5556451 | E70: 1.4334471
A71: 2013 | B71: I | C71: 0.7 | D71: -5.9015346 | E71: 1.1506582
B72: II | C72: 0.9 | D72: -5.0546484 | E72: 2.0867869
B73: III | C73: 1.3 | D73: -3.8203588 | E73: 2.662116
B74: IV | C74: 1.1 | D74: -2.7623828 | E74: 3.0521697
A75: 2014 | B75: I | C75: 0.9 | D75: -1.8872442 | E75: 4.0760605
B76: II | C76: 1.2 | D76: -0.70989117 | E76: 4.0175524
B77: III | C77: 0.9 | D77: 0.18371981 | E77: 4.378352
B78: IV | C78: 0.6 | D78: 0.78482213 | E78: 5.3827401
A79: 2015 | B79: I | C79: 1.5 | D79: 2.2965945 | E79: 5.23647
B80: II | C80: 0.2 | D80: 2.5011876 | E80: 5.8605558
B81: III | C81: 0.7 | D81: 3.218696 | E81: 6.1823501
B82: IV | C82: 1 | D82: 4.2508829 | E82: 6.7674305
A83: 2016 | B83: I | C83: -0.4 | D83: 3.8338794 | E83: 7.7425646
B84: II | C84: 1.3 | D84: 5.1837198 | E84: 8.2203803
B85: III | C85: 0.6 | D85: 5.8148221 | E85: 8.4056558
B86: IV | C86: 0.8 | D86: 6.6613407 | E86: 8.8249634
A87: 2017 | B87: I | C87: 1.4 | D87: 8.1545995 | E87: 10.03413
B88: II | C88: 1.1 | D88: 9.3443001 | E88: 10.638713
B89: III | C89: 1.1 | D89: 10.547087 | E89: 11.282301
B90: IV | C90: 1.3 | D90: 11.9842 | E90: 11.877133
A91: 2018 | B91: I | C91: 1.2 | D91: 13.32801 | E91: 12.286689
B92: II | C92: 1 | D92: 14.46129 | E92: 12.793759
A94: Forrás: | C94: http://www.ksh.hu/docs/hun/xstadat/xstadat_evkozi/e_qpt001.html
C96: Ipari termelés volumenindexei (szezonálisan és munkanappal kiigazítva, előző hónap = 0,0%)* | D96: Az ipari termelés volumenindexei (az előző év azonos időszaka = 0%)
A97: 2003 | B97: J | C97: -2.4 | D97: 5.6
B98: F | C98: -0.5 | D98: 0.5
B99: M | C99: 2.4 | D99: 6
B100: Á | C100: 0.6 | D100: 3
B101: Mj | C101: 0.9 | D101: 4.6
B102: Jú | C102: 1.3 | D102: 5.2
...

Sheet 2.1.-2.6. ábra
D1: Konjunktúra mutató
A2: Oszlop1 | B2: Konjunktúra mutató | C2: Bizonytalansági mutató | D2: Nem exportáló | E2: Részben exportáló | F2: Döntően exportáló | G2: Ipar | H2: Építőipar | I2: Kereskedelem | J2: Egyéb gazd. szolg. | K2: Tisztán hazai tul. | L2: Részben külföldi tul. | M2: Döntően külföldi tul. | N2: x-9 fő | O2: 10-49 fő | P2: 50-249 fő | Q2: 250-x fő | S2: A GVI konjunktúra mutató alakulása
A3: 98_jun | B3: =alapadatok!H3 -> 38.2293 | C3: =alapadatok!F3 -> 43.64568 | G3: 40.9329 | H3: 41.3027 | I3: 33.7597 | J3: 34.8303 | K3: 34.4711 | L3: 47.8203 | M3: 50.5572 | N3: 19.1859 | O3: 40.6065 | P3: 42.4471 | Q3: 41.5255
A4: 98_dec | B4: =alapadatok!H4 -> 31.2894 | C4: =alapadatok!F4 -> 45.68071 | G4: 30.8467 | H4: 16.2106 | I4: 34.2527 | J4: 33.2153 | K4: 35.8735 | L4: 37.7424 | M4: 23.5472 | N4: 23.3356 | O4: 32.5127 | P4: 36.1086 | Q4: 31.3122
A5: 99_jun | B5: =alapadatok!H5 -> 27.5053 | C5: =alapadatok!F5 -> 48.99457 | D5: 26.424 | E5: 24.3383 | F5: 34.5883 | G5: 30.28 | H5: 27.8768 | I5: 18.0361 | J5: 27.7577 | K5: 25.959 | L5: 20.3683 | M5: 43.84 | N5: 13.7222 | O5: 24.6903 | P5: 27.5546 | Q5: 32.4564
A6: 99_dec | B6: =alapadatok!H6 -> 33.9359 | C6: =alapadatok!F6 -> 48.94209 | D6: 28.0993 | E6: 39.1687 | F6: 47.6839 | G6: 42.9693 | H6: 16.6315 | I6: 24.3962 | J6: 22.577 | K6: 29.051 | L6: 42.6799 | M6: 48.5524 | N6: 14.2227 | O6: 29.2795 | P6: 29.7 | Q6: 42.9082
A7: 00_jun | B7: =alapadatok!H7 -> 34.3594 | C7: =alapadatok!F7 -> 46.70142 | D7: 25.0163 | E7: 48.2256 | F7: 45.6978 | G7: 41.0109 | H7: 25.4913 | I7: 21.3198 | J7: 29.6819 | K7: 28.0881 | L7: 43.6342 | M7: 53.3455 | N7: 15.4162 | O7: 30.8569 | P7: 31.2064 | Q7: 42.7143
A8: 00_okt | B8: =alapadatok!H8 -> 31.9999 | C8: =alapadatok!F8 -> 46.63071 | D8: 26.123 | E8: 36.9744 | F8: 45.5282 | G8: 38.1813 | H8: 19.8354 | I8: 21.6467 | J8: 27.9395 | K8: 25.7664 | L8: 37.3784 | M8: 53.8591 | N8: 14.024 | O8: 29.7288 | P8: 35.3496 | Q8: 36.9302
A9: 01_maj | B9: =alapadatok!H9 -> 46.4947 | C9: =alapadatok!F9 -> 42.52085 | D9: 38.5578 | E9: 55.0702 | F9: 55.7485 | G9: 53.7611 | H9: 42.4132 | I9: 47.4392 | J9: 30.7233 | K9: 43.2197 | L9: 33.5112 | M9: 62.0624 | N9: 25.1832 | O9: 41.2461 | P9: 45.0036 | Q9: 54.7376
A10: 01_okt | B10: =alapadatok!H10 -> 25.0886 | C10: =alapadatok!F10 -> 46.87999 | D10: 20.6186 | E10: 34.5607 | F10: 22.0318 | G10: 24.377 | H10: 24.1548 | I10: 19.3112 | J10: 32.5672 | K10: 24.7994 | L10: 31.1363 | M10: 23.6176 | N10: 13.0922 | O10: 26.025 | P10: 28.6812 | Q10: 26.1805
A11: 02_apr | B11: =alapadatok!H11 -> 39.7112 | C11: =alapadatok!F11 -> 45.73848 | D11: 38.378 | E11: 46.3929 | F11: 34.6681 | G11: 39.456 | H11: 55.7885 | I11: 29.3916 | J11: 41.1098 | K11: 38.9971 | L11: 54.7107 | M11: 50.6091 | N11: 23.0418 | O11: 41.6518 | P11: 36.7659 | Q11: 44.4887
A12: 02_okt | B12: =alapadatok!H12 -> 34.7113 | C12: =alapadatok!F12 -> 48.16081 | D12: 33.8667 | E12: 37.6155 | F12: 33.346 | G12: 38.997 | H12: 23.9204 | I12: 35.1313 | J12: 26.982 | K12: 29.969 | L12: 32.9579 | M12: 53.0071 | N12: 15.3983 | O12: 27.4486 | P12: 32.9929 | Q12: 43.343
A13: 03_apr | B13: =alapadatok!H13 -> 32.4142 | C13: =alapadatok!F13 -> 51.18917 | D13: 26.0889 | E13: 34.5845 | F13: 43.5367 | G13: 38.0025 | H13: 29.7258 | I13: 26.673 | J13: 23.8918 | K13: 26.602 | L13: 38.6675 | M13: 55.9208 | N13: 11.1551 | O13: 29.8326 | P13: 23.8749 | Q13: 42.7824
A14: 03_okt | B14: =alapadatok!H14 -> 28.0884 | C14: =alapadatok!F14 -> 54.3752 | D14: 23.7 | E14: 28.617 | F14: 34.5914 | G14: 31.7333 | H14: 8.4898 | I14: 27.518 | J14: 22.6188 | K14: 22.9455 | L14: 21.3688 | M14: 49.48 | N14: 10.9429 | O14: 19.9344 | P14: 30.9958 | Q14: 34.4704
A15: 04_apr | B15: =alapadatok!H15 -> 31.8144 | C15: =alapadatok!F15 -> 52.53638 | D15: 16.2544 | E15: 44.4112 | F15: 46.5629 | G15: 39.8406 | H15: 35.8694 | I15: 18.867 | J15: 20.1677 | K15: 19.4303 | L15: 61.7919 | M15: 52.1919 | N15: 16.4108 | O15: 26.2709 | P15: 30.223 | Q15: 38.3983
A16: 04_okt | B16: =alapadatok!H16 -> 27.9983 | C16: =alapadatok!F16 -> 53.68289 | D16: 17.0771 | E16: 25.7595 | F16: 40.0965 | G16: 30.4504 | H16: 31.0418 | I16: 21.0757 | J16: 25.8026 | K16: 22.1803 | L16: 33.9592 | M16: 43.9844 | N16: 9.872 | O16: 15.376 | P16: 27.4767 | Q16: 36.6611
A17: 05_apr | B17: =alapadatok!H17 -> 24.2096 | C17: =alapadatok!F17 -> 55.70547 | D17: 18.863 | E17: 25.6324 | F17: 40.5354 | G17: 26.1612 | H17: 20.8512 | I17: 18.2495 | J17: 22.4826 | K17: 22.142 | L17: 11.3826 | M17: 41.8577 | N17: 0.3285 | O17: 18.7716 | P17: 27.5351 | Q17: 31.4247 | S17: A GVI bizonytalansági mutató alakulása
A18: 05_okt | B18: =alapadatok!H18 -> 23.1514 | C18: =alapadatok!F18 -> 55.34604 | D18: 12.2321 | E18: 32.0101 | F18: 35.2828 | G18: 30.7231 | H18: 16.7615 | I18: 3.0226 | J18: 19.908 | K18: 18.9343 | L18: 23.3725 | M18: 38.2826 | N18: 3.3422 | O18: 13.2246 | P18: 27.8637 | Q18: 30.8794 | Z18: 2017. ápr. | AA18: 2017. okt. | AB18: 2018. ápr. | AC18: 2018. okt.
A19: 06_apr | B19: =alapadatok!H19 -> 30.7506 | C19: =alapadatok!F19 -> 52.43954 | D19: 28.1373 | E19: 27.1714 | F19: 40.0243 | G19: 34.2443 | H19: 24.0859 | I19: 19.1964 | J19: 33.4384 | K19: 28.3366 | L19: 8.4684 | M19: 39.2533 | N19: 12.7121 | O19: 27.2209 | P19: 34.4344 | Q19: 37.3656 | Y19: GVI Bizonytalansági mutató | Z19: 44.122804 | AA19: 41.64792 | AB19: 39.4 | AC19: 37.1
A20: 06_okt | B20: =alapadatok!H20 -> 19.9713 | C20: =alapadatok!F20 -> 55.38771 | D20: 8.46 | E20: 36.1532 | F20: 45.8811 | G20: 32.7192 | H20: -4.9622 | I20: 1.8712 | J20: 13.3786 | K20: 14.6279 | L20: 27.7234 | M20: 41.873 | N20: -9.2727 | O20: 2.2981 | P20: 30.62 | Q20: 32.9282
A21: 07_apr | B21: =alapadatok!H21 -> 24.3611 | C21: =alapadatok!F21 -> 55.94598 | D21: 17.8714 | E21: 28.0353 | F21: 38.9094 | G21: 31.2444 | H21: 3.1605 | I21: 23.0045 | J21: 22.935 | K21: 21.9732 | L21: -25.4847 | M21: 46.839 | N21: 3.0812 | O21: 24.7631 | P21: 33.6422 | Q21: 28.4921
A22: 07_okt | B22: =alapadatok!H22 -> 15.8217 | C22: =alapadatok!F22 -> 56.41263 | D22: 4.2323 | E22: 23.0577 | F22: 29.1993 | G22: 28.8075 | H22: 3.1376 | I22: 4.7845 | J22: -1.2454 | K22: 9.7411 | L22: 24.699 | M22: 35.9083 | N22: -6.5054 | O22: 13.107 | P22: 25.8656 | Q22: 21.9722
A23: 08_apr | B23: =alapadatok!H23 -> 27.1599 | C23: =alapadatok!F23 -> 56.53752 | D23: 8.6825 | E23: 42.2016 | F23: 45.2806 | G23: 30.8022 | H23: 2.3123 | I23: 23.5282 | J23: 24.1493 | K23: 21.0529 | L23: 42.5649 | M23: 46.1871 | N23: 8.3286 | O23: 11.6668 | P23: 30.4412 | Q23: 39.2322
A24: 08_okt | B24: =alapadatok!H24 -> -3.1047 | C24: =alapadatok!F24 -> 60.24623 | D24: -4.6092 | E24: 4.7418 | F24: -8.6575 | G24: -6.3093 | H24: 11.5103 | I24: -3.486 | J24: 1.8118 | K24: -2.0884 | L24: -3.4955 | M24: -6.435 | N24: -9.7981 | O24: -7.8924 | P24: 1.5527 | Q24: -0.2651
A25: 09_apr | B25: =alapadatok!H25 -> -14.3579 | C25: =alapadatok!F25 -> 57.55911 | D25: -16.132 | E25: -17.834 | F25: -5.5709 | G25: -12.2477 | H25: -6.3219 | I25: -25.4273 | J25: -11.9668 | K25: -14.4289 | L25: -7.2606 | M25: -13.9294 | N25: -23.361 | O25: -22.8727 | P25: -16.3679 | Q25: -6.671
A26: 09_okt | B26: =alapadatok!H26 -> 0.2443 | C26: =alapadatok!F26 -> 55.96125 | D26: -5.6014 | E26: 5.3248 | F26: 16.3905 | G26: 5.8097 | H26: 0.4853 | I26: -12.2525 | J26: -3.5891 | K26: -3.3308 | L26: -3.4924 | M26: 15.8279 | N26: -7.884 | O26: -9.3556 | P26: 1.7609 | Q26: 6.5606
A27: 10_apr | B27: =alapadatok!H27 -> 24.0144 | C27: =alapadatok!F27 -> 56.96495 | D27: 8.7902 | E27: 26.7963 | F27: 59.1606 | G27: 46.1743 | H27: -0.2532 | I27: 8.5984 | J27: 14.1943 | K27: 14.461 | L27: 41.0558 | M27: 50.4979 | N27: 1.6798 | O27: 16.234 | P27: 20.4597 | Q27: 37.831
A28: 10_okt | B28: =alapadatok!H28 -> 23.0338 | C28: =alapadatok!F28 -> 57.98706 | D28: 8.7693 | E28: 32.5101 | F28: 53.0714 | G28: 43.7453 | H28: -2.8897 | I28: 18.1342 | J28: 8.4003 | K28: 18.1587 | L28: 28.9353 | M28: 40.7777 | N28: -0.0702 | O28: 9.3216 | P28: 26.9581 | Q28: 36.4773
A29: 11_apr | B29: =alapadatok!H29 -> 30.8797 | C29: =alapadatok!F29 -> 54.68427 | D29: 16.4014 | E29: 41.995 | F29: 58.0367 | G29: 49.9168 | H29: 5.7712 | I29: 18.2114 | J29: 24.5171 | K29: 23.6906 | L29: 70.4342 | M29: 48.862 | N29: 1.6056 | O29: 18.9134 | P29: 33.9223 | Q29: 46.7861
A30: 11_okt | B30: =alapadatok!H30 -> 12.8967 | C30: =alapadatok!F30 -> 58.30281 | D30: -0.9357 | E30: 23.7032 | F30: 37.6376 | G30: 29.2019 | H30: -9.1484 | I30: 0.6304 | J30: 9.8672 | K30: 1.8301 | L30: 39.6753 | M30: 44.7377 | N30: -17.5163 | O30: 0.8232 | P30: 16.6513 | Q30: 30.4827
A31: 12_apr | B31: =alapadatok!H31 -> 20.1865 | C31: =alapadatok!F31 -> 55.04804 | D31: -0.8184 | E31: 28.5538 | F31: 47.963 | G31: 40.3769 | H31: -11.318 | I31: 9.5652 | J31: 9.2468 | K31: 10.7125 | L31: 39.4084 | M31: 43.8907 | N31: -17.364 | O31: 6.5332 | P31: 25.2175 | Q31: 40.9775
A32: 12_okt | B32: =alapadatok!H32 -> 11.8275 | C32: =alapadatok!F32 -> 55.38136 | D32: -2.642 | E32: 22.7282 | F32: 35.5882 | G32: 28.4754 | H32: -28.8545 | I32: 13.4319 | J32: 2.2829 | K32: 4.7127 | L32: 17.3761 | M32: 33.6348 | N32: -25.7607 | O32: -0.8475 | P32: 21.3081 | Q32: 31.4728 | S32: Konjunktúra mutató – vállalati szegmensek szerint
A33: 13_apr | B33: =alapadatok!H33 -> 14.0046 | C33: =alapadatok!F33 -> 51.58346 | D33: -3.9173 | E33: 28.0231 | F33: 37.3612 | G33: 31.3303 | H33: -3.1801 | I33: 6.0811 | J33: 4.3306 | K33: 6.9023 | L33: 15.3971 | M33: 33.1374 | N33: -19.5599 | O33: 4.2336 | P33: 21.8812 | Q33: 31.4492 | S33: Export tevékenység szerint
A34: 13_okt | B34: =alapadatok!H34 -> 23.447 | C34: =alapadatok!F34 -> 55.01767 | D34: 6.922 | E34: 33.0913 | F34: 53.7778 | G34: 40.424 | H34: 5.3933 | I34: 18.8436 | J34: 14.7445 | K34: 11.4016 | L34: 48.811 | M34: 51.4564 | N34: -16.9216 | O34: 16.0608 | P34: 35.0219 | Q34: 46.7315
A35: 14_apr | B35: =alapadatok!H35 -> 29.68 | C35: =alapadatok!F35 -> 47.7 | D35: 18.9249 | E35: 39.2651 | F35: 42.4454 | G35: 42.6994 | H35: 21.9818 | I35: 30.8161 | J35: 18.3287 | K35: 25.6322 | L35: 2.484 | M35: 44.4889 | N35: -1.8266 | O35: 32.1258 | P35: 42.507 | Q35: 40.0787
A36: 14_okt | B36: =alapadatok!H36 -> 33.513148 | C36: =alapadatok!F36 -> 49.784926 | D36: 20.0569 | E36: 40.072538 | F36: 56.226827 | G36: 48.650794 | H36: 18.7881 | I36: 37.762778 | J36: 20.008769 | K36: 26.56926 | L36: 36.230981 | M36: 55.474277 | N36: -1.9366079 | O36: 26.681511 | P36: 45.770483 | Q36: 49.859421
A37: 15_apr | B37: =alapadatok!H37 -> 41.97283 | C37: =alapadatok!F37 -> 47.5816 | D37: 31.343383 | E37: 42.232139 | F37: 53.227379 | G37: 49.764587 | H37: 36.432596 | I37: 40.285483 | J37: 34.114462 | K37: 33.962 | L37: 51.33985 | M37: 57.077301 | N37: 8.1067447 | O37: 33.522502 | P37: 43.555932 | Q37: 53.339567
A38: 15_okt | B38: =alapadatok!H38 -> 44.512493 | C38: =alapadatok!F38 -> 47.34597 | D38: 33.276615 | E38: 52.624493 | F38: 54.911512 | G38: 52.587466 | H38: 27.480555 | I38: 50.912415 | J38: 33.425484 | K38: 37.991466 | L38: 28.403349 | M38: 60.570043 | N38: 5.879977 | O38: 33.153389 | P38: 49.226149 | Q38: 57.24865
A39: 16_apr | B39: =alapadatok!H39 -> 49.277527 | C39: =alapadatok!F39 -> 47.16038 | D39: 35.904002 | E39: 52.063884 | F39: 63.256092 | G39: 58.453298 | H39: 40.391257 | I39: 54.439086 | J39: 32.265428 | K39: 42.306132 | L39: 54.225175 | M39: 66.152889 | N39: 13.470547 | O39: 42.513999 | P39: 53.650469 | Q39: 62.002639
A40: 16_okt | B40: =alapadatok!H40 -> 47.6147 | C40: =alapadatok!F40 -> 47.76123 | D40: 39.780605 | E40: 47.257888 | F40: 63.87069 | G40: 60.619099 | H40: 36.906843 | I40: 46.743194 | J40: 33.213096 | K40: 42.209358 | L40: 53.390051 | M40: 66.185577 | N40: 11.602285 | O40: 36.364247 | P40: 52.373401 | Q40: 62.921056
A41: 17_apr | B41: =alapadatok!H41 -> 46.763076 | C41: =alapadatok!F41 -> 44.122804 | D41: 38.348912 | E41: 56.169548 | F41: 54.410189 | G41: 56.008903 | H41: 45.12058 | I41: 50.387607 | J41: 29.200392 | K41: 44.129033 | L41: 65.25888 | M41: 61.197183 | N41: 15.398547 | O41: 46.043564 | P41: 53.207194 | Q41: 57.564922
A42: 17_okt | B42: =alapadatok!H42 -> 49.0319 | C42: =alapadatok!F42 -> 41.64792 | D42: 40.060742 | E42: 49.014632 | F42: 67.049957 | G42: 57.60078 | H42: 46.217754 | I42: 48.093055 | J42: 38.236703 | K42: 42.91614 | L42: 72.568807 | M42: 62.485419 | N42: 21.32634 | O42: 48.048309 | P42: 50.960601 | Q42: 57.818733
A43: 18_apr | B43: =alapadatok!H43 -> 52.614651 | C43: =alapadatok!F43 -> 39.376804 | D43: 46.973884 | E43: 55.067347 | F43: 64.299597 | G43: 60.796137 | H43: 55.10094 | I43: 49.689783 | J43: 43.255338 | K43: 47.670851 | L43: 54.332002 | M43: 65.744354 | N43: 26.215623 | O43: 50.894198 | P43: 60.189332 | Q43: 60.094517
A44: 18_okt | B44: =alapadatok!H44 -> 55.491891 | C44: =alapadatok!F44 -> 37.122387 | D44: 52.805688 | E44: 55.071376 | F44: 59.309421 | G44: 60.678842 | H44: 64.807962 | I44: 59.59878 | J44: 39.761182 | K44: 52.932638 | L44: 48.065087 | M44: 61.711406 | N44: 35.069001 | O44: 53.966992 | P44: 60.234862 | Q44: 59.546431
S49: Gazdasági ág szerint
S57: Külföldi tulajdon hányada szerint
S64: Tulajdonszerkezet szerint
S82: Létszámkategória szerint

Sheet 2.7.-2.10. ábra
A2: Oszlop1 | B2: Üzleti helyzet jelenleg | C2: Várható üzleti helyzet a következő hat hónapban | D2: Jövedelmezőség jelenleg | E2: Jövedelmezőség a következő hat hónapban | F2: Megrendelések várható alakulása a következő hat hóban | G2: Gépberuházások volumene a következő hat hónapban | H2: Építési beruházások volumene a következő hat hóban | J2: Várható beruházási aktivitás – vállalati szegmensek szerint
A3: =alapadatok!C3 -> 98_jun | B3: =alapadatok!K3*100 -> 23.6494 | C3: =alapadatok!L3*100 -> 25.6158 | D3: =alapadatok!M3*100 -> 2.8844 | E3: =alapadatok!N3*100 -> 19.6443 | F3: =alapadatok!O3*100 -> 56.928867 | G3: =alapadatok!Q3*100 -> 35.658511 | H3: =alapadatok!P3*100 -> -8.8976702 | J3: Üzleti helyzet
A4: =alapadatok!C4 -> 98_dec | B4: =alapadatok!K4*100 -> 23.8095 | C4: =alapadatok!L4*100 -> 11.0411 | D4: =alapadatok!M4*100 -> 4.1432 | E4: =alapadatok!N4*100 -> 13.1781 | F4: =alapadatok!O4*100 -> 50.681356 | G4: =alapadatok!Q4*100 -> 35.683734 | H4: =alapadatok!P4*100 -> -12.708596
A5: =alapadatok!C5 -> 99_jun | B5: =alapadatok!K5*100 -> 14.2716 | C5: =alapadatok!L5*100 -> 17.555 | D5: =alapadatok!M5*100 -> -4.2405 | E5: =alapadatok!N5*100 -> 14.141 | F5: =alapadatok!O5*100 -> 38.290675 | G5: =alapadatok!Q5*100 -> 24.852572 | H5: =alapadatok!P5*100 -> -5.7082209
A6: =alapadatok!C6 -> 99_dec | B6: =alapadatok!K6*100 -> 18.0318 | C6: =alapadatok!L6*100 -> 12.1205 | D6: =alapadatok!M6*100 -> -0.6203 | E6: =alapadatok!N6*100 -> 13.8936 | F6: =alapadatok!O6*100 -> 48.79921 | G6: =alapadatok!Q6*100 -> 30.126788 | H6: =alapadatok!P6*100 -> 3.7355097
A7: =alapadatok!C7 -> 00_jun | B7: =alapadatok!K7*100 -> 20.02 | C7: =alapadatok!L7*100 -> 19.1457 | D7: =alapadatok!M7*100 -> 2.7743 | E7: =alapadatok!N7*100 -> 12.9652 | F7: =alapadatok!O7*100 -> 50.93123 | G7: =alapadatok!Q7*100 -> 29.7854 | H7: =alapadatok!P7*100 -> 0.034212718
A8: =alapadatok!C8 -> 00_okt | B8: =alapadatok!K8*100 -> 20.7727 | C8: =alapadatok!L8*100 -> 9.6985 | D8: =alapadatok!M8*100 -> 2.51 | E8: =alapadatok!N8*100 -> 11.0487 | F8: =alapadatok!O8*100 -> 52.926126 | G8: =alapadatok!Q8*100 -> 32.975609 | H8: =alapadatok!P8*100 -> -0.92630856
A9: =alapadatok!C9 -> 01_maj | B9: =alapadatok!K9*100 -> 20.6424 | C9: =alapadatok!L9*100 -> 27.5488 | D9: =alapadatok!M9*100 -> 5.5655 | E9: =alapadatok!N9*100 -> 27.818 | F9: =alapadatok!O9*100 -> 55.516074 | G9: =alapadatok!Q9*100 -> 33.794071 | H9: =alapadatok!P9*100 -> 9.8179459
A10: =alapadatok!C10 -> 01_okt | B10: =alapadatok!K10*100 -> 13.8563 | C10: =alapadatok!L10*100 -> 6.6208 | D10: =alapadatok!M10*100 -> -7.2433 | E10: =alapadatok!N10*100 -> 11.9155 | F10: =alapadatok!O10*100 -> 38.184443 | G10: =alapadatok!Q10*100 -> 29.540926 | H10: =alapadatok!P10*100 -> -1.2303256
A11: =alapadatok!C11 -> 02_apr | B11: =alapadatok!K11*100 -> 10.7287 | C11: =alapadatok!L11*100 -> 23.2138 | D11: =alapadatok!M11*100 -> -10.1258 | E11: =alapadatok!N11*100 -> 19.9154 | F11: =alapadatok!O11*100 -> 50.581173 | G11: =alapadatok!Q11*100 -> 30.790066 | H11: =alapadatok!P11*100 -> 2.3450176
A12: =alapadatok!C12 -> 02_okt | B12: =alapadatok!K12*100 -> 9.0376 | C12: =alapadatok!L12*100 -> 16.7106 | D12: =alapadatok!M12*100 -> -9.1464 | E12: =alapadatok!N12*100 -> 6.494 | F12: =alapadatok!O12*100 -> 44.531776 | G12: =alapadatok!Q12*100 -> 27.430652 | H12: =alapadatok!P12*100 -> -7.061089
A13: =alapadatok!C13 -> 03_apr | B13: =alapadatok!K13*100 -> 0.5311 | C13: =alapadatok!L13*100 -> 11.0576 | D13: =alapadatok!M13*100 -> -15.7623 | E13: =alapadatok!N13*100 -> 4.7576 | F13: =alapadatok!O13*100 -> 44.801502 | G13: =alapadatok!Q13*100 -> 17.811518 | H13: =alapadatok!P13*100 -> -9.7166725
A14: =alapadatok!C14 -> 03_okt | B14: =alapadatok!K14*100 -> 10.731 | C14: =alapadatok!L14*100 -> 11.4983 | D14: =alapadatok!M14*100 -> -5.2545 | E14: =alapadatok!N14*100 -> 3.9668 | F14: =alapadatok!O14*100 -> 41.763219 | G14: =alapadatok!Q14*100 -> 16.0173 | H14: =alapadatok!P14*100 -> -16.077891
A15: =alapadatok!C15 -> 04_apr | B15: =alapadatok!K15*100 -> 12.1399 | C15: =alapadatok!L15*100 -> 12.6113 | D15: =alapadatok!M15*100 -> 0.6793 | E15: =alapadatok!N15*100 -> 2.437 | F15: =alapadatok!O15*100 -> 43.934159 | G15: =alapadatok!Q15*100 -> 25.975207 | H15: =alapadatok!P15*100 -> -9.4698519
... A18: =alapadatok!C18 -> 05_okt | B18: =alapadatok!K18*100 -> 9.9937 | C18: =alapadatok!L18*100 -> 10.7036 | D18: =alapadatok!M18*100 -> -4.497 | E18: =alapadatok!N18*100 -> 2.9551 | F18: =alapadatok!O18*100 -> 32.627862 | G18: =alapadatok!Q18*100 -> 15.116971 | H18: =alapadatok!P18*100 -> -14.847156
A19: =alapadatok!C19 -> 06_apr | B19: =alapadatok!K19*100 -> 18.6583 | C19: =alapadatok!L19*100 -> 15.6848 | D19: =alapadatok!M19*100 -> -3.7217 | E19: =alapadatok!N19*100 -> 9.1871 | F19: =alapadatok!O19*100 -> 40.503028 | G19: =alapadatok!Q19*100 -> 13.480315 | H19: =alapadatok!P19*100 -> -17.112587 | J19: Jövedelmezőségi helyzet
A20: =alapadatok!C20 -> 06_okt | B20: =alapadatok!K20*100 -> 22.2706 | C20: =alapadatok!L20*100 -> 2.2843 | D20: =alapadatok!M20*100 -> 1.5776 | E20: =alapadatok!N20*100 -> -8.2935 | F20: =alapadatok!O20*100 -> 36.185333 | G20: =alapadatok!Q20*100 -> 2.6083061 | H20: =alapadatok!P20*100 -> -27.17748
A21: =alapadatok!C21 -> 07_apr | B21: =alapadatok!K21*100 -> 20.0718 | C21: =alapadatok!L21*100 -> 5.1971 | D21: =alapadatok!M21*100 -> -0.8982 | E21: =alapadatok!N21*100 -> -5.0687 | F21: =alapadatok!O21*100 -> 36.482836 | G21: =alapadatok!Q21*100 -> 8.0719723 | H21: =alapadatok!P21*100 -> -18.598631
A22: =alapadatok!C22 -> 07_okt | B22: =alapadatok!K22*100 -> 13.9431 | C22: =alapadatok!L22*100 -> -5.2098 | D22: =alapadatok!M22*100 -> -8.9319 | E22: =alapadatok!N22*100 -> -12.5079 | F22: =alapadatok!O22*100 -> 30.844043 | G22: =alapadatok!Q22*100 -> 5.8336853 | H22: =alapadatok!P22*100 -> -19.384119
A23: =alapadatok!C23 -> 08_apr | B23: =alapadatok!K23*100 -> 16.065 | C23: =alapadatok!L23*100 -> 9.1152 | D23: =alapadatok!M23*100 -> -3.3981 | E23: =alapadatok!N23*100 -> 0.0699 | F23: =alapadatok!O23*100 -> 42.752624 | G23: =alapadatok!Q23*100 -> 5.618085 | H23: =alapadatok!P23*100 -> -21.837331
A24: =alapadatok!C24 -> 08_okt | B24: =alapadatok!K24*100 -> 12.1932 | C24: =alapadatok!L24*100 -> -22.5653 | D24: =alapadatok!M24*100 -> -1.5404 | E24: =alapadatok!N24*100 -> -20.5364 | F24: =alapadatok!O24*100 -> 17.586866 | G24: =alapadatok!Q24*100 -> -7.0165051 | H24: =alapadatok!P24*100 -> -36.964718
A25: =alapadatok!C25 -> 09_apr | B25: =alapadatok!K25*100 -> -10.7668 | C25: =alapadatok!L25*100 -> -35.4163 | D25: =alapadatok!M25*100 -> -22.9447 | E25: =alapadatok!N25*100 -> -26.8151 | F25: =alapadatok!O25*100 -> 12.665484 | G25: =alapadatok!Q25*100 -> -20.13536 | H25: =alapadatok!P25*100 -> -46.561281
A26: =alapadatok!C26 -> 09_okt | B26: =alapadatok!K26*100 -> -1.3115 | C26: =alapadatok!L26*100 -> -13.4228 | D26: =alapadatok!M26*100 -> -14.8063 | E26: =alapadatok!N26*100 -> -14.1561 | F26: =alapadatok!O26*100 -> 19.345842 | G26: =alapadatok!Q26*100 -> -26.259024 | H26: =alapadatok!P26*100 -> -49.892788
A27: =alapadatok!C27 -> 10_apr | B27: =alapadatok!K27*100 -> 9.0686 | C27: =alapadatok!L27*100 -> 12.429 | D27: =alapadatok!M27*100 -> -10.5105 | E27: =alapadatok!N27*100 -> 12.9241 | F27: =alapadatok!O27*100 -> 38.246469 | G27: =alapadatok!Q27*100 -> 2.0042274 | H27: =alapadatok!P27*100 -> -29.527908
A28: =alapadatok!C28 -> 10_okt | B28: =alapadatok!K28*100 -> 9.1644 | C28: =alapadatok!L28*100 -> 4.9319 | D28: =alapadatok!M28*100 -> -3.6346 | E28: =alapadatok!N28*100 -> 1 | F28: =alapadatok!O28*100 -> 31.740613 | G28: =alapadatok!Q28*100 -> 0.66611713 | H28: =alapadatok!P28*100 -> -22.479478
A29: =alapadatok!C29 -> 11_apr | B29: =alapadatok!K29*100 -> 9.0989 | C29: =alapadatok!L29*100 -> 18.4982 | D29: =alapadatok!M29*100 -> -3.9813 | E29: =alapadatok!N29*100 -> 11.9939 | F29: =alapadatok!O29*100 -> 43.153456 | G29: =alapadatok!Q29*100 -> 4.4796136 | H29: =alapadatok!P29*100 -> -21.777913
A30: =alapadatok!C30 -> 11_okt | B30: =alapadatok!K30*100 -> 7.5057 | C30: =alapadatok!L30*100 -> -7.4671 | D30: =alapadatok!M30*100 -> -3.1504 | E30: =alapadatok!N30*100 -> -14.1742 | F30: =alapadatok!O30*100 -> 24.381929 | G30: =alapadatok!Q30*100 -> -6.3150272 | H30: =alapadatok!P30*100 -> -28.164405
A31: =alapadatok!C31 -> 12_apr | B31: =alapadatok!K31*100 -> 4.3978 | C31: =alapadatok!L31*100 -> 3.4117 | D31: =alapadatok!M31*100 -> -10.7081 | E31: =alapadatok!N31*100 -> -1.457 | F31: =alapadatok!O31*100 -> 34.043862 | G31: =alapadatok!Q31*100 -> 2.5646312 | H31: =alapadatok!P31*100 -> -28.445752
... A33: =alapadatok!C33 -> 13_apr | B33: =alapadatok!K33*100 -> 4.9465 | C33: =alapadatok!L33*100 -> -0.2138 | D33: =alapadatok!M33*100 -> -7.0039 | E33: =alapadatok!N33*100 -> 0.7438 | F33: =alapadatok!O33*100 -> 32.227074 | G33: =alapadatok!Q33*100 -> -0.33407169 | H33: =alapadatok!P33*100 -> -38.137975
A34: =alapadatok!C34 -> 13_okt | B34: =alapadatok!K34*100 -> 12.0839 | C34: =alapadatok!L34*100 -> 3.1851 | D34: =alapadatok!M34*100 -> -1.1128 | E34: =alapadatok!N34*100 -> 1.2235 | F34: =alapadatok!O34*100 -> 31.483249 | G34: =alapadatok!Q34*100 -> 6.6181752 | H34: =alapadatok!P34*100 -> -23.26698 | J34: Beruházások
A35: =alapadatok!C35 -> 14_apr | B35: =alapadatok!K35*100 -> 13.9099 | C35: =alapadatok!L35*100 -> 11.4494 | D35: =alapadatok!M35*100 -> 2.0968 | E35: =alapadatok!N35*100 -> 14.7615 | F35: =alapadatok!O35*100 -> 40.761675 | G35: =alapadatok!Q35*100 -> -6.0658014 | H35: =alapadatok!P35*100 -> -31.737528
A36: =alapadatok!C36 -> 14_okt | B36: =alapadatok!K36*100 -> 21.747463 | C36: =alapadatok!L36*100 -> 18.243192 | D36: =alapadatok!M36*100 -> 9.7857256 | E36: =alapadatok!N36*100 -> 11.052007 | F36: =alapadatok!O36*100 -> 39.844478 | G36: =alapadatok!Q36*100 -> 6.1215728 | H36: =alapadatok!P36*100 -> -18.289587
A37: =alapadatok!C37 -> 15_apr | B37: =alapadatok!K37*100 -> 31.854019 | C37: =alapadatok!L37*100 -> 25.876522 | D37: =alapadatok!M37*100 -> 15.630956 | E37: =alapadatok!N37*100 -> 12.449971 | F37: =alapadatok!O37*100 -> 44.192229 | G37: =alapadatok!Q37*100 -> 11.578217 | H37: =alapadatok!P37*100 -> -7.4407289
A38: =alapadatok!C38 -> 15_okt | B38: =alapadatok!K38*100 -> 34.154502 | C38: =alapadatok!L38*100 -> 27.701088 | D38: =alapadatok!M38*100 -> 18.116806 | E38: =alapadatok!N38*100 -> 10.015064 | F38: =alapadatok!O38*100 -> 45.287935 | G38: =alapadatok!Q38*100 -> 18.41003 | H38: =alapadatok!P38*100 -> -6.8784662
A39: =alapadatok!C39 -> 16_apr | B39: =alapadatok!K39*100 -> 36.560779 | C39: =alapadatok!L39*100 -> 31.8566 | D39: =alapadatok!M39*100 -> 22.026172 | E39: =alapadatok!N39*100 -> 17.187442 | F39: =alapadatok!O39*100 -> 49.76983 | G39: =alapadatok!Q39*100 -> 19.996057 | H39: =alapadatok!P39*100 -> -3.5228485
A40: =alapadatok!C40 -> 16_okt | B40: =alapadatok!K40*100 -> 41.516151 | C40: =alapadatok!L40*100 -> 37.526862 | D40: =alapadatok!M40*100 -> 29.645696 | E40: =alapadatok!N40*100 -> 15.557535 | F40: =alapadatok!O40*100 -> 46.36 | G40: =alapadatok!Q40*100 -> 16.576004 | H40: =alapadatok!P40*100 -> -10.003679
A41: =alapadatok!C41 -> 17_apr | B41: =alapadatok!K41*100 -> 31.094944 | C41: =alapadatok!L41*100 -> 28.217429 | D41: =alapadatok!M41*100 -> 11.666568 | E41: =alapadatok!N41*100 -> 17.377751 | F41: =alapadatok!O41*100 -> 51.51427 | G41: =alapadatok!Q41*100 -> 18.398382 | H41: =alapadatok!P41*100 -> -6.0070974
A42: =alapadatok!C42 -> 17_okt | B42: =alapadatok!K42*100 -> 47.38718 | C42: =alapadatok!L42*100 -> 37.770163 | D42: =alapadatok!M42*100 -> 33.353959 | E42: =alapadatok!N42*100 -> 21.443592 | F42: =alapadatok!O42*100 -> 48.500538 | G42: =alapadatok!Q42*100 -> 10.094099 | H42: =alapadatok!P42*100 -> -16.51677
A43: =alapadatok!C43 -> 18_apr | B43: =alapadatok!K43*100 -> 49.136457 | C43: =alapadatok!L43*100 -> 42.095064 | D43: =alapadatok!M43*100 -> 35.028257 | E43: =alapadatok!N43*100 -> 33.101612 | F43: =alapadatok!O43*100 -> 56.426262 | G43: =alapadatok!Q43*100 -> 7.8734209 | H43: =alapadatok!P43*100 -> -17.102355
A44: =alapadatok!C44 -> 18_okt | B44: =alapadatok!K44*100 -> 49.82 | C44: =alapadatok!L44*100 -> 42.95 | D44: =alapadatok!M44*100 -> 38.37 | E44: =alapadatok!N44*100 -> 30.75 | F44: =alapadatok!O44*100 -> 55.45 | G44: =alapadatok!Q44*100 -> 35.94 | H44: =alapadatok!P44*100 -> 1.85
B46: =B44-B43 -> 0.68354283 | C46: =C44-C43 -> 0.85493618 | D46: =D44-D43 -> 3.3417433 | E46: =E44-E43 -> -2.3516118 | F46: =F44-F43 -> -0.97626237 | G46: =G44-G43 -> 28.066579 | H46: =H44-H43 -> 18.952355
A47: Oszlop1 | B47: Üzleti helyzet jelenleg | C47: Várható üzleti helyzet a következő hat hónapban | D47: Jövedelmezőség jelenleg | E47: Jövedelmezőség a következő hat hónapban | F47: Megrendelések várható alakulása a következő hat hóban | G47: Gépberuházások volumene a következő hat hónapban | H47: Építési beruházások volumene a következő hat hóban | J47: Várható beruházási aktivitás – vállalati szegmensek szerint
J48: Megrendelések

Sheet 3.1. ábra
D1: Jövőbeli üzleti helyzet | S1: Jelenlegi és jövőbeli üzleti helyzet megítélésének változása
A2: Oszlop1 | B2: Jelenlegi üzleti helyzet | C2: Jövőbeli üzleti helyzet | D2: Nem exportáló | E2: Részben exportáló | F2: Döntően exportáló | G2: Ipar | H2: Építőipar | I2: Kereskedelem | J2: Egyéb gazd. szolg. | K2: Tisztán hazai tul. | L2: Részben külföldi tul. | M2: Döntően külföldi tul. | N2: x-9 fő | O2: 10-49 fő | P2: 50-249 fő | Q2: 250-x fő
A3: =alapadatok!C3 -> 98_jun | B3: =alapadatok!K3*100 -> 23.6494 | C3: =alapadatok!L3*100 -> 25.6158 | G3: =alapadatok!AA3*100 -> 32.0665 | H3: =alapadatok!AB3*100 -> 35.5367 | I3: =alapadatok!AC3*100 -> 17.3259 | J3: =alapadatok!AD3*100 -> 17.031 | K3: =alapadatok!AE3*100 -> 20.9233 | L3: =alapadatok!AF3*100 -> 37.4038 | M3: =alapadatok!AG3*100 -> 40.6741 | N3: =alapadatok!AH3*100 -> 8.8212 | ... Q3: =alapadatok!AK3*100 -> 31.0913
A4: =alapadatok!C4 -> 98_dec | B4: =alapadatok!K4*100 -> 23.8095 | C4: =alapadatok!L4*100 -> 11.0411 | G4: =alapadatok!AA4*100 -> 13.1344 | H4: =alapadatok!AB4*100 -> 14.8154 | I4: =alapadatok!AC4*100 -> 9.4726 | J4: =alapadatok!AD4*100 -> 6.6053 | K4: =alapadatok!AE4*100 -> 10.719 | L4: =alapadatok!AF4*100 -> 31.6168 | M4: =alapadatok!AG4*100 -> 11.7356 | N4: =alapadatok!AH4*100 -> 3.7486 | ... Q4: =alapadatok!AK4*100 -> 10.9548
A5: =alapadatok!C5 -> 99_jun | B5: =alapadatok!K5*100 -> 14.2716 | C5: =alapadatok!L5*100 -> 17.555 | D5: =alapadatok!X5*100 -> 12.9983 | E5: =alapadatok!Y5*100 -> 27.8856 | F5: =alapadatok!Z5*100 -> 20.2221 | G5: =alapadatok!AA5*100 -> 23.7154 | H5: =alapadatok!AB5*100 -> 17.3693 | I5: =alapadatok!AC5*100 -> 8.1313 | J5: =alapadatok!AD5*100 -> 9.6959 | K5: =alapadatok!AE5*100 -> 11.3074 | ... Q5: =alapadatok!AK5*100 -> 22.5416
A6: =alapadatok!C6 -> 99_dec | B6: =alapadatok!K6*100 -> 18.0318 | C6: =alapadatok!L6*100 -> 12.1205 | D6: =alapadatok!X6*100 -> 4.6699 | E6: =alapadatok!Y6*100 -> 20.8086 | F6: =alapadatok!Z6*100 -> 28.975 | G6: =alapadatok!AA6*100 -> 22.7384 | H6: =alapadatok!AB6*100 -> -2.8477 | I6: =alapadatok!AC6*100 -> 4.785 | J6: =alapadatok!AD6*100 -> -3.8825 | K6: =alapadatok!AE6*100 -> 6.2488 | ... Q6: =alapadatok!AK6*100 -> 17.8138
A7: =alapadatok!C7 -> 00_jun | B7: =alapadatok!K7*100 -> 20.02 | C7: =alapadatok!L7*100 -> 19.1457 | D7: =alapadatok!X7*100 -> 6.9658 | E7: =alapadatok!Y7*100 -> 37.7201 | F7: =alapadatok!Z7*100 -> 37.7691 | G7: =alapadatok!AA7*100 -> 25.9652 | H7: =alapadatok!AB7*100 -> 17.4926 | I7: =alapadatok!AC7*100 -> 10.9722 | J7: =alapadatok!AD7*100 -> 8.3175 | K7: =alapadatok!AE7*100 -> 14.8497 | ... Q7: =alapadatok!AK7*100 -> 21.2344
A8: =alapadatok!C8 -> 00_okt | B8: =alapadatok!K8*100 -> 20.7727 | C8: =alapadatok!L8*100 -> 9.6985 | D8: =alapadatok!X8*100 -> 3.9121 | E8: =alapadatok!Y8*100 -> 10.6711 | F8: =alapadatok!Z8*100 -> 27.7558 | G8: =alapadatok!AA8*100 -> 14.4733 | H8: =alapadatok!AB8*100 -> -0.9569 | I8: =alapadatok!AC8*100 -> 8.1857 | J8: =alapadatok!AD8*100 -> 2.971 | K8: =alapadatok!AE8*100 -> 2.4202 | ... Q8: =alapadatok!AK8*100 -> 10.4117
A9: =alapadatok!C9 -> 01_maj | B9: =alapadatok!K9*100 -> 20.6424 | C9: =alapadatok!L9*100 -> 27.5488 | D9: =alapadatok!X9*100 -> 19.6413 | E9: =alapadatok!Y9*100 -> 40.8712 | F9: =alapadatok!Z9*100 -> 32.2937 | G9: =alapadatok!AA9*100 -> 35.1244 | H9: =alapadatok!AB9*100 -> 24.9236 | I9: =alapadatok!AC9*100 -> 23.0444 | J9: =alapadatok!AD9*100 -> 16.1317 | K9: =alapadatok!AE9*100 -> 24.4781 | ... Q9: =alapadatok!AK9*100 -> 29.8535
A10: =alapadatok!C10 -> 01_okt | B10: =alapadatok!K10*100 -> 13.8563 | C10: =alapadatok!L10*100 -> 6.6208 | D10: =alapadatok!X10*100 -> -1.4349 | E10: =alapadatok!Y10*100 -> 18.9678 | F10: =alapadatok!Z10*100 -> 14.2821 | G10: =alapadatok!AA10*100 -> 10.2969 | H10: =alapadatok!AB10*100 -> 13.6158 | I10: =alapadatok!AC10*100 -> -6.788 | J10: =alapadatok!AD10*100 -> 6.3021 | K10: =alapadatok!AE10*100 -> 4.5712 | ... Q10: =alapadatok!AK10*100 -> 5.8287
A11: =alapadatok!C11 -> 02_apr | B11: =alapadatok!K11*100 -> 10.7287 | C11: =alapadatok!L11*100 -> 23.2138 | D11: =alapadatok!X11*100 -> 19.2818 | E11: =alapadatok!Y11*100 -> 31.7529 | F11: =alapadatok!Z11*100 -> 24.7025 | G11: =alapadatok!AA11*100 -> 25.8345 | H11: =alapadatok!AB11*100 -> 46.9772 | I11: =alapadatok!AC11*100 -> 4.5387 | J11: =alapadatok!AD11*100 -> 21.9844 | K11: =alapadatok!AE11*100 -> 25.8188 | ... Q11: =alapadatok!AK11*100 -> 24.8857
A12: =alapadatok!C12 -> 02_okt | B12: =alapadatok!K12*100 -> 9.0376 | C12: =alapadatok!L12*100 -> 16.7106 | D12: =alapadatok!X12*100 -> 15.1118 | E12: =alapadatok!Y12*100 -> 20.1994 | F12: =alapadatok!Z12*100 -> 16.5004 | G12: =alapadatok!AA12*100 -> 21.0077 | H12: =alapadatok!AB12*100 -> -2.8393 | I12: =alapadatok!AC12*100 -> 17.3308 | J12: =alapadatok!AD12*100 -> 11.696 | K12: =alapadatok!AE12*100 -> 12.3383 | ... Q12: =alapadatok!AK12*100 -> 23.1337
A13: =alapadatok!C13 -> 03_apr | B13: =alapadatok!K13*100 -> 0.5311 | C13: =alapadatok!L13*100 -> 11.0576 | D13: =alapadatok!X13*100 -> 5.8661 | E13: =alapadatok!Y13*100 -> 8.0955 | F13: =alapadatok!Z13*100 -> 25.4779 | G13: =alapadatok!AA13*100 -> 17.1918 | H13: =alapadatok!AB13*100 -> 11.703 | I13: =alapadatok!AC13*100 -> 2.7745 | J13: =alapadatok!AD13*100 -> 4.8598 | K13: =alapadatok!AE13*100 -> 3.6001 | ... Q13: =alapadatok!AK13*100 -> 18.0092
A14: =alapadatok!C14 -> 03_okt | B14: =alapadatok!K14*100 -> 10.731 | C14: =alapadatok!L14*100 -> 11.4983 | D14: =alapadatok!X14*100 -> 8.2583 | E14: =alapadatok!Y14*100 -> 7.3172 | F14: =alapadatok!Z14*100 -> 26.2035 | G14: =alapadatok!AA14*100 -> 17.4982 | H14: =alapadatok!AB14*100 -> 2.3486 | I14: =alapadatok!AC14*100 -> 6.4379 | J14: =alapadatok!AD14*100 -> 2.8549 | K14: =alapadatok!AE14*100 -> 5.005 | ... Q14: =alapadatok!AK14*100 -> 14.5004
A15: =alapadatok!C15 -> 04_apr | B15: =alapadatok!K15*100 -> 12.1399 | C15: =alapadatok!L15*100 -> 12.6113 | D15: =alapadatok!X15*100 -> -2.3907 | E15: =alapadatok!Y15*100 -> 27.6689 | F15: =alapadatok!Z15*100 -> 25.6005 | G15: =alapadatok!AA15*100 -> 18.1987 | H15: =alapadatok!AB15*100 -> 26.5065 | I15: =alapadatok!AC15*100 -> 0.2065 | J15: =alapadatok!AD15*100 -> 2.776 | K15: =alapadatok!AE15*100 -> -3.6358 | ... Q15: =alapadatok!AK15*100 -> 16.9385
A16: =alapadatok!C16 -> 04_okt | B16: =alapadatok!K16*100 -> 8.7606 | C16: =alapadatok!L16*100 -> 6.9549 | D16: =alapadatok!X16*100 -> -9.242 | E16: =alapadatok!Y16*100 -> 10.1813 | F16: =alapadatok!Z16*100 -> 22.8661 | G16: =alapadatok!AA16*100 -> 16.2478 | H16: =alapadatok!AB16*100 -> 22.0477 | I16: =alapadatok!AC16*100 -> -7.3229 | J16: =alapadatok!AD16*100 -> -7.0403 | K16: =alapadatok!AE16*100 -> -0.0125 | ... Q16: =alapadatok!AK16*100 -> 12.4362
... A44: =alapadatok!C44 -> 18_okt | B44: =alapadatok!K44*100 -> 49.82 | C44: =alapadatok!L44*100 -> 42.95 | D44: =alapadatok!X44*100 -> 35.795317 | E44: =alapadatok!Y44*100 -> 40.284845 | F44: =alapadatok!Z44*100 -> 59.684612 | G44: =alapadatok!AA44*100 -> 54.620917 | H44: =alapadatok!AB44*100 -> 48.484906 | I44: =alapadatok!AC44*100 -> 43.113596 | J44: =alapadatok!AD44*100 -> 25.369146 | K44: =alapadatok!AE44*100 -> 36.564627 | ... Q44: =alapadatok!AK44*100 -> 51.827616

Sheet 4.1. ábra
C1: Várható létszám | R1: Várható munkaerő-kereslet
A2: Oszlop1 | B2: Várható létszám | C2: Nem exportáló | D2: Részben exportáló | E2: Döntően exportáló | F2: Ipar | G2: Építőipar | H2: Kereskedelem | I2: Egyéb gazd. szolg. | J2: Tisztán hazai tul. | K2: Részben külföldi tul. | L2: Döntően külföldi tul. | M2: x-9 fő | N2: 10-49 fő | O2: 50-249 fő | P2: 250-x fő
A3: =alapadatok!C3 -> 98_jun | B3: =alapadatok!U3*100 -> 7.48 | F3: =alapadatok!BC3*100 -> 5.17 | G3: =alapadatok!BD3*100 -> 19.51 | H3: =alapadatok!BE3*100 -> 1 | I3: =alapadatok!BF3*100 -> 14.68 | J3: =alapadatok!BG3*100 -> 2.64 | K3: =alapadatok!BH3*100 -> 7.76 | L3: =alapadatok!BI3*100 -> 14.89 | M3: =alapadatok!BJ3*100 -> 11.35 | ... P3: =alapadatok!BM3*100 -> 1.74
A4: =alapadatok!C4 -> 98_dec | B4: =alapadatok!U4*100 -> 1.83 | F4: =alapadatok!BC4*100 -> -2.36 | G4: =alapadatok!BD4*100 -> 13.56 | H4: =alapadatok!BE4*100 -> -1.34 | I4: =alapadatok!BF4*100 -> 12.3 | J4: =alapadatok!BG4*100 -> 7.93 | K4: =alapadatok!BH4*100 -> -9.54 | L4: =alapadatok!BI4*100 -> -6.43 | M4: =alapadatok!BJ4*100 -> 13.98 | ... P4: =alapadatok!BM4*100 -> -7.74
A5: =alapadatok!C5 -> 99_jun | B5: =alapadatok!U5*100 -> -3.19 | C5: =alapadatok!AZ5*100 -> -2.39 | D5: =alapadatok!BA5*100 -> -21.16 | E5: =alapadatok!BB5*100 -> 15.57 | F5: =alapadatok!BC5*100 -> -6.71 | G5: =alapadatok!BD5*100 -> 6.75 | H5: =alapadatok!BE5*100 -> -2.13 | I5: =alapadatok!BF5*100 -> 1.64 | J5: =alapadatok!BG5*100 -> -3.57 | ... P5: =alapadatok!BM5*100 -> -14.73
A6: =alapadatok!C6 -> 99_dec | B6: =alapadatok!U6*100 -> -4.4 | C6: =alapadatok!AZ6*100 -> -6.32 | D6: =alapadatok!BA6*100 -> -12.31 | E6: =alapadatok!BB6*100 -> 17.29 | F6: =alapadatok!BC6*100 -> -6.45 | G6: =alapadatok!BD6*100 -> -9.27 | H6: =alapadatok!BE6*100 -> 2.4 | I6: =alapadatok!BF6*100 -> -3.62 | J6: =alapadatok!BG6*100 -> -6.36 | ... P6: =alapadatok!BM6*100 -> -15.81
A7: =alapadatok!C7 -> 00_jun | B7: =alapadatok!U7*100 -> 4 | C7: =alapadatok!AZ7*100 -> -2.33 | D7: =alapadatok!BA7*100 -> 4.48 | E7: =alapadatok!BB7*100 -> 26.38 | F7: =alapadatok!BC7*100 -> 5.57 | G7: =alapadatok!BD7*100 -> 10.46 | H7: =alapadatok!BE7*100 -> -1.77 | I7: =alapadatok!BF7*100 -> 2.29 | J7: =alapadatok!BG7*100 -> -2.09 | ... P7: =alapadatok!BM7*100 -> -0.71
A8: =alapadatok!C8 -> 00_okt | B8: =alapadatok!U8*100 -> -0.09 | C8: =alapadatok!AZ8*100 -> -4.63 | D8: =alapadatok!BA8*100 -> -6.96 | E8: =alapadatok!BB8*100 -> 22.5 | F8: =alapadatok!BC8*100 -> -0.65 | G8: =alapadatok!BD8*100 -> 1.93 | H8: =alapadatok!BE8*100 -> -1.94 | I8: =alapadatok!BF8*100 -> 1.86 | J8: =alapadatok!BG8*100 -> -4.52 | ... P8: =alapadatok!BM8*100 -> -4.81
A9: =alapadatok!C9 -> 01_maj | B9: =alapadatok!U9*100 -> 6.2 | C9: =alapadatok!AZ9*100 -> 4.43 | D9: =alapadatok!BA9*100 -> 6.33 | E9: =alapadatok!BB9*100 -> 12.2 | F9: =alapadatok!BC9*100 -> 4.18 | G9: =alapadatok!BD9*100 -> 10.25 | H9: =alapadatok!BE9*100 -> 5.66 | I9: =alapadatok!BF9*100 -> 8.43 | J9: =alapadatok!BG9*100 -> 5.12 | ... P9: =alapadatok!BM9*100 -> 1.26
A10: =alapadatok!C10 -> 01_okt | B10: =alapadatok!U10*100 -> -12.22 | C10: =alapadatok!AZ10*100 -> -11.23 | D10: =alapadatok!BA10*100 -> -12.39 | E10: =alapadatok!BB10*100 -> -14.95 | F10: =alapadatok!BC10*100 -> -20.37 | G10: =alapadatok!BD10*100 -> -14.67 | H10: =alapadatok!BE10*100 -> -8.42 | I10: =alapadatok!BF10*100 -> 0.94 | J10: =alapadatok!BG10*100 -> -5.53 | ... P10: =alapadatok!BM10*100 -> -29.1
A11: =alapadatok!C11 -> 02_apr | B11: =alapadatok!U11*100 -> 6.81 | C11: =alapadatok!AZ11*100 -> 8.63 | D11: =alapadatok!BA11*100 -> 1.53 | E11: =alapadatok!BB11*100 -> 8.09 | F11: =alapadatok!BC11*100 -> 1.17 | G11: =alapadatok!BD11*100 -> 20.16 | H11: =alapadatok!BE11*100 -> 5.72 | I11: =alapadatok!BF11*100 -> 14.67 | J11: =alapadatok!BG11*100 -> 7.83 | ... P11: =alapadatok!BM11*100 -> 0.82
A12: =alapadatok!C12 -> 02_okt | B12: =alapadatok!U12*100 -> -5.03 | C12: =alapadatok!AZ12*100 -> -2.53 | D12: =alapadatok!BA12*100 -> 3.72 | E12: =alapadatok!BB12*100 -> -19.48 | F12: =alapadatok!BC12*100 -> -13.98 | G12: =alapadatok!BD12*100 -> -13.21 | H12: =alapadatok!BE12*100 -> 4.51 | I12: =alapadatok!BF12*100 -> 12.54 | J12: =alapadatok!BG12*100 -> -1.8 | ... P12: =alapadatok!BM12*100 -> -9.46
A13: =alapadatok!C13 -> 03_apr | B13: =alapadatok!U13*100 -> -9.16 | C13: =alapadatok!AZ13*100 -> -7.81 | D13: =alapadatok!BA13*100 -> -22.93 | E13: =alapadatok!BB13*100 -> -9.65 | F13: =alapadatok!BC13*100 -> -15.64 | G13: =alapadatok!BD13*100 -> 10.08 | H13: =alapadatok!BE13*100 -> 6.9 | I13: =alapadatok!BF13*100 -> -8.94 | J13: =alapadatok!BG13*100 -> -12.89 | ... P13: =alapadatok!BM13*100 -> -18.53
A14: =alapadatok!C14 -> 03_okt | B14: =alapadatok!U14*100 -> -11.49 | C14: =alapadatok!AZ14*100 -> -16.81 | D14: =alapadatok!BA14*100 -> -18.89 | E14: =alapadatok!BB14*100 -> 0.85 | F14: =alapadatok!BC14*100 -> -11.61 | G14: =alapadatok!BD14*100 -> -18.35 | H14: =alapadatok!BE14*100 -> 2.09 | I14: =alapadatok!BF14*100 -> -13.35 | J14: =alapadatok!BG14*100 -> -18.41 | ... P14: =alapadatok!BM14*100 -> -24.02
A15: =alapadatok!C15 -> 04_apr | B15: =alapadatok!U15*100 -> -7.57 | C15: =alapadatok!AZ15*100 -> -14.01 | D15: =alapadatok!BA15*100 -> -10.33 | E15: =alapadatok!BB15*100 -> -11.25 | F15: =alapadatok!BC15*100 -> -18.9 | G15: =alapadatok!BD15*100 -> -0.73 | H15: =alapadatok!BE15*100 -> 1.78 | I15: =alapadatok!BF15*100 -> 3.1 | J15: =alapadatok!BG15*100 -> -15.96 | ... P15: =alapadatok!BM15*100 -> -18.91
A16: =alapadatok!C16 -> 04_okt | B16: =alapadatok!U16*100 -> -14.87 | C16: =alapadatok!AZ16*100 -> -10.99 | D16: =alapadatok!BA16*100 -> -7.9 | E16: =alapadatok!BB16*100 -> -18.11 | F16: =alapadatok!BC16*100 -> -14.62 | G16: =alapadatok!BD16*100 -> 2.51 | H16: =alapadatok!BE16*100 -> -8.96 | I16: =alapadatok!BF16*100 -> -23.39 | J16: =alapadatok!BG16*100 -> -16.1 | ... P16: =alapadatok!BM16*100 -> -27.14
... A44: =alapadatok!C44 -> 18_okt | B44: =alapadatok!U44*100 -> 17.48 | C44: =alapadatok!AZ44*100 -> 13.006009 | D44: =alapadatok!BA44*100 -> 20.087201 | E44: =alapadatok!BB44*100 -> 23.569542 | F44: =alapadatok!BC44*100 -> 22.964919 | G44: =alapadatok!BD44*100 -> 18.311364 | H44: =alapadatok!BE44*100 -> 17.10624 | I44: =alapadatok!BF44*100 -> 10.167391 | J44: =alapadatok!BG44*100 -> 16.048174 | ... P44: =alapadatok!BM44*100 -> 20.245117

Sheet M1.1. ábra
A1: Időpont | B1: válaszadók száma | D1: A GVI Konjunktúra vizsgálatában megkérdezett cégek száma
A2: =alapadatok!C3 -> 98_jun | B2: =alapadatok!A3 -> 2050
A3: =alapadatok!C4 -> 98_dec | B3: =alapadatok!A4 -> 1705
A4: =alapadatok!C5 -> 99_jun | B4: =alapadatok!A5 -> 2053
A5: =alapadatok!C6 -> 99_dec | B5: =alapadatok!A6 -> 2274
A6: =alapadatok!C7 -> 00_jun | B6: =alapadatok!A7 -> 1606
A7: =alapadatok!C8 -> 00_okt | B7: =alapadatok!A8 -> 1550
A8: =alapadatok!C9 -> 01_maj | B8: =alapadatok!A9 -> 1276
A9: =alapadatok!C10 -> 01_okt | B9: =alapadatok!A10 -> 1492
A10: =alapadatok!C11 -> 02_apr | B10: =alapadatok!A11 -> 1565
A11: =alapadatok!C12 -> 02_okt | B11: =alapadatok!A12 -> 1694
A12: =alapadatok!C13 -> 03_apr | B12: =alapadatok!A13 -> 1743
A13: =alapadatok!C14 -> 03_okt | B13: =alapadatok!A14 -> 1919
... A32: =alapadatok!C33 -> 13_apr | B32: =alapadatok!A33 -> 3500
A33: =alapadatok!C34 -> 13_okt | B33: 3514
A34: =alapadatok!C35 -> 14_apr | B34: =alapadatok!A35 -> 2606
A35: =alapadatok!C36 -> 14_okt | B35: =alapadatok!A36 -> 2853
A36: =alapadatok!C37 -> 15_apr | B36: =alapadatok!A37 -> 3614
A37: =alapadatok!C38 -> 15_okt | B37: =alapadatok!A38 -> 3557
A38: =alapadatok!C39 -> 16_apr | B38: 3178
A39: =alapadatok!C40 -> 16_okt | B39: =alapadatok!A40 -> 3185
A40: =alapadatok!C41 -> 17_apr | B40: 3276
A41: =alapadatok!C42 -> 17_okt | B41: 3064
A42: =alapadatok!C43 -> 18_apr | B42: =alapadatok!A43 -> 3274
A43: =alapadatok!C44 -> 18_okt | B43: =alapadatok!A44 -> 2830

Sheet Ifo_adat
A1: The Ifo Business Climate for Germany
A2: (from January 1991)
A3: Long time-series of the Business Climate for German trade and industry | G3: Frissítve | H3: 2018. november
A4: and its two components, the business situation and the expectations
J5: Forrás:
A6: Index (2015=100, Trade and Industry, Germany, seasonally adjusted) | J6: https://www.cesifo-group.de/ifoHome/facts/Time-series-and-Diagrams/Zeitreihen/Reihen-Geschaeftsklima-Deutschland.html
A7: R 1 : Business Climate
A8: R 2 : Business Situation
A9: R 3 : Business Expectations
A10: Balances (Trade and Industry, Germany, seasonally adjusted)
A11: R 4 : Business Climate
A12: R 5 : Business Situation
A13: R 6 : Business Expectations
B15: Üzleti bizalom | C15: Jelenlegi üzleti helyzet | D15: Várakozások
A16: 1991 | B16: 99.9 | C16: 100.5 | D16: 99.4
B17: 100.1 | C17: 101.5 | D17: 98.7
B18: 99 | C18: 99.3 | D18: 98.6
B19: 98.7 | C19: 97.8 | D19: 99.5
B20: 97.4 | C20: 95.4 | D20: 99.5
B21: 97.5 | C21: 96.6 | D21: 98.3
B22: 96.7 | C22: 95.2 | D22: 98.2
B23: 96.1 | C23: 93.9 | D23: 98.4
B24: 96 | C24: 93.7 | D24: 98.3
B25: 96.2 | C25: 93.7 | D25: 98.8
B26: 96.6 | C26: 94.1 | D26: 99.1
B27: 95.6 | C27: 93.4 | D27: 97.8
A28: 1992 | B28: 93.9 | C28: 91 | D28: 96.9
B29: 93.7 | C29: 91.6 | D29: 95.8
B30: 92.4 | C30: 89.2 | D30: 95.7
B31: 91.6 | C31: 88.2 | D31: 95.1
B32: 91.3 | C32: 87.3 | D32: 95.5
B33: 90.5 | C33: 86.3 | D33: 94.9
B34: 89.5 | C34: 84.6 | D34: 94.8
B35: 86.4 | C35: 83.3 | D35: 89.6
B36: 85.9 | C36: 83 | D36: 88.9
B37: 82.9 | C37: 80.7 | D37: 85.1
B38: 81.9 | C38: 79.4 | D38: 84.4
B39: 82.9 | C39: 80.3 | D39: 85.5
A40: 1993 | B40: 82.1 | C40: 77 | D40: 87.6
B41: 80.4 | C41: 74.8 | D41: 86.4
B42: 81.9 | C42: 75 | D42: 89.3
B43: 81.5 | C43: 75.3 | D43: 88.2
B44: 80.7 | C44: 74 | D44: 88.2
B45: 81.5 | C45: 73.8 | D45: 90.1
B46: 82 | C46: 73.6 | D46: 91.3
B47: 83.7 | C47: 75.4 | D47: 93.1
B48: 83.7 | C48: 75.1 | D48: 93.3
B49: 84.1 | C49: 74.8 | D49: 94.4
B50: 85.1 | C50: 77 | D50: 94.2
B51: 85.9 | C51: 77 | D51: 95.9
A52: 1994 | B52: 85.8 | C52: 76.4 | D52: 96.4
B53: 88.3 | C53: 79.4 | D53: 98.2
B54: 89.6 | C54: 80.1 | D54: 100.1
B55: 91.4 | C55: 81.9 | D55: 101.9
B56: 91.5 | C56: 82.1 | D56: 101.9
B57: 92.4 | C57: 83 | D57: 102.9
B58: 92 | C58: 82.9 | D58: 102.2
B59: 93.1 | C59: 85 | D59: 101.9
B60: 95.2 | C60: 87.1 | D60: 104.1
B61: 96.9 | C61: 88.8 | D61: 105.8
B62: 97.8 | C62: 90.3 | D62: 106
B63: 97 | C63: 89.4 | D63: 105.2
A64: 1995 | B64: 96.2 | C64: 89.2 | D64: 103.8
B65: 96.8 | C65: 91.4 | D65: 102.6
B66: 94.1 | C66: 88.4 | D66: 100.1
B67: 92.9 | C67: 88.9 | D67: 97
B68: 92.4 | C68: 87.6 | D68: 97.5
B69: 91.1 | C69: 86.8 | D69: 95.6
B70: 89.9 | C70: 85.7 | D70: 94.3
B71: 89.2 | C71: 84.6 | D71: 94.1
B72: 89.2 | C72: 84.9 | D72: 93.8
B73: 88.2 | C73: 83.6 | D73: 93
B74: 88.6 | C74: 83.8 | D74: 93.7
B75: 87.5 | C75: 83.2 | D75: 92
A76: 1996 | B76: 85.2 | C76: 80.2 | D76: 90.5
B77: 85.3 | C77: 79.8 | D77: 91.2
B78: 84.3 | C78: 78 | D78: 91.2
B79: 85.6 | C79: 79.9 | D79: 91.6
B80: 85.2 | C80: 78.9 | D80: 92.1
B81: 84.9 | C81: 78.1 | D81: 92.2
B82: 86.1 | C82: 79.1 | D82: 93.8
B83: 87 | C83: 79.6 | D83: 95.1
B84: 88.6 | C84: 81.2 | D84: 96.7
B85: 89.7 | C85: 82.2 | D85: 97.9
B86: 89.2 | C86: 82 | D86: 97.1
B87: 89.4 | C87: 82.3 | D87: 97
A88: 1997 | B88: 89.3 | C88: 81.4 | D88: 97.9
B89: 90 | C89: 83.1 | D89: 97.5
B90: 90.4 | C90: 83.7 | D90: 97.6
B91: 90.4 | C91: 83.9 | D91: 97.4
B92: 91 | C92: 84.9 | D92: 97.4
B93: 91.1 | C93: 85 | D93: 97.7
B94: 92.2 | C94: 86 | D94: 98.8
B95: 92.8 | C95: 86.6 | D95: 99.5
B96: 94.1 | C96: 88 | D96: 100.6
B97: 94.6 | C97: 89.1 | D97: 100.5
B98: 95.4 | C98: 90 | D98: 101.1
B99: 95.9 | C99: 91 | D99: 101
A100: 1998 | B100: 94.9 | C100: 89.8 | D100: 100.4
B101: 95.3 | C101: 91.4 | D101: 99.4
...

Sheet INSEE adat
A2: Opinion des industriels - enquête mensuelle / Business leaders' opinion - monthly survey
A3: Source : Insee / INSEE
A4: http://www.insee.fr/en/themes/info-rapide.asp?id=11 | K4: Frissítve | L4: 2018. november
A5: https://www.insee.fr/en/statistiques/3128033
C6: Indicateur synthétique du climat des affaires (industrie manufacturière)
C7: / Industrial economic climate - Synthetic indicator (manufacturing industry)
C10: Indicateur synthétique /Synthetic Indicator | D10: (niveau 100 = moyenne de longue période)
C11: Indicateur synthétique / Synthetic Index | D11: / (level 100 = long term average)
A12: 1976 | B12: Á | C12: 105.79064
C13: 109.70976
C14: 109.07048
C15: 109.28227
C16: 108.02226
C17: 106.63397
C18: 103.45724
C19: 98.983485
C20: 97.877768
C21: 98.902615
C22: 100.36689
C23: 99.870366
C24: 96.842648
... C32: 93.329271
A33: 1978 | C33: 93.429125
C34: 92.190695
C35: 95.659
C36: 101.37323
C37: 101.37785
C38: 100.33181
C39: 101.26893
C40: 102.36452
C41: 103.32916
C42: 103.68695
C43: 104.70635
C44: 106.79796
C45: 106.18132
... C56: 108.44614
A57: 1980 | C57: 107.97354
C58: 107.07176
C59: 106.39994
C60: 103.53904
C61: 100.41943
C62: 98.361999
C63: 93.291372
C64: 91.852492
C65: 89.819806
C66: 88.403182
C67: 87.129106
C68: 84.763739
C69: 86.745761
... C80: 94.58459
A81: 1982 | C81: 95.036454
C82: 96.464473
C83: 95.04734
C84: 96.224353
C85: 95.750304
C86: 95.424622
C87: 94.538368
C88: 92.461239
C89: 89.81091
C90: 89.621175
C91: 90.034102
C92: 92.318041
C93: 92.454775
... C104: 91.883706
A105: 1984 | C105: 91.449932
C106: 91.991799
C107: 93.47306
C108: 93.921516
C109: 94.455465
C110: 93.753433
C111: 95.652821
C112: 95.976823
C113: 96.020371
C114: 95.495423
C115: 94.606932
C116: 93.940113
C117: 93.577291
... C128: 99.19521
A129: 1986 | C129: 97.160698
C130: 99.922186
C131: 101.77891
C132: 99.43662
C133: 100.2239
C134: 99.260786
C135: 99.223911
C136: 100.10354
C137: 100.99647
C138: 98.277
C139: 99.323403
C140: 98.666152
C141: 99.034415
... C152: 107.88819
A153: 1988 | C153: 108.32886
C154: 110.59125
C155: 110.53171
C156: 112.75547
C157: 112.52446
C158: 111.97347
C159: 114.45959
C160: 115.03615
...

Sheet Phil_Fed_adat
A1: https://www.philadelphiafed.org/research-and-data/regional-economy/business-outlook-survey/historical-data/ | L1: Frissítve | M1: 2018. november
A2: Seasonally Adjusted Diffusion Indexes
A3: .xls file
C5: GAC
B7: 2001 | C7: -36.6
C8: -29.4
C9: -20.8
C10: -10.8
C11: -11.8
C12: -7
C13: -12.6
C14: -18.1
C15: -8.2
C16: -23.6
C17: -17.7
C18: -11
B19: 2002 | C19: 10.5
C20: 11
C21: 12.3
C22: 12.6
C23: 10.1
C24: 20.4
C25: 5.9
C26: -1.3
C27: 4.4
C28: -7.6
C29: 7.4
C30: 7.2
B31: 2003 | C31: 5.5
C32: -1.6
C33: -3.9
C34: -6.7
C35: -0.6
C36: 3.7
C37: 7.7
C38: 20.3
C39: 20.7
C40: 28.3
C41: 26.9
C42: 26.5
B43: 2004 | C43: 36.1
C44: 27.8
C45: 29.6
C46: 32.3
C47: 29
C48: 30.6
C49: 34.7
C50: 25
C51: 19.6
C52: 26.9
C53: 19.2
C54: 25.5
B55: 2005 | C55: 13.4
C56: 21.1
C57: 15.1
C58: 25.3
C59: 9.3
C60: -1.3
C61: 8.1
C62: 11.2
C63: 7.1
C64: 4.8
C65: 10.3
C66: 12.9
B67: 2006 | C67: 5.4
C68: 15.3
C69: 14.7
C70: 14.2
C71: 13.7
C72: 11.7
C73: 4
C74: 12.5
C75: -0.8
C76: 2.3
C77: 4.5
C78: -1.8
B79: 2007 | C79: 7.5
C80: 3.5
C81: 2.8
C82: 2.9
C83: 3.7
C84: 17.3
C85: 6.8
C86: -0.5
C87: 7.5
C88: 7.8
C89: 6.7
C90: -5.4
B91: 2008 | C91: -18.4
C92: -20.3
C93: -14.7
C94: -21.3
C95: -16.1
C96: -16.8
C97: -16.2
C98: -17.6
C99: 2.1
C100: -37.5
C101: -40.9
C102: -37.6
...

Sheet magyar makroadatok
A2: Az adatok forrása: KSH Stadat táblák | E2: http://www.ksh.hu/docs/hun/xstadat/xstadat_evkozi/e_qpt001.html | R2: http://www.ksh.hu/docs/hun/xstadat/xstadat_evkozi/e_oia002.html | AA2: http://www.ksh.hu/docs/hun/xstadat/xstadat_evkozi/e_qb002e.html
A4: Frissítve | B4: 2018. november
E5: A bruttó hazai termék (GDP) volumenindexei (%), szezonálisan és naptári hatással kiigazított, kiegyensúlyozott adatok (Előző negyedév=100,0%) | L5: A bruttó hazai termék (GDP) volumenindexei (%), szezonálisan és naptári hatással kiigazított és kiegyensúlyozott adatok (előző év azonos időszaka=100,0) | R5: Az ipari termelés és értékesítés volumenindexei, az előző év azonos időszaka = 100,0 | AA5: 3.3.2. A nemzetgazdasági beruházások volumenindexei gazdasági ágak szerint [az előző év azonos időszaka = 100,0]
T7: Ipari termelés | U7: Belföldi értékesítés | V7: Export értékesítés | W7: Értékesítés összesen
R8: 2003 | S8: J | T8: 105.6 | U8: 101.6 | V8: 108.9 | W8: 105.2 | X8: 100 | Y8: =T8-X8 -> 5.6 | AA8: 2003 | AB8: I | AC8: 98.4
S9: F | T9: 100.5 | U9: 102.9 | V9: 98.8 | W9: 100.7 | X9: 100 | Y9: =T9-X9 -> 0.5 | AB9: II | AC9: 101.9
S10: M | T10: 106 | U10: 100.8 | V10: 108.1 | W10: 104.6 | X10: 100 | Y10: =T10-X10 -> 6 | AB10: III | AC10: 104.6
S11: Á | T11: 103 | U11: 101.6 | V11: 104.9 | W11: 103.3 | X11: 100 | Y11: =T11-X11 -> 3 | AB11: IV | AC11: 104.7
E12: 1996 | F12: I | G12: 100.2 | H12: 100 | I12: =G12-H12 -> 0.2 | L12: 1996 | M12: I | N12: 99.7 | S12: Mj | T12: 104.6 | U12: 98.5 | V12: 110.1 | W12: 104.2 | X12: 100 | Y12: =T12-X12 -> 4.6 | AA12: 2004 | AB12: I | AC12: 118.9
F13: II | G13: 99.7 | H13: 100 | I13: =G13-H13 -> -0.3 | M13: II | N13: 99.5 | S13: Jú | T13: 105.2 | U13: 100.1 | V13: 108.1 | W13: 104.3 | X13: 100 | Y13: =T13-X13 -> 5.2 | AB13: II | AC13: 110
F14: III | G14: 100 | H14: 100 | I14: =G14-H14 -> 0 | M14: III | N14: 99.6 | S14: Jl | T14: 104.7 | U14: 97.9 | V14: 112.8 | W14: 105.4 | X14: 100 | Y14: =T14-X14 -> 4.7 | AB14: III | AC14: 112.7
F15: IV | G15: 101.1 | H15: 100 | I15: =G15-H15 -> 1.1 | M15: IV | N15: 101.1 | S15: A | T15: 106 | U15: 99 | V15: 114.6 | W15: 106.4 | X15: 100 | Y15: =T15-X15 -> 6 | AB15: IV | AC15: 100.3
E16: 1997 | F16: I | G16: 101 | H16: 100 | I16: =G16-H16 -> 1 | L16: 1997 | M16: I | N16: 101.9 | S16: Sz | T16: 108.8 | U16: 104.2 | V16: 109.1 | W16: 106.8 | X16: 100 | Y16: =T16-X16 -> 8.8 | AA16: 2005 | AB16: I | AC16: 106.8
F17: II | G17: 101 | H17: 100 | I17: =G17-H17 -> 1 | M17: II | N17: 103.3 | S17: O | T17: 110.5 | U17: 101.6 | V17: 117.7 | W17: 109.8 | X17: 100 | Y17: =T17-X17 -> 10.5 | AB17: II | AC17: 109.4
F18: III | G18: 101 | H18: 100 | I18: =G18-H18 -> 1 | M18: III | N18: 104.2 | S18: N | T18: 106.8 | U18: 101.6 | V18: 112.3 | W18: 107.2 | X18: 100 | Y18: =T18-X18 -> 6.8 | AB18: III | AC18: 108.7
F19: IV | G19: 101 | H19: 100 | I19: =G19-H19 -> 1 | M19: IV | N19: 104.1 | S19: D | T19: 113.5 | U19: 103.4 | V19: 122.9 | W19: 112.6 | X19: 100 | Y19: =T19-X19 -> 13.5 | AB19: IV | AC19: 103.1
E20: 1998 | F20: I | G20: 101.1 | H20: 100 | I20: =G20-H20 -> 1.1 | L20: 1998 | M20: I | N20: 104.2 | R20: 2004 | S20: J | T20: 107.3 | U20: 96.8 | V20: 118.2 | W20: 107.5 | X20: 100 | Y20: =T20-X20 -> 7.3 | AA20: 2006 | AB20: I | AC20: 109.7
F21: II | G21: 101.4 | H21: 100 | I21: =G21-H21 -> 1.4 | M21: II | N21: 104.6 | S21: F | T21: 111.3 | U21: 97.4 | V21: 124.6 | W21: 111 | X21: 100 | Y21: =T21-X21 -> 11.3 | AB21: II | AC21: 96.4
F22: III | G22: 100.8 | H22: 100 | I22: =G22-H22 -> 0.8 | M22: III | N22: 104.4 | S22: M | T22: 111 | U22: 101.6 | V22: 117.2 | W22: 109.6 | X22: 100 | Y22: =T22-X22 -> 11 | AB22: III | AC22: 96.2
F23: IV | G23: 100.2 | H23: 100 | I23: =G23-H23 -> 0.2 | M23: IV | N23: 103.6 | S23: Á | T23: 108.5 | U23: 98.8 | V23: 116.2 | W23: 107.7 | X23: 100 | Y23: =T23-X23 -> 8.5 | AB23: IV | AC23: 95.5
E24: 1999 | F24: I | G24: 100.2 | H24: 100 | I24: =G24-H24 -> 0.2 | L24: 1999 | M24: I | N24: 102.7 | S24: Mj | T24: 106.7 | U24: 97.5 | V24: 116.7 | W24: 107.2 | X24: 100 | Y24: =T24-X24 -> 6.7 | AA24: 2007 | AB24: I | AC24: 100.8
F25: II | G25: 101 | H25: 100 | I25: =G25-H25 -> 1 | M25: II | N25: 102.3 | S25: Jú | T25: 114 | U25: 104.7 | V25: 124.3 | W25: 115 | X25: 100 | Y25: =T25-X25 -> 14 | AB25: II | AC25: 99.6
F26: III | G26: 101.7 | H26: 100 | I26: =G26-H26 -> 1.7 | M26: III | N26: 103.2 | S26: Jl | T26: 104.1 | U26: 96.5 | V26: 111.5 | W26: 104.1 | X26: 100 | Y26: =T26-X26 -> 4.1 | AB26: III | AC26: 97.5
F27: IV | G27: 101.1 | H27: 100 | I27: =G27-H27 -> 1.1 | M27: IV | N27: 104.1 | S27: A | T27: 105.5 | U27: 98.6 | V27: 111.8 | W27: 105 | X27: 100 | Y27: =T27-X27 -> 5.5 | AB27: IV | AC27: 102.4
E28: 2000 | F28: I | G28: 100.8 | H28: 100 | I28: =G28-H28 -> 0.8 | L28: 2000 | M28: I | N28: 104.7 | S28: Sz | T28: 105.4 | U28: 97.2 | V28: 113.1 | W28: 105.4 | X28: 100 | Y28: =T28-X28 -> 5.4 | AA28: 2008 | AB28: I | AC28: 95.2
F29: II | G29: 101.1 | H29: 100 | I29: =G29-H29 -> 1.1 | M29: II | N29: 104.8 | S29: O | T29: 104.5 | U29: 96.1 | V29: 110.5 | W29: 103.6 | X29: 100 | Y29: =T29-X29 -> 4.5 | AB29: II | AC29: 97.9
F30: III | G30: 100.8 | H30: 100 | I30: =G30-H30 -> 0.8 | M30: III | N30: 103.8 | S30: N | T30: 109.3 | U30: 104.1 | V30: 111.8 | W30: 108.1 | X30: 100 | Y30: =T30-X30 -> 9.3 | AB30: III | AC30: 97.7
F31: IV | G31: 101.6 | H31: 100 | I31: =G31-H31 -> 1.6 | M31: IV | N31: 104.2 | S31: D | T31: 102 | U31: 99.5 | V31: 104.5 | W31: 102 | X31: 100 | Y31: =T31-X31 -> 2 | AB31: IV | AC31: 96.8
E32: 2001 | F32: I | G32: 100.8 | H32: 100 | I32: =G32-H32 -> 0.8 | L32: 2001 | M32: I | N32: 104.3 | R32: 2005 | S32: J | T32: 103.3 | U32: 98.9 | V32: 108.1 | W32: 103.2 | X32: 100 | Y32: =T32-X32 -> 3.3 | AA32: 2009 | AB32: I | AC32: 92.282898
F33: II | G33: 100.9 | H33: 100 | I33: =G33-H33 -> 0.9 | M33: II | N33: 104.1 | S33: F | T33: 100.2 | U33: 103.4 | V33: 103.1 | W33: 103.3 | X33: 100 | Y33: =T33-X33 -> 0.2 | AB33: II | AC33: 95.347393
F34: III | G34: 100.8 | H34: 100 | I34: =G34-H34 -> 0.8 | M34: III | N34: 104.1 | S34: M | T34: 101.4 | U34: 102.5 | V34: 106 | W34: 104.2 | X34: 100 | Y34: =T34-X34 -> 1.4 | AB34: III | AC34: 91.1
F35: IV | G35: 100.8 | H35: 100 | I35: =G35-H35 -> 0.8 | M35: IV | N35: 103.3 | S35: Á | T35: 109.2 | U35: 101.8 | V35: 117.5 | W35: 109.5 | X35: 100 | Y35: =T35-X35 -> 9.2 | AB35: IV | AC35: 89
E36: 2002 | F36: I | G36: 102.1 | H36: 100 | I36: =G36-H36 -> 2.1 | L36: 2002 | M36: I | N36: 104.7 | S36: Mj | T36: 113.1 | U36: 109.9 | V36: 115.8 | W36: 112.9 | X36: 100 | Y36: =T36-X36 -> 13.1 | AA36: 2010 | AB36: I | AC36: 94
F37: II | G37: 100.5 | H37: 100 | I37: =G37-H37 -> 0.5 | M37: II | N37: 104.3 | S37: Jú | T37: 105.9 | U37: 105 | V37: 111.6 | W37: 108.4 | X37: 100 | Y37: =T37-X37 -> 5.9 | AB37: II | AC37: 95.4
F38: III | G38: 101 | H38: 100 | I38: =G38-H38 -> 1 | M38: III | N38: 104.4 | S38: Jl | T38: 105.1 | U38: 103.7 | V38: 108.6 | W38: 106.1 | X38: 100 | Y38: =T38-X38 -> 5.1 | AB38: III | AC38: 98.7
F39: IV | G39: 101 | H39: 100 | I39: =G39-H39 -> 1 | M39: IV | N39: 104.7 | S39: A | T39: 111.6 | U39: 111 | V39: 118.2 | W39: 114.4 | X39: 100 | Y39: =T39-X39 -> 11.6 | AB39: IV | AC39: 92.6
E40: 2003 | F40: I | G40: 100.6 | H40: 100 | I40: =G40-H40 -> 0.6 | L40: 2003 | M40: I | N40: 103.1 | S40: Sz | T40: 108.7 | U40: 106.1 | V40: 114.8 | W40: 110.5 | X40: 100 | Y40: =T40-X40 -> 8.7 | AA40: 2011 | AB40: I | AC40: 99.3
F41: II | G41: 101.2 | H41: 100 | I41: =G41-H41 -> 1.2 | M41: II | N41: 103.8 | S41: O | T41: 109.5 | U41: 108.6 | V41: 111.2 | W41: 109.9 | X41: 100 | Y41: =T41-X41 -> 9.5 | AB41: II | AC41: 93.5
F42: III | G42: 101.1 | H42: 100 | I42: =G42-H42 -> 1.1 | M42: III | N42: 103.9 | S42: N | T42: 107.4 | U42: 106.3 | V42: 113.7 | W42: 109.8 | X42: 100 | Y42: =T42-X42 -> 7.4 | AB42: III | AC42: 94.6
F43: IV | G43: 101.2 | H43: 100 | I43: =G43-H43 -> 1.2 | M43: IV | N43: 104.1 | S43: D | T43: 105.9 | U43: 105.4 | V43: 109 | W43: 107 | X43: 100 | Y43: =T43-X43 -> 5.9 | AB43: IV | AC43: 95.5
E44: 2004 | F44: I | G44: 101.4 | H44: 100 | I44: =G44-H44 -> 1.4 | L44: 2004 | M44: I | N44: 105 | R44: 2006 | S44: J | T44: 112.3 | U44: 110.9 | V44: 117.5 | W44: 114 | X44: 100 | Y44: =T44-X44 -> 12.3 | AA44: 2012 | AB44: I | AC44: 93.5
F45: II | G45: 101.1 | H45: 100 | I45: =G45-H45 -> 1.1 | M45: II | N45: 104.9 | S45: F | T45: 110.9 | U45: 106.4 | V45: 113.5 | W45: 109.7 | X45: 100 | Y45: =T45-X45 -> 10.9 | AB45: II | AC45: 96
F46: III | G46: 101.2 | H46: 100 | I46: =G46-H46 -> 1.2 | M46: III | N46: 105 | S46: M | T46: 115 | U46: 107.2 | V46: 119.7 | W46: 113.3 | X46: 100 | Y46: =T46-X46 -> 15 | AB46: III | AC46: 98.5
F47: IV | G47: 100.5 | H47: 100 | I47: =G47-H47 -> 0.5 | M47: IV | N47: 104.3 | S47: Á | T47: 102.4 | U47: 101 | V47: 105.3 | W47: 103.2 | X47: 100 | Y47: =T47-X47 -> 2.4 | AB47: IV | AC47: 92.1
E48: 2005 | F48: I | G48: 101.3 | H48: 100 | I48: =G48-H48 -> 1.3 | L48: 2005 | M48: I | N48: 104.1 | S48: Mj | T48: 110.9 | U48: 103.8 | V48: 116.5 | W48: 110.3 | X48: 100 | Y48: =T48-X48 -> 10.9 | AA48: 2013 | AB48: I | AC48: 93.452002
F49: II | G49: 101.6 | H49: 100 | I49: =G49-H49 -> 1.6 | M49: II | N49: 104.6 | S49: Jú | T49: 109.2 | U49: 103.8 | V49: 110.4 | W49: 107.3 | X49: 100 | Y49: =T49-X49 -> 9.2 | AB49: II | AC49: 100.9373
F50: III | G50: 100.8 | H50: 100 | I50: =G50-H50 -> 0.8 | M50: III | N50: 104.2 | S50: Jl | T50: 112.4 | U50: 107.8 | V50: 113.7 | W50: 110.8 | X50: 100 | Y50: =T50-X50 -> 12.4 | AB50: III | AC50: 107.73158
F51: IV | G51: 101.2 | H51: 100 | I51: =G51-H51 -> 1.2 | M51: IV | N51: 104.9 | S51: A | T51: 108.8 | U51: 102.5 | V51: 112.9 | W51: 107.6 | X51: 100 | Y51: =T51-X51 -> 8.8 | AB51: IV | AC51: 116.91667
E52: 2006 | F52: I | G52: 100.8 | H52: 100 | I52: =G52-H52 -> 0.8 | L52: 2006 | M52: I | N52: 104.4 | S52: Sz | T52: 108.5 | U52: 102.8 | V52: 112.4 | W52: 107.9 | X52: 100 | Y52: =T52-X52 -> 8.5 | AA52: 2014 | AB52: I | AC52: 123.2934
F53: II | G53: 101.3 | H53: 100 | I53: =G53-H53 -> 1.3 | M53: II | N53: 104.1 | S53: O | T53: 110 | U53: 104.4 | V53: 115.9 | W53: 110.1 | X53: 100 | Y53: =T53-X53 -> 10 | AB53: II | AC53: 129.33183
F54: III | G54: 100.6 | H54: 100 | I54: =G54-H54 -> 0.6 | M54: III | N54: 104 | S54: N | T54: 110.8 | U54: 96.4 | V54: 118 | W54: 106.4 | X54: 100 | Y54: =T54-X54 -> 10.8 | AB54: III | AC54: 117.6801
F55: IV | G55: 100.9 | H55: 100 | I55: =G55-H55 -> 0.9 | M55: IV | N55: 103.6 | S55: D | T55: 108 | U55: 91.2 | V55: 116.2 | W55: 101.5 | X55: 100 | Y55: =T55-X55 -> 8 | AB55: IV | AC55: 113.61427
E56: 2007 | F56: I | G56: 99 | H56: 100 | I56: =G56-H56 -> -1 | L56: 2007 | M56: I | N56: 101.7 | R56: 2007 | S56: J | T56: 111.9 | U56: 99.1 | V56: 118.5 | W56: 107.9 | X56: 100 | Y56: =T56-X56 -> 11.9 | AA56: 2015 | AB56: I | AC56: 102.75764
F57: II | G57: 99.9 | H57: 100 | I57: =G57-H57 -> -0.1 | M57: II | N57: 100.3 | S57: F | T57: 111 | U57: 96.2 | V57: 122.2 | W57: 108.1 | X57: 100 | Y57: =T57-X57 -> 11 | AB57: II | AC57: 111.71494
F58: III | G58: 100.5 | H58: 100 | I58: =G58-H58 -> 0.5 | M58: III | N58: 100.2 | S58: M | T58: 104.8 | U58: 93 | V58: 111.8 | W58: 102.1 | X58: 100 | Y58: =T58-X58 -> 4.8 | AB58: III | AC58: 99.629671
F59: IV | G59: 100.3 | H59: 100 | I59: =G59-H59 -> 0.3 | M59: IV | N59: 99.7 | S59: Á | T59: 110 | U59: 98.8 | V59: 112 | W59: 105.4 | X59: 100 | Y59: =T59-X59 -> 10 | AB59: IV | AC59: 115.27664
E60: 2008 | F60: I | G60: 100.7 | H60: 100 | I60: =G60-H60 -> 0.7 | L60: 2008 | M60: I | N60: 101.4 | S60: Mj | T60: 102.8 | U60: 97.8 | V60: 110.1 | W60: 104.1 | X60: 100 | Y60: =T60-X60 -> 2.8 | AA60: 2016 | AB60: I | AC60: 93.343892
F61: II | G61: 100.5 | H61: 100 | I61: =G61-H61 -> 0.5 | M61: II | N61: 102.1 | S61: Jú | T61: 107.6 | U61: 101.3 | V61: 113.9 | W61: 107.8 | X61: 100 | Y61: =T61-X61 -> 7.6 | AB61: II | AC61: 86.062645
F62: III | G62: 99.8 | H62: 100 | I62: =G62-H62 -> -0.2 | M62: III | N62: 101.4 | S62: Jl | T62: 111.2 | U62: 101.3 | V62: 122.8 | W62: 111.8 | X62: 100 | Y62: =T62-X62 -> 11.2 | AB62: III | AC62: 98.240319
F63: IV | G63: 96.7 | H63: 100 | I63: =G63-H63 -> -3.3 | M63: IV | N63: 97.7 | S63: A | T63: 109.8 | U63: 103.3 | V63: 118.9 | W63: 110.8 | X63: 100 | Y63: =T63-X63 -> 9.8 | AB63: IV | AC63: 82.801585
E64: 2009 | F64: I | G64: 95.9 | H64: 100 | I64: =G64-H64 -> -4.1 | L64: 2009 | M64: I | N64: 93.1 | S64: Sz | T64: 106.4 | U64: 103 | V64: 114.4 | W64: 109 | X64: 100 | Y64: =T64-X64 -> 6.4 | AA64: 2017 | AB64: I | AC64: 129.06752
F65: II | G65: 99.8 | H65: 100 | I65: =G65-H65 -> -0.2 | M65: II | N65: 92.4 | S65: O | T65: 108.7 | U65: 106.3 | V65: 119.1 | W65: 112.7 | X65: 100 | Y65: =T65-X65 -> 8.7 | AB65: II | AC65: 122.16502
F66: III | G66: 100 | H66: 100 | I66: =G66-H66 -> 0 | M66: III | N66: 92.5 | S66: N | T66: 105.5 | U66: 105.4 | V66: 112 | W66: 108.7 | X66: 100 | Y66: =T66-X66 -> 5.5 | AB66: III | AC66: 118.79222
F67: IV | G67: 100 | H67: 100 | I67: =G67-H67 -> 0 | M67: IV | N67: 95.8 | S67: D | T67: 106.8 | U67: 112.7 | V67: 112.4 | W67: 112.6 | X67: 100 | Y67: =T67-X67 -> 6.8 | AB67: IV | AC67: 124.78459
E68: 2010 | F68: I | G68: 99.8 | H68: 100 | I68: =G68-H68 -> -0.2 | L68: 2010 | M68: I | N68: 99.6 | R68: 2008 | S68: J | T68: 107.1 | U68: 101.8 | V68: 111.9 | W68: 106.6 | X68: 100 | Y68: =T68-X68 -> 7.1 | AA68: 2018 | AB68: I | AC68: 110.76836
F69: II | G69: 100.6 | H69: 100 | I69: =G69-H69 -> 0.6 | M69: II | N69: 100.5 | S69: F | T69: 114 | U69: 108.2 | V69: 114.9 | W69: 111.5 | X69: 100 | Y69: =T69-X69 -> 14 | AB69: II | AC69: 115.27822
F70: III | G70: 100.6 | H70: 100 | I70: =G70-H70 -> 0.6 | M70: III | N70: 101.1 | S70: M | T70: 103.2 | U70: 103.5 | V70: 103.3 | W70: 103.4 | X70: 100 | Y70: =T70-X70 -> 3.2
F71: IV | G71: 100.1 | H71: 100 | I71: =G71-H71 -> 0.1 | M71: IV | N71: 101.2 | S71: Á | T71: 112.6 | U71: 112.9 | V71: 118.2 | W71: 115.6 | X71: 100 | Y71: =T71-X71 -> 12.6
E72: 2011 | F72: I | G72: 100.8 | H72: 100 | I72: =G72-H72 -> 0.8 | L72: 2011 | M72: I | N72: 102.1 | S72: Mj | T72: 104 | U72: 104.2 | V72: 102.9 | W72: 103.5 | X72: 100 | Y72: =T72-X72 -> 4
F73: II | G73: 100 | H73: 100 | I73: =G73-H73 -> 0 | M73: II | N73: 101.5 | S73: Jú | T73: 100.8 | U73: 99.2 | V73: 101.2 | W73: 100.3 | X73: 100 | Y73: =T73-X73 -> 0.8
F74: III | G74: 100.3 | H74: 100 | I74: =G74-H74 -> 0.3 | M74: III | N74: 101.2 | S74: Jl | T74: 101.2 | U74: 101.9 | V74: 100.9 | W74: 101.4 | X74: 100 | Y74: =T74-X74 -> 1.2
F75: IV | G75: 100.8 | H75: 100 | I75: =G75-H75 -> 0.8 | M75: IV | N75: 101.9 | S75: A | T75: 95 | U75: 95.4 | V75: 93 | W75: 94.3 | X75: 100 | Y75: =T75-X75 -> -5
E76: 2012 | F76: I | G76: 97.8 | H76: 100 | I76: =G76-H76 -> -2.2 | L76: 2012 | M76: I | N76: 98.9 | S76: Sz | T76: 101.3 | U76: 102.8 | V76: 100.4 | W76: 101.6 | X76: 100 | Y76: =T76-X76 -> 1.3
F77: II | G77: 99.7 | H77: 100 | I77: =G77-H77 -> -0.3 | M77: II | N77: 98.6 | S77: O | T77: 94.5 | U77: 94.3 | V77: 92.9 | W77: 93.6 | X77: 100 | Y77: =T77-X77 -> -5.5
F78: III | G78: 100.4 | H78: 100 | I78: =G78-H78 -> 0.4 | M78: III | N78: 98.7 | S78: N | T78: 89.4 | U78: 89.2 | V78: 87.5 | W78: 88.4 | X78: 100 | Y78: =T78-X78 -> -10.6
F79: IV | G79: 99.8 | H79: 100 | I79: =G79-H79 -> -0.2 | M79: IV | N79: 97.7 | S79: D | T79: 80.7 | U79: 88.3 | V79: 79.2 | W79: 84.4 | X79: 100 | Y79: =T79-X79 -> -19.3
E80: 2013 | F80: I | G80: 100.7 | H80: 100 | I80: =G80-H80 -> 0.7 | L80: 2013 | M80: I | N80: 100.5 | R80: 2009 | S80: J | T80: 77.383785 | U80: 96.390396 | V80: 70.461926 | W80: 83.400817 | X80: 100 | Y80: =T80-X80 -> -22.616215
F81: II | G81: 100.9 | H81: 100 | I81: =G81-H81 -> 0.9 | M81: II | N81: 101.7 | S81: F | T81: 71.014048 | U81: 88.829915 | V81: 68.724297 | W81: 78.321596 | X81: 100 | Y81: =T81-X81 -> -28.985952
F82: III | G82: 101.3 | H82: 100 | I82: =G82-H82 -> 1.3 | M82: III | N82: 102.6 | S82: M | T82: 84.161491 | U82: 92.526857 | V82: 81.7771 | W82: 86.841682 | X82: 100 | Y82: =T82-X82 -> -15.838509
F83: IV | G83: 101.1 | H83: 100 | I83: =G83-H83 -> 1.1 | M83: IV | N83: 103.9 | S83: Á | T83: 72.796738 | U83: 79.064297 | V83: 69.081962 | W83: 73.668443 | X83: 100 | Y83: =T83-X83 -> -27.203262
E84: 2014 | F84: I | G84: 100.9 | H84: 100 | I84: =G84-H84 -> 0.9 | L84: 2014 | M84: I | N84: 104.2 | S84: Mj | T84: 77.767879 | U84: 81.039432 | V84: 75.451604 | W84: 78.079541 | X84: 100 | Y84: =T84-X84 -> -22.232121
F85: II | G85: 101.2 | H85: 100 | I85: =G85-H85 -> 1.2 | M85: II | N85: 104.5 | S85: Jú | T85: 81.180096 | U85: 87.057494 | V85: 78.716837 | W85: 82.578914 | X85: 100 | Y85: =T85-X85 -> -18.819904
F86: III | G86: 100.9 | H86: 100 | I86: =G86-H86 -> 0.9 | M86: III | N86: 104.1 | S86: Jl | T86: 80.606828 | U86: 83.990327 | V86: 80.534715 | W86: 82.176575 | X86: 100 | Y86: =T86-X86 -> -19.393172
F87: IV | G87: 100.6 | H87: 100 | I87: =G87-H87 -> 0.6 | M87: IV | N87: 103.6 | S87: A | T87: 80.267958 | U87: 84.417701 | V87: 82.650052 | W87: 83.533307 | X87: 100 | Y87: =T87-X87 -> -19.732042
E88: 2015 | F88: I | G88: 101.5 | H88: 100 | I88: =G88-H88 -> 1.5 | L88: 2015 | M88: I | N88: 104.3 | S88: Sz | T88: 85.338791 | U88: 83.381732 | V88: 86.90889 | W88: 85.267888 | X88: 100 | Y88: =T88-X88 -> -14.661209
F89: II | G89: 100.2 | H89: 100 | I89: =G89-H89 -> 0.2 | M89: II | N89: 103.2 | S89: O | T89: 86.918522 | U89: 88.3281 | V89: 88.525149 | W89: 88.428459 | X89: 100 | Y89: =T89-X89 -> -13.081478
F90: III | G90: 100.7 | H90: 100 | I90: =G90-H90 -> 0.7 | M90: III | N90: 103 | S90: N | T90: 93.03663 | U90: 91.471327 | V90: 95.346361 | W90: 93.368447 | X90: 100 | Y90: =T90-X90 -> -6.9633701
F91: IV | G91: 101 | H91: 100 | I91: =G91-H91 -> 1 | M91: IV | N91: 103.4 | S91: D | T91: 101.43529 | U91: 90.403498 | V91: 105.80103 | W91: 96.728014 | X91: 100 | Y91: =T91-X91 -> 1.4352909
E92: 2016 | F92: I | G92: 99.6 | H92: 100 | I92: =G92-H92 -> -0.4 | L92: =E92 -> 2016 | M92: =F92 -> I | N92: 101.5 | R92: 2010 | S92: J | T92: 103.58619 | U92: 87.850238 | V92: 114.06206 | W92: 98.822046 | X92: 100 | Y92: =T92-X92 -> 3.5861884
F93: II | G93: 101.3 | H93: 100 | I93: =G93-H93 -> 1.3 | M93: =F93 -> II | N93: 102.6 | S93: F | T93: 108.27831 | U93: 91.517524 | V93: 115.95835 | W93: 102.45174 | X93: 100 | Y93: =T93-X93 -> 8.2783081
F94: III | G94: 100.6 | H94: 100 | I94: =G94-H94 -> 0.6 | M94: III | N94: 102.5 | S94: M | T94: 103.82779 | U94: 92.056915 | V94: 110.66343 | W94: 100.9008 | X94: 100 | Y94: =T94-X94 -> 3.8277946
F95: IV | G95: 100.8 | H95: 100 | I95: =G95-H95 -> 0.8 | M95: IV | N95: 102.2 | S95: Á | T95: 110.11616 | U95: 98.029164 | V95: 120.32489 | W95: 108.79568 | X95: 100 | Y95: =T95-X95 -> 10.116163
E96: 2017 | F96: I | G96: 101.4 | H96: 100 | I96: =G96-H96 -> 1.4 | L96: 2017 | M96: I | N96: 104.1 | S96: Mj | T96: 114.5586 | U96: 104.0212 | V96: 119.95651 | W96: 112.06314 | X96: 100 | Y96: =T96-X96 -> 14.5586
F97: II | G97: 101.1 | H97: 100 | I97: =G97-H97 -> 1.1 | M97: II | N97: 104 | S97: Jú | T97: 115.70009 | U97: 98.650525 | V97: 122.8913 | W97: 110.94105 | X97: 100 | Y97: =T97-X97 -> 15.700089
F98: III | G98: 101.1 | H98: 100 | I98: =G98-H98 -> 1.1 | M98: III | N98: 104.4 | S98: Jl | T98: 109.79237 | U98: 102.87497 | V98: 112.42332 | W98: 107.78516 | X98: 100 | Y98: =T98-X98 -> 9.7923695
F99: IV | G99: 101.3 | H99: 100 | I99: =G99-H99 -> 1.3 | M99: IV | N99: 105 | S99: A | T99: 118.21365 | U99: 105.52775 | V99: 123.40821 | W99: 114.36189 | X99: 100 | Y99: =T99-X99 -> 18.213655
E100: 2018 | F100: I | G100: 101.2 | H100: 100 | I100: =G100-H100 -> 1.2 | L100: 2018 | M100: I | N100: 104.8 | S100: Sz | T100: 111.15996 | U100: 103.84246 | V100: 113.26274 | W100: 108.92707 | X100: 100 | Y100: =T100-X100 -> 11.159963
F101: II | G101: 101 | H101: 100 | I101: =G101-H101 -> 1 | M101: II | N101: 104.7 | S101: O | T101: 108.69672 | U101: 92.433067 | V101: 115.17131 | W101: 103.71744 | X101: 100 | Y101: =T101-X101 -> 8.6967241
S102: N | T102: 114.97635 | U102: 95.367476 | V102: 121.95064 | W102: 108.28291 | X102: 100 | Y102: =T102-X102 -> 14.976345
S103: D | T103: 107.74949 | U103: 97.460988 | V103: 113.52772 | W103: 104.45935 | X103: 100 | Y103: =T103-X103 -> 7.7494894
...

Sheet unit_l_cost
B2: Forrás: Eurostat
B3: http://ec.europa.eu/eurostat/data/database | K3: EU-28 | L3: Cseh Köztársaság | M3: Magyarország | N3: Ausztria | O3: Lengyelország | P3: Szlovénia | Q3: Szlovákia | R3: Németország
B4: Labour productivity and unit labour costs [namq_10_lp_ulc] | I4: 2000 | J4: I | K4: 84.4 | L4: 75.7 | M4: 60.4 | N4: 89.2 | O4: 86.9 | P4: 64.3 | Q4: 70.8 | R4: 89.6
J5: II | K5: 87.4 | L5: 77.1 | M5: 62.4 | N5: 90.9 | O5: 92.1 | P5: 67.9 | Q5: 69.7 | R5: 92.5
B6: Last update | C6: 43413.859 | J6: III | K6: 87.2 | L6: 75.6 | M6: 62.4 | N6: 87.2 | O6: 90.9 | P6: 69.6 | Q6: 74.7 | R6: 93.8
B7: Extracted on | C7: 43415.524 | J7: IV | K7: 91 | L7: 83.3 | M7: 66.9 | N7: 87.4 | O7: 81 | P7: 69.2 | Q7: 86.2 | R7: 104.9
B8: Source of data | C8: Eurostat | I8: 2001 | J8: I | K8: 86.1 | L8: 79.5 | M8: 68 | N8: 88.9 | O8: 93.2 | P8: 72.1 | Q8: 73.9 | R8: 89.4
J9: II | K9: 89.7 | L9: 82.1 | M9: 69.5 | N9: 91.6 | O9: 96.9 | P9: 75.5 | Q9: 73 | R9: 92.7
B10: UNIT | C10: Index, 2010=100 | J10: III | K10: 88.7 | L10: 80.8 | M10: 68.8 | N10: 88.2 | O10: 95.1 | P10: 76.1 | Q10: 76.9 | R10: 93.3
B11: S_ADJ | C11: Unadjusted data (i.e. neither seasonally adjusted nor calendar adjusted data) | J11: IV | K11: 92.5 | L11: 87 | M11: 74.6 | N11: 88.5 | O11: 87.1 | P11: 73.7 | Q11: 85.9 | R11: 104.4
B12: NA_ITEM | C12: Nominal unit labour cost based on hours worked | I12: 2002 | J12: I | K12: 89.3 | L12: 85.6 | M12: 74.1 | N12: 89.4 | O12: 93.7 | P12: 75.8 | Q12: 77.7 | R12: 91.1
J13: II | K13: 90.8 | L13: 88.4 | M13: 72.7 | N13: 92.2 | O13: 93.4 | P13: 79.1 | Q13: 78 | R13: 93.2
J14: III | K14: 89.7 | L14: 85.3 | M14: 72.2 | N14: 88.5 | O14: 93.8 | P14: 79.7 | Q14: 77.3 | R14: 93.2
J15: IV | K15: 93.6 | L15: 93.6 | M15: 79.7 | N15: 88.9 | O15: 83.4 | P15: 77.4 | Q15: 91.1 | R15: 104.8
I16: 2003 | J16: I | K16: 89 | L16: 89.5 | M16: 81 | N16: 90.9 | O16: 90.2 | P16: 79.2 | Q16: 79.9 | R16: 92.2
J17: II | K17: 90.8 | L17: 91.1 | M17: 78.4 | N17: 93.2 | O17: 90.7 | P17: 82.6 | Q17: 80.6 | R17: 94.7
J18: III | K18: 90 | L18: 88.1 | M18: 78.4 | N18: 89.5 | O18: 89.3 | P18: 82.2 | Q18: 81.1 | R18: 94.5
J19: IV | K19: 93.5 | L19: 96.2 | M19: 84.7 | N19: 90.3 | O19: 83.9 | P19: 79.9 | Q19: 94.4 | R19: 105.3
I20: 2004 | J20: I | K20: 89.7 | L20: 93.1 | M20: 83.6 | N20: 91.1 | O20: 87 | P20: 80.3 | Q20: 83 | R20: 91.6
J21: II | K21: 92.3 | L21: 91.2 | M21: 84.9 | N21: 93.2 | O21: 88.4 | P21: 84.5 | Q21: 83.4 | R21: 94.3
J22: III | K22: 91.3 | L22: 91.8 | M22: 83.9 | N22: 88.9 | O22: 90.1 | P22: 83.6 | Q22: 80.2 | R22: 94.1
J23: IV | K23: 94.7 | L23: 96.4 | M23: 85.3 | N23: 89.7 | O23: 83 | P23: 83.4 | Q23: 98.1 | R23: 104.9
I24: 2005 | J24: I | K24: 91.6 | L24: 92.5 | M24: 88.9 | N24: 92 | O24: 85.2 | P24: 83.3 | Q24: 89.7 | R24: 92.6
J25: II | K25: 93 | L25: 90.4 | M25: 85.6 | N25: 92.7 | O25: 89.8 | P25: 84.9 | Q25: 83.5 | R25: 93.8
J26: III | K26: 92 | L26: 91.2 | M26: 83 | N26: 89.5 | O26: 91.7 | P26: 84.1 | Q26: 81.9 | R26: 92.9
J27: IV | K27: 96.6 | L27: 95 | M27: 89.1 | N27: 90 | O27: 84.2 | P27: 84.3 | Q27: 102.1 | R27: 103.9
I28: 2006 | J28: I | K28: 92.1 | L28: 91.7 | M28: 88.7 | N28: 92 | O28: 86 | P28: 83.8 | Q28: 90.8 | R28: 89.2
J29: II | K29: 94.6 | L29: 91.1 | M29: 86.5 | N29: 94.8 | O29: 90.4 | P29: 85.9 | Q29: 86.1 | R29: 92.1
J30: III | K30: 93.1 | L30: 91.5 | M30: 86 | N30: 91 | O30: 89 | P30: 84.3 | Q30: 85 | R30: 91.6
J31: IV | K31: 98.3 | L31: 95.9 | M31: 91.3 | N31: 91 | O31: 83.1 | P31: 85.8 | Q31: 101.8 | R31: 101
I32: 2007 | J32: I | K32: 94.4 | L32: 94.7 | M32: 94.5 | N32: 92.3 | O32: 88.7 | P32: 84.9 | Q32: 92.2 | R32: 87.7
J33: II | K33: 96.8 | L33: 93 | M33: 91.7 | N33: 94.8 | O33: 93.2 | P33: 88.1 | Q33: 87.1 | R33: 91.6
J34: III | K34: 95.1 | L34: 93 | M34: 90.7 | N34: 91.9 | O34: 93.9 | P34: 85.5 | Q34: 85.2 | R34: 90.5
J35: IV | K35: 99.2 | L35: 96.8 | M35: 93.1 | N35: 92.1 | O35: 83.9 | P35: 89.8 | Q35: 101.3 | R35: 101.1
I36: 2008 | J36: I | K36: 95.5 | L36: 100.6 | M36: 97.6 | N36: 94.1 | O36: 93.2 | P36: 89 | Q36: 94.9 | R36: 88.7
J37: II | K37: 96.8 | L37: 96 | M37: 96 | N37: 97.3 | O37: 99 | P37: 91.9 | Q37: 92.7 | R37: 92.5
J38: III | K38: 95.6 | L38: 94.2 | M38: 92.5 | N38: 94.3 | O38: 101.2 | P38: 92.5 | Q38: 89.9 | R38: 92.4
J39: IV | K39: 101.2 | L39: 101.3 | M39: 99.5 | N39: 96.6 | O39: 94.7 | P39: 98.6 | Q39: 103.6 | R39: 106.7
I40: 2009 | J40: I | K40: 96.9 | L40: 103.1 | M40: 104.4 | N40: 101.1 | O40: 98.2 | P40: 99.7 | Q40: 104.5 | R40: 97
J41: II | K41: 100.1 | L41: 98.8 | M41: 99.9 | N41: 104.4 | O41: 100.3 | P41: 102.2 | Q41: 99.7 | R41: 100.8
J42: III | K42: 97.3 | L42: 96.2 | M42: 93.9 | N42: 98.5 | O42: 102.4 | P42: 98.6 | Q42: 94 | R42: 98.6
J43: IV | K43: 101.9 | L43: 102.1 | M43: 98.4 | N43: 97.6 | O43: 91.2 | P43: 100.7 | Q43: 108.5 | R43: 109.7
I44: 2010 | J44: I | K44: 98.4 | L44: 100.5 | M44: 105.2 | N44: 101.4 | O44: 100 | P44: 100.1 | Q44: 99.4 | R44: 96
J45: II | K45: 100.8 | L45: 97.3 | M45: 98.9 | N45: 103.1 | O45: 102.5 | P45: 102.3 | Q45: 99.2 | R45: 98.7
J46: III | K46: 98 | L46: 99.2 | M46: 96.7 | N46: 97.2 | O46: 103.4 | P46: 98.9 | Q46: 94.1 | R46: 96.8
J47: IV | K47: 102.7 | L47: 102.9 | M47: 99.2 | N47: 98.2 | O47: 94.1 | P47: 98.7 | Q47: 107.4 | R47: 108.4
I48: 2011 | J48: I | K48: 98.7 | L48: 100.7 | M48: 104 | N48: 99.6 | O48: 100.8 | P48: 97.8 | Q48: 101.2 | R48: 94.4
J49: II | K49: 100.7 | L49: 98.1 | M49: 101.7 | N49: 103.7 | O49: 103.4 | P49: 100.7 | Q49: 99.4 | R49: 99.8
J50: III | K50: 97.5 | L50: 99.8 | M50: 99.1 | N50: 99.6 | O50: 105.2 | P50: 96.8 | Q50: 96.2 | R50: 97.5
J51: IV | K51: 103.7 | L51: 103.3 | M51: 101.4 | N51: 100.9 | O51: 94.6 | P51: 101 | Q51: 106.8 | R51: 110.5
I52: 2012 | J52: I | K52: 100 | L52: 103.4 | M52: 105.8 | N52: 101.7 | O52: 102.6 | P52: 98.4 | Q52: 101.8 | R52: 96.3
J53: II | K53: 103.6 | L53: 100.5 | M53: 106.1 | N53: 107.1 | O53: 104.6 | P53: 102.5 | Q53: 100.4 | R53: 102.9
J54: III | K54: 101.5 | L54: 101 | M54: 102.8 | N54: 102.4 | O54: 107.9 | P54: 97.5 | Q54: 96.4 | R54: 101
J55: IV | K55: 106.5 | L55: 104.9 | M55: 105.6 | N55: 103.1 | O55: 97.8 | P55: 101.8 | Q55: 108.7 | R55: 114
I56: 2013 | J56: I | K56: 102 | L56: 104.4 | M56: 108.1 | N56: 105 | O56: 105.1 | P56: 100.7 | Q56: 104.9 | R56: 100
J57: II | K57: 104.1 | L57: 101.1 | M57: 107.8 | N57: 110.2 | O57: 106.3 | P57: 102.7 | Q57: 99.8 | R57: 104.4
J58: III | K58: 100.6 | L58: 101.3 | M58: 102.7 | N58: 104.4 | O58: 109 | P58: 98.1 | Q58: 95.6 | R58: 101.9
J59: IV | K59: 106.2 | L59: 103.4 | M59: 105.1 | N59: 104.3 | O59: 94.4 | P59: 100.4 | Q59: 108 | R59: 115.1
I60: 2014 | J60: I | K60: 102.5 | L60: 105.8 | M60: 109 | N60: 107 | O60: 105.9 | P60: 100.2 | Q60: 104 | R60: 100.3
J61: II | K61: 104.8 | L61: 101.5 | M61: 108.5 | N61: 112.1 | O61: 106.5 | P61: 100.1 | Q61: 102.1 | R61: 106.1
J62: III | K62: 102 | L62: 100 | M62: 104.2 | N62: 106.4 | O62: 109 | P62: 97.2 | Q62: 95.7 | R62: 103.6
J63: IV | K63: 107.4 | L63: 104.9 | M63: 106.8 | N63: 106.3 | O63: 96.1 | P63: 100.4 | Q63: 108.1 | R63: 116.3
I64: 2015 | J64: I | K64: 104.2 | L64: 104.9 | M64: 106.6 | N64: 108.8 | O64: 105 | P64: 99.9 | Q64: 105.2 | R64: 101.9
J65: II | K65: 107.2 | L65: 100.8 | M65: 105.8 | N65: 113.7 | O65: 105.5 | P65: 100.8 | Q65: 102.6 | R65: 107.8
J66: III | K66: 104.1 | L66: 99.1 | M66: 100.6 | N66: 108 | O66: 109.1 | P66: 96.7 | Q66: 96.7 | R66: 105.4
J67: IV | K67: 109 | L67: 104.5 | M67: 104.3 | N67: 108.6 | O67: 95.5 | P67: 100.6 | Q67: 110.3 | R67: 118.5
I68: 2016 | J68: I | K68: 104.2 | L68: 106.5 | M68: 113.6 | N68: 110.4 | O68: 108 | P68: 102.3 | Q68: 106.6 | R68: 103.6
J69: II | K69: 105.6 | L69: 102.1 | M69: 109.2 | N69: 115 | O69: 108.1 | P69: 103.6 | Q69: 102.6 | R69: 107.7
J70: III | K70: 102.1 | L70: 103.6 | M70: 105.6 | N70: 110.4 | O70: 111.9 | P70: 98.6 | Q70: 98.9 | R70: 106.7
J71: IV | K71: 106.9 | L71: 109.2 | M71: 110.7 | N71: 110.3 | O71: 98.1 | P71: 102.3 | Q71: 113.3 | R71: 120.9
I72: 2017 | J72: I | K72: 102.8 | L72: 109.8 | M72: 116.4 | N72: 110.8 | O72: 108.8 | P72: 102.2 | Q72: 109.2 | R72: 104.3
J73: II | K73: 105.8 | L73: 107.2 | M73: 115.4 | N73: 116.1 | O73: 109.1 | P73: 105.4 | Q73: 106.2 | R73: 110.5
J74: III | K74: 102.3 | L74: 106.9 | M74: 111.5 | N74: 110.6 | O74: 113 | P74: 100.6 | Q74: 103.3 | R74: 108.6
J75: IV | K75: 108.1 | L75: 113.3 | M75: 115.1 | N75: 111.3 | O75: 100.3 | P75: 103.1 | Q75: 116.1 | R75: 122.3
I76: 2018 | J76: I | K76: 104.3 | L76: 117.5 | M76: 128.6 | N76: 111 | O76: 110.9 | P76: 104.3 | Q76: 114.8 | R76: 106.8
J77: II | K77: 107.2 | L77: 114.6 | M77: 123.5 | N77: 118 | O77: 113.7 | P77: 108.8 | Q77: 110.4 | R77: 112.4
